Workbook

Sheet PA 2022
B1: PLAN DE ACCIÓN - PLAN DE DESARROLLO MUNICIPAL INSTITUTO MUNICIPAL DE EMPLEO Y FOMENTO EMPRESARIAL DE BUCARAMANGA - IMEBU | AC1: Código: F-DPM-1210-238,37-030
AC2: Versión: 1.0
AC3: Fecha aprobación: Marzo-24-2021
AC4: Página: 1 de 1
A5: FECHA DE SUSCRIPCIÓN: | D5: 44595
A6: FECHA DE CORTE: | D6: 44865
B7: PDM 2020-2023 | G7: PROYECTOS DE INVERSIÓN | L7: CUMPLIMIENTO DE META | O7: RECURSOS PROGRAMADOS | V7: RECURSOS EJECUTADOS | AB7: EJECUCIÓN PPTAL | AC7: RECURSOS GESTIONADOS | AD7: RESPONSABLES
A8: No. | B8: Línea estratégica | C8: Componente | D8: Programa | E8: Meta PDM | F8: Indicador de producto | G8: Código BPIN | H8: Nombre del Proyecto | I8: Actividades | J8: Fecha inicio | K8: Fecha de terminación | L8: Meta programada | M8: Meta ejecutada | N8: AVANCE | O8: Rubro | P8: RECURSOS PROPIOS MUNICIPIO | Q8: SGP | R8: SGR | S8: RECURSOS PROPIOS INSTITUTOS | T8: OTROS | U8: TOTAL PROGRAMADO | V8: RECURSOS PROPIOS MUNICIPIO | W8: SGP | X8: SGR | Y8: RECURSOS PROPIOS INSTITUTOS | Z8: OTROS | AA8: TOTAL EJECUTADO | AD8: Dependencia | AE8: Responsable
A9: 180 | B9: BUCARAMANGA PRODUCTIVA Y COMPETITIVA: EMPRESAS INNOVADORAS, RESPONSABLES Y CONSCIENTES | C9: Emprendimiento, Innovación, Formalización Y Dinamización Empresarial | D9: Emprendimiento E Innovación | E9: Fortalecer a 5.000 empresas, emprendimientos y/o unidades productivas, a través de la implementación de un programa de incubación y aceleración de emprendimientos innovadores articulados con el ecosistema de emprendimiento, que caracterice las capacidades tecnológicas instaladas (duras y blandas) con enfoque diferencial. | F9: Número de empresas, emprendimientos y/o unidades productivas fortalecidas a través de la implementación de un programa de incubación y aceleración de emprendimientos innovadores articulados con el ecosistema de emprendimiento, que caracterice las capacidades tecnológicas instaladas (duras y blandas) con enfoque diferencial. | G9: 2020680010157 | H9: FORTALECIMIENTO DEL COWORKING COMO ESTRATEGIA PARA EL EMPRENDIMIENTO, INNOVACIÓN, DINAMIZACIÓN Y ACELERACIÓN EMPRESARIAL EN EL MUNICIPIO DE BUCARAMANGA | I9: Asesorar técnicamente a emprendedores y/o empresarios en etapa de aceleración en programas de formación empresarial. Realizar adecuaciones en espacio para prestación de servicios de consultoria a emprendedores y/o empresarios en etapa de aceleración y Coworking. | J9: 44566 | K9: 44926 | L9: 800 | M9: =+SUM('Resultado por Estrategias '!C3:C8) -> 1146 | N9: =IF(M9/L9>100%,100%,M9/L9) -> 1 | O9: 2.3.2.02.02.007 2.3.2.02.02.009 | P9: =+Gastos_Octubre!M78 -> 1073333488 | U9: =+SUM(P9:T9) -> 1073333488 | V9: =+Gastos_Octubre!U78 -> 928600172 | AA9: =SUM(V9:Z9) -> 928600172 | AB9: =IFERROR(AA9/U9,"-") -> 0.86515532 | AC9: =+'Recursos Gestionados'!G2+'Recursos Gestionados'!G3 -> 367129521 | AD9: IMEBU | AE9: Luis Gonzalo Gómez Guerrero
A10: 182 | B10: BUCARAMANGA PRODUCTIVA Y COMPETITIVA: EMPRESAS INNOVADORAS, RESPONSABLES Y CONSCIENTES | C10: Emprendimiento, Innovación, Formalización Y Dinamización Empresarial | D10: Centros De Desarrollo Empresarial | E10: Implementar 1 programa de desarrollo empresarial y de empleabilidad para las micro y pequeñas empresas (incluyendo unidades productivas). | F10: Número de programas de desarrollo empresariales y de empleabilidad implementados para las micro y pequeñas empresas (incluyendo unidades productivas). | G10: 2020680010074 | H10: FORTALECIMIENTO DEL CENTRO DE DESARROLLO EMPRESARIAL Y DE EMPLEABILIDAD EN EL MUNICIPIO DE BUCARAMANGA | I10: Asesorar a emprendedores y empresarios en programas de formación empresarial (Modelo de Negocios y diseño Planes de Mejora). Implementar Estrategia comunitaria para el emprendimiento y el desarrollo empresarial. Formulación de la estrategia de reactivación y sostenimiento de la economía. Brindar acompañamiento a los proyectos productivos de la población victima. | J10: 44566 | K10: 44926 | L10: 1 | M10: 1 | N10: =IF(M10/L10>100%,100%,M10/L10) -> 1 | O10: 2.3.2.02.02.006 2.3.2.02.02.007 2.3.2.02.02.009 | P10: =+'Calculos CDE'!E4 -> 707809454 | U10: =+SUM(P10:T10) -> 707809454 | V10: =+'Calculos CDE'!E4 -> 707809454 | AA10: =SUM(V10:Z10) -> 707809454 | AB10: =IFERROR(AA10/U10,"-") -> 1 | AC10: =+'Recursos Gestionados'!G4+'Recursos Gestionados'!G5 -> 306281194 | AD10: IMEBU | AE10: Luis Gonzalo Gómez Guerrero
A11: 183 | B11: BUCARAMANGA PRODUCTIVA Y COMPETITIVA: EMPRESAS INNOVADORAS, RESPONSABLES Y CONSCIENTES | C11: Emprendimiento, Innovación, Formalización Y Dinamización Empresarial | D11: Centros De Desarrollo Empresarial | E11: Desarrollar el modelo CDE virtual para que amplíen la cobertura en la ciudad. | F11: Porcentaje de avance en el desarrollo del modelo CDE virtual para que amplíen la cobertura en la ciudad. | G11: 2020680010074 | H11: FORTALECIMIENTO DEL CENTRO DE DESARROLLO EMPRESARIAL Y DE EMPLEABILIDAD EN EL MUNICIPIO DE BUCARAMANGA | I11: Asesorar a emprendedores y empresarios en programas de formación empresarial (Modelo de Negocios y diseño Planes de Mejora). Implementar Estrategia comunitaria para el emprendimiento y el desarrollo empresarial. Formulación de la estrategia de reactivació | J11: 44566 | K11: 44926 | L11: 0.35 | M11: ='Resultado por Estrategias '!C16 -> 1 | N11: =IF(M11/L11>100%,100%,M11/L11) -> 1 | O11: 2.3.2.02.02.006 2.3.2.02.02.007 2.3.2.02.02.009 | P11: =+'Calculos CDE'!E8 -> 377766666 | U11: =+SUM(P11:T11) -> 377766666 | V11: =+'Calculos CDE'!E8 -> 377766666 | AA11: =SUM(V11:Z11) -> 377766666 | AB11: =IFERROR(AA11/U11,"-") -> 1 | AD11: IMEBU | AE11: Luis Gonzalo Gómez Guerrero
A12: 184 | B12: BUCARAMANGA PRODUCTIVA Y COMPETITIVA: EMPRESAS INNOVADORAS, RESPONSABLES Y CONSCIENTES | C12: Emprendimiento, Innovación, Formalización Y Dinamización Empresarial | D12: Centros De Desarrollo Empresarial | E12: Formar a 7.000 emprendedores a través de un programa de formación teórica, empresarial y/o artesanal con enfoque diferencial para emprendimientos artísticos, culturales, creativos, negocios verdes, microempresarios y/o unidades productivas urbanas y rurales. | F12: Número de emprendedores formados a través de un programa de formación teórica, empresarial y/o artesanal con enfoque diferencial para emprendimientos artísticos, culturales, creativos, negocios verdes, microempresarios y/o unidades productivas urbanas y rurales. | G12: 2020680010074 | H12: FORTALECIMIENTO DEL CENTRO DE DESARROLLO EMPRESARIAL Y DE EMPLEABILIDAD EN EL MUNICIPIO DE BUCARAMANGA | I12: Asesorar a emprendedores y empresarios en programas de formación empresarial (Modelo de Negocios y diseño Planes de Mejora). Implementar Estrategia comunitaria para el emprendimiento y el desarrollo empresarial. Formulación de la estrategia de reactivació | J12: 44566 | K12: 44926 | L12: 2000 | M12: =+SUM('Resultado por Estrategias '!C9:C14) -> 6091 | N12: =IF(M12/L12>100%,100%,M12/L12) -> 1 | O12: 2.3.2.02.02.006 2.3.2.02.02.007 2.3.2.02.02.009 | P12: =(+Gastos_Octubre!M76-P10-P11)/2 -> 754983130 | U12: =+SUM(P12:T12) -> 754983130 | V12: =+'Calculos CDE'!E25 -> 4.6375088e+08 | AA12: =SUM(V12:Z12) -> 4.6375088e+08 | AB12: =IFERROR(AA12/U12,"-") -> 0.61425331 | AD12: IMEBU | AE12: Luis Gonzalo Gómez Guerrero
A13: 185 | B13: BUCARAMANGA PRODUCTIVA Y COMPETITIVA: EMPRESAS INNOVADORAS, RESPONSABLES Y CONSCIENTES | C13: Emprendimiento, Innovación, Formalización Y Dinamización Empresarial | D13: Centros De Desarrollo Empresarial | E13: Implementar en 4.000 mipymes planes estratégicos orientados a innovar y/o incorporación tecnológica en áreas empresariales estratégicas con apoyo de Universidades y actores económicos clave. | F13: Número de mipymes con planes estratégicos implementados orientados a innovar y/o incorporación tecnológica en áreas empresariales estratégicas con apoyo de Universidades y actores económicos clave. | G13: 2020680010074 | H13: FORTALECIMIENTO DEL CENTRO DE DESARROLLO EMPRESARIAL Y DE EMPLEABILIDAD EN EL MUNICIPIO DE BUCARAMANGA | I13: Identificar habilidades y destrezas de emprendedores, empresarios y ciudadanos para orientarlos hacia el emprendimiento o la empleabilidad. | J13: 44566 | K13: 44926 | L13: 800 | M13: =+'Resultado por Estrategias '!C15 -> 753 | N13: =IF(M13/L13>100%,100%,M13/L13) -> 0.94125 | O13: 2.3.2.02.02.006 2.3.2.02.02.007 2.3.2.02.02.009 | P13: =(+Gastos_Octubre!M76-P10-P11)/2 -> 754983130 | U13: =+SUM(P13:T13) -> 754983130 | V13: =+'Calculos CDE'!E28 -> 4.6375088e+08 | AA13: =SUM(V13:Z13) -> 4.6375088e+08 | AB13: =IFERROR(AA13/U13,"-") -> 0.61425331 | AD13: IMEBU | AE13: Luis Gonzalo Gómez Guerrero
A14: 186 | B14: BUCARAMANGA PRODUCTIVA Y COMPETITIVA: EMPRESAS INNOVADORAS, RESPONSABLES Y CONSCIENTES | C14: Emprendimiento, Innovación, Formalización Y Dinamización Empresarial | D14: Banca Ciudadana | E14: Intervenir a 4.000 empresas y/o emprendimientos mediante apalancamiento financiero orientado a realizar inversión en innovación y/o tecnología en la zona rural y urbana con enfoque diferencial. | F14: Número de empresas y/o emprendimientos intervenidos mediante apalancamiento financiero orientado a realizar inversión en innovación y/o tecnología en la zona rural y urbana con enfoque diferencial. | G14: 2020680010084 | H14: APOYO DEL FONDO DE FOMENTO Y CRÉDITO DE APOYO DEL IMEBU, PROGRAMA BANCA CIUDADANA EN EL MUNICIPIO DE BUCARAMANGA | I14: Otorgar créditos para el emprendimiento y/o fortalecimiento financiero de empresas orientados a capital de trabajo, nómina y/o activos fijos. Realizar acompañamiento técnico y visitas pos crédito a los emprendimientos y/o empresas apoyadas. | J14: 44566 | K14: 44926 | L14: 300 | M14: =+'Resultado por Estrategias '!C18 -> 1671 | N14: =IF(M14/L14>100%,100%,M14/L14) -> 1 | O14: 2.3.2.02.02.009 | P14: =+Gastos_Octubre!M77/2 -> 550000000 | U14: =+SUM(P14:T14) -> 550000000 | V14: =Gastos_Octubre!U77/2 -> 63771666 | AA14: =SUM(V14:Z14) -> 63771666 | AB14: =IFERROR(AA14/U14,"-") -> 0.11594848 | AD14: IMEBU | AE14: Luis Gonzalo Gómez Guerrero
A15: 187 | B15: BUCARAMANGA PRODUCTIVA Y COMPETITIVA: EMPRESAS INNOVADORAS, RESPONSABLES Y CONSCIENTES | C15: Emprendimiento, Innovación, Formalización Y Dinamización Empresarial | D15: Banca Ciudadana | E15: Otorgar 6.000 créditos a emprendimientos y mipymes de orientados a capital de trabajo o destinos de inversión diferente a innovación y/o tecnología en zonas urbanas y rurales. | F15: Número de créditos otorgados a emprendimientos y mipymes de orientados a capital de trabajo o destinos de inversión diferente a innovación y/o tecnología en zonas urbanas y rurales. | G15: 2020680010084 | H15: APOYO DEL FONDO DE FOMENTO Y CRÉDITO DE APOYO DEL IMEBU, PROGRAMA BANCA CIUDADANA EN EL MUNICIPIO DE BUCARAMANGA | I15: Otorgar créditos para el emprendimiento y/o fortalecimiento financiero de empresas orientadas a la innovación y/o incorporación de tecnología. | J15: 44566 | K15: 44926 | L15: 1200 | M15: =+'Resultado por Estrategias '!C19 -> 1279 | N15: =IF(M15/L15>100%,100%,M15/L15) -> 1 | O15: 2.3.2.02.02.009 | P15: =+Gastos_Octubre!M77/2 -> 550000000 | U15: =+SUM(P15:T15) -> 550000000 | V15: =Gastos_Octubre!U77/2 -> 63771666 | AA15: =SUM(V15:Z15) -> 63771666 | AB15: =IFERROR(AA15/U15,"-") -> 0.11594848 | AD15: IMEBU | AE15: Luis Gonzalo Gómez Guerrero
A16: 188 | B16: BUCARAMANGA PRODUCTIVA Y COMPETITIVA: EMPRESAS INNOVADORAS, RESPONSABLES Y CONSCIENTES | C16: Empleabilidad, Empleo Y Trabajo Decente | D16: Empleo Y Empleabilidad | E16: Registrar 5.000 hojas de vida para facilitar el proceso de inserción en el mercado laboral identificando habilidades, destrezas y que competencias para el trabajo. | F16: Número de hojas de vida registradas para facilitar el proceso de inserción en el mercado laboral identificando habilidades, destrezas y que competencias para el trabajo. | G16: 2020680010061 | H16: FORTALECIMIENTO DE LA OFICINA DE FOMENTO A LA EMPLEABILIDAD, EL EMPLEO Y EL TRABAJO DECENTE EN EL MUNICIPIO DE BUCARAMANGA | I16: Brindar formación en competencias personales y/o técnicas para el trabajo Realizar intermediación laboral entre oferentes de trabajo y buscadores de empleo. Ofrecer acompañamiento a las empresas en la estructuración y selección de perfiles adecuados a sus requerimientos. Formular la política pública de empleo y trabajo decente de la ciudad. | J16: 44566 | K16: 44926 | L16: 1300 | M16: =+'Resultado por Estrategias '!C20 -> 5600 | N16: =IF(M16/L16>100%,100%,M16/L16) -> 1 | O16: 2.3.2.02.02.009 | P16: =+Gastos_Octubre!M79/3 -> 2.7437778e+08 | U16: =SUM(P16:T16) -> 2.7437778e+08 | V16: =Gastos_Octubre!U79/3 -> 268895403 | AA16: =SUM(V16:Z16) -> 268895403 | AB16: =IFERROR(AA16/U16,"-") -> 0.98001889 | AD16: IMEBU | AE16: Luis Gonzalo Gómez Guerrero
A17: 189 | B17: BUCARAMANGA PRODUCTIVA Y COMPETITIVA: EMPRESAS INNOVADORAS, RESPONSABLES Y CONSCIENTES | C17: Empleabilidad, Empleo Y Trabajo Decente | D17: Empleo Y Empleabilidad | E17: Formar 3.000 jóvenes y adultos en competencias personales y/o técnicas para el trabajo con el fin de facilitar su inserción en el mercado laboral. | F17: Número de jóvenes y adultos formados en competencias personales y/o técnicas para el trabajo con el fin de facilitar su inserción en el mercado laboral. | G17: 2020680010061 | H17: FORTALECIMIENTO DE LA OFICINA DE FOMENTO A LA EMPLEABILIDAD, EL EMPLEO Y EL TRABAJO DECENTE EN EL MUNICIPIO DE BUCARAMANGA | I17: Brindar formación en competencias personales y/o técnicas para el trabajo Realizar intermediación laboral entre oferentes de trabajo y buscadores de empleo. Ofrecer acompañamiento a las empresas en la estructuración y selección de perfiles adecuados a sus requerimientos. Formular la política pública de empleo y trabajo decente de la ciudad. | J17: 44566 | K17: 44926 | L17: 800 | M17: =+'Resultado por Estrategias '!C21 -> 3032 | N17: =IF(M17/L17>100%,100%,M17/L17) -> 1 | O17: 2.3.2.02.02.009 | P17: =+Gastos_Octubre!M79/3 -> 2.7437778e+08 | U17: =SUM(P17:T17) -> 2.7437778e+08 | V17: =Gastos_Octubre!U79/3 -> 268895403 | AA17: =SUM(V17:Z17) -> 268895403 | AB17: =IFERROR(AA17/U17,"-") -> 0.98001889 | AD17: IMEBU | AE17: Luis Gonzalo Gómez Guerrero
A18: 190 | B18: BUCARAMANGA PRODUCTIVA Y COMPETITIVA: EMPRESAS INNOVADORAS, RESPONSABLES Y CONSCIENTES | C18: Empleabilidad, Empleo Y Trabajo Decente | D18: Empleo Y Empleabilidad | E18: Acompañar a 1.500 empresas en el fomento de una cultura del empleo y trabajo decente para capturar vacantes que permitan realizar la intermediación laboral. | F18: Número de empresas acompañadas en el fomento de una cultura del empleo y trabajo decente para capturar vacantes que permitan realizar la intermediación laboral. | G18: 2020680010061 | H18: FORTALECIMIENTO DE LA OFICINA DE FOMENTO A LA EMPLEABILIDAD, EL EMPLEO Y EL TRABAJO DECENTE EN EL MUNICIPIO DE BUCARAMANGA | I18: Brindar formación en competencias personales y/o técnicas para el trabajo Realizar intermediación laboral entre oferentes de trabajo y buscadores de empleo. Ofrecer acompañamiento a las empresas en la estructuración y selección de perfiles adecuados a sus requerimientos. Formular la política pública de empleo y trabajo decente de la ciudad. | J18: 44566 | K18: 44926 | L18: 390 | M18: =+'Resultado por Estrategias '!C22 -> 805 | N18: =IF(M18/L18>100%,100%,M18/L18) -> 1 | O18: 2.3.2.02.02.009 | P18: =+Gastos_Octubre!M79/3 -> 2.7437778e+08 | U18: =SUM(P18:T18) -> 2.7437778e+08 | V18: =Gastos_Octubre!U79/3 -> 268895403 | AA18: =SUM(V18:Z18) -> 268895403 | AB18: =IFERROR(AA18/U18,"-") -> 0.98001889 | AD18: IMEBU | AE18: Luis Gonzalo Gómez Guerrero
A19: 302 | B19: BUCARAMANGA TERRITORIO LIBRE DE CORRUPCIÓN: INSTITUCIONES SÓLIDAS Y CONFIABLES | C19: Administración Pública Moderna E Innovadora | D19: Gobierno Fortalecido Para Ser Y Hacer | E19: Mantener en funcionamiento el 100% de los programas del Instituto Municipal del Empleo. | F19: Porcentaje de los programas de Instituto Municipal del Empleo mantenidos en funcionamiento. | G19: 2021680010176 | H19: FORTALECIMIENTO DE LOS PROCESOS DEL INSTITUTO MUNICIPAL DE EMPLEO Y FOMENTO EMPRESARIAL DEL MUNICIPIO DE BUCARAMANGA | I19: Apoyar los procesos administrativos, juridicos y de control interno del IMEBU. Realizar acompañamiento, seguimiento y control de los programas y proyectos misionales del IMEBU. | J19: 44566 | K19: 44926 | L19: 1 | M19: 1 | N19: =IF(M19/L19>100%,100%,M19/L19) -> 1 | O19: 2.3.2.02.02.009 | P19: =+Gastos_Octubre!M80 -> 8.22455e+08 | U19: =SUM(P19:T19) -> 8.22455e+08 | V19: =Gastos_Octubre!U80 -> 781171665 | AA19: =SUM(V19:Z19) -> 781171665 | AB19: =IFERROR(AA19/U19,"-") -> 0.94980475 | AD19: IMEBU | AE19: Luis Gonzalo Gómez Guerrero
A20: =SUM(--(FREQUENCY(A9:A19,A9:A19)>0)) -> 11 | M20: TOTALES | N20: =IFERROR(AVERAGE(N9:N19),"-") -> 0.99465909 | Q20: =SUM(Q9:Q19) -> 0 | R20: =SUM(R9:R19) -> 0 | S20: =SUM(S9:S19) -> 0 | T20: =SUM(T9:T19) -> 0 | U20: =SUM(U9:U19) -> 6.4144642e+09 | V20: =SUM(V9:V19) -> 4657079268 | W20: =SUM(W9:W19) -> 0 | X20: =SUM(X9:X19) -> 0 | ... AA20: =SUM(AA9:AA19) -> 4657079268 | AB20: =IFERROR(AA20/U20,"-") -> 0.72602779 | AC20: =SUM(AC9:AC19) -> 673410715

Sheet Gastos_Abril
A1: INSTITUTO MUNICIPAL DE EMPLEO Y FOMENTO EMPRESARIAL - IMEBU
A2: NIT: 00804014968 - 1
A3: EJECUCION PRESUPUESTAL DE GASTOS
A4: Periodo comprendido entre 01-01-2022 y 30-04-2022
A5: Fecha de Impresión: 04.05.2022 Hora: 10:04:am
A6: Impreso por: GUSTAVO - GUSTAVO RAMIREZ BONELLS | P6: CDP | U6: RP | Z6: PAGOS
A7: Codigo de Control | B7: Rubro Presupuestal | C7: Unidad Ejecutora | D7: Descripción | E7: Fuente | F7: Presupuesto Inicial | G7: Adiciones | H7: Aplazamientos | I7: Desaplazamiento | J7: Reducciones | K7: Créditos | L7: Contracréditos | M7: Presupuesto Definitivo | N7: Cdps Mes Anterior | O7: Cdps Mes Actual | P7: Total Ejecutado Segun Cdps | Q7: Cdps Vigencia Futura | R7: Saldo por Ejecutar | S7: Compromisos Mes Anterior | T7: Total Compromisos mes Actual | U7: Total Compromisos | V7: Saldo por Comprometer | W7: Total Obligaciones | X7: Pagos Mes Anterior | Y7: Total Pagos Periodo | Z7: Total Pagos | AA7: Saldo por Pagar
B8: 2 | C8: IMEB | D8: Gastos | F8: 5040000000 | G8: 0 | H8: 0 | I8: 0 | J8: 0 | K8: 262956147 | L8: 262956147 | M8: 5040000000 | N8: 0 | O8: 3172296992 | P8: 3172296992 | Q8: 0 | R8: 1867703008 | S8: 0 | T8: 3102701578 | U8: 3102701578 | V8: 1937298422 | W8: 1281993723 | X8: 0 | Y8: 1249419323 | Z8: 1249419323 | AA8: 1853282255
B9: 2.1 | C9: IMEB | D9: Funcionamiento | F9: 2332862428 | G9: 0 | H9: 0 | I9: 0 | J9: 0 | K9: 82943000 | L9: 82943000 | M9: 2332862428 | N9: 0 | O9: 915853792 | P9: 915853792 | Q9: 0 | R9: 1417008636 | S9: 0 | T9: 894258378 | U9: 894258378 | V9: 1438604050 | W9: 535448158 | X9: 0 | Y9: 514773758 | Z9: 514773758 | AA9: 379484620
B10: 2.1.1 | C10: IMEB | D10: Gastos de personal | F10: 1388561517 | G10: 0 | H10: 0 | I10: 0 | J10: 0 | K10: 36006000 | L10: 0 | M10: 1424567517 | N10: 0 | O10: 354552025 | P10: 354552025 | Q10: 0 | R10: 1070015492 | S10: 0 | T10: 354552025 | U10: 354552025 | V10: 1070015492 | W10: 354438945 | X10: 0 | Y10: 334452745 | Z10: 334452745 | AA10: 20099280
B11: 2.1.1.01 | C11: IMEB | D11: Planta de personal permanente | F11: 1388561517 | G11: 0 | H11: 0 | I11: 0 | J11: 0 | K11: 36006000 | L11: 0 | M11: 1424567517 | N11: 0 | O11: 354552025 | P11: 354552025 | Q11: 0 | R11: 1070015492 | S11: 0 | T11: 354552025 | U11: 354552025 | V11: 1070015492 | W11: 354438945 | X11: 0 | Y11: 334452745 | Z11: 334452745 | AA11: 20099280
B12: 2.1.1.01.01 | C12: IMEB | D12: Factores constitutivos de salario | F12: 986057546 | G12: 0 | H12: 0 | I12: 0 | J12: 0 | K12: 22850000 | L12: 0 | M12: 1008907546 | N12: 0 | O12: 267000073 | P12: 267000073 | Q12: 0 | R12: 741907473 | S12: 0 | T12: 267000073 | U12: 267000073 | V12: 741907473 | W12: 267000073 | X12: 0 | Y12: 267000073 | Z12: 267000073 | AA12: 0
B13: 2.1.1.01.01.001 | C13: IMEB | D13: Factores salariales comunes | F13: 976294600 | G13: 0 | H13: 0 | I13: 0 | J13: 0 | K13: 22540000 | L13: 0 | M13: 998834600 | N13: 0 | O13: 266983117 | P13: 266983117 | Q13: 0 | R13: 731851483 | S13: 0 | T13: 266983117 | U13: 266983117 | V13: 731851483 | W13: 266983117 | X13: 0 | Y13: 266983117 | Z13: 266983117 | AA13: 0
A14: 220001 | B14: 2.1.1.01.01.001.01 | C14: IMEB | D14: Sueldo básico | E14: 1.2.1.0.0 | F14: 775965124 | G14: 0 | H14: 0 | I14: 0 | J14: 0 | K14: 16220000 | L14: 0 | M14: 792185124 | N14: 0 | O14: 257594650 | P14: 257594650 | Q14: 0 | R14: 534590474 | S14: 0 | T14: 257594650 | U14: 257594650 | V14: 534590474 | W14: 257594650 | X14: 0 | Y14: 257594650 | Z14: 257594650 | AA14: 0
A15: 220002 | B15: 2.1.1.01.01.001.06 | C15: IMEB | D15: Prima de servicios | E15: 1.2.1.0.0 | F15: 66549782 | G15: 0 | H15: 0 | I15: 0 | J15: 0 | K15: 2100000 | L15: 0 | M15: 68649782 | N15: 0 | O15: 128450 | P15: 128450 | Q15: 0 | R15: 68521332 | S15: 0 | T15: 128450 | U15: 128450 | V15: 68521332 | W15: 128450 | X15: 0 | Y15: 128450 | Z15: 128450 | AA15: 0
A16: 220003 | B16: 2.1.1.01.01.001.07 | C16: IMEB | D16: Bonificación por servicios prestados | E16: 1.2.1.0.0 | F16: 22632315 | G16: 0 | H16: 0 | I16: 0 | J16: 0 | K16: 710000 | L16: 0 | M16: 23342315 | N16: 0 | O16: 5806779 | P16: 5806779 | Q16: 0 | R16: 17535536 | S16: 0 | T16: 5806779 | U16: 5806779 | V16: 17535536 | W16: 5806779 | X16: 0 | Y16: 5806779 | Z16: 5806779 | AA16: 0
B17: 2.1.1.01.01.001.08 | C17: IMEB | D17: Prestaciones sociales | F17: 111147379 | G17: 0 | H17: 0 | I17: 0 | J17: 0 | K17: 3510000 | L17: 0 | M17: 114657379 | N17: 0 | O17: 3453238 | P17: 3453238 | Q17: 0 | R17: 111204141 | S17: 0 | T17: 3453238 | U17: 3453238 | V17: 111204141 | W17: 3453238 | X17: 0 | Y17: 3453238 | Z17: 3453238 | AA17: 0
A18: 220004 | B18: 2.1.1.01.01.001.08.01 | C18: IMEB | D18: Prima de navidad | E18: 1.2.1.0.0 | F18: 75099581 | G18: 0 | H18: 0 | I18: 0 | J18: 0 | K18: 2360000 | L18: 0 | M18: 77459581 | N18: 0 | O18: 136165 | P18: 136165 | Q18: 0 | R18: 77323416 | S18: 0 | T18: 136165 | U18: 136165 | V18: 77323416 | W18: 136165 | X18: 0 | Y18: 136165 | Z18: 136165 | AA18: 0
A19: 220005 | B19: 2.1.1.01.01.001.08.02 | C19: IMEB | D19: Prima de vacaciones | E19: 1.2.1.0.0 | F19: 36047798 | G19: 0 | H19: 0 | I19: 0 | J19: 0 | K19: 1150000 | L19: 0 | M19: 37197798 | N19: 0 | O19: 3317073 | P19: 3317073 | Q19: 0 | R19: 33880725 | S19: 0 | T19: 3317073 | U19: 3317073 | V19: 33880725 | W19: 3317073 | X19: 0 | Y19: 3317073 | Z19: 3317073 | AA19: 0
A20: 220006 | B20: 2.1.1.01.01.002 | C20: IMEB | D20: Factores salariales especiales | E20: 1.2.1.0.0 | F20: 9762946 | G20: 0 | H20: 0 | I20: 0 | J20: 0 | K20: 310000 | L20: 0 | M20: 10072946 | N20: 0 | O20: 16956 | P20: 16956 | Q20: 0 | R20: 10055990 | S20: 0 | T20: 16956 | U20: 16956 | V20: 10055990 | W20: 16956 | X20: 0 | Y20: 16956 | Z20: 16956 | AA20: 0
B21: 2.1.1.01.02 | C21: IMEB | D21: Contribuciones inherentes a la nómina | F21: 335322951 | G21: 0 | H21: 0 | I21: 0 | J21: 0 | K21: 11360000 | L21: 0 | M21: 346682951 | N21: 0 | O21: 82506979 | P21: 82506979 | Q21: 0 | R21: 264175972 | S21: 0 | T21: 82506979 | U21: 82506979 | V21: 264175972 | W21: 82393899 | X21: 0 | Y21: 62407699 | Z21: 62407699 | AA21: 20099280
A22: 220007 | B22: 2.1.1.01.02.001 | C22: IMEB | D22: Aportes a la seguridad social en pensiones | E22: 1.2.1.0.0 | F22: 95788061 | G22: 0 | H22: 0 | I22: 0 | J22: 0 | K22: 3050000 | L22: 0 | M22: 98838061 | N22: 0 | O22: 32630350 | P22: 32630350 | Q22: 0 | R22: 66207711 | S22: 0 | T22: 32630350 | U22: 32630350 | V22: 66207711 | W22: 32630350 | X22: 0 | Y22: 24627550 | Z22: 24627550 | AA22: 8002800
A23: 220008 | B23: 2.1.1.01.02.002 | C23: IMEB | D23: Aportes a la seguridad social en salud | E23: 1.2.1.0.0 | F23: 67849877 | G23: 0 | H23: 0 | I23: 0 | J23: 0 | K23: 2160000 | L23: 0 | M23: 70009877 | N23: 0 | O23: 23112448 | P23: 23112448 | Q23: 0 | R23: 46897429 | S23: 0 | T23: 23112448 | U23: 23112448 | V23: 46897429 | W23: 23112448 | X23: 0 | Y23: 17444048 | Z23: 17444048 | AA23: 5668400
A24: 220009 | B24: 2.1.1.01.02.003 | C24: IMEB | D24: Aportes de cesantías | E24: 1.2.1.0.0 | F24: 81357880 | G24: 0 | H24: 0 | I24: 0 | J24: 0 | K24: 2560000 | L24: 0 | M24: 83917880 | N24: 0 | O24: 141301 | P24: 141301 | Q24: 0 | R24: 83776579 | S24: 0 | T24: 141301 | U24: 141301 | V24: 83776579 | W24: 141301 | X24: 0 | Y24: 141301 | Z24: 141301 | AA24: 0
A25: 220010 | B25: 2.1.1.01.02.004 | C25: IMEB | D25: Aportes a cajas de compensación familiar | E25: 1.2.1.0.0 | F25: 38048157 | G25: 0 | H25: 0 | I25: 0 | J25: 0 | K25: 1312000 | L25: 0 | M25: 39360157 | N25: 0 | O25: 11202500 | P25: 11202500 | Q25: 0 | R25: 28157657 | S25: 0 | T25: 11202500 | U25: 11202500 | V25: 28157657 | W25: 11202500 | X25: 0 | Y25: 8534300 | Z25: 8534300 | AA25: 2668200
A26: 220011 | B26: 2.1.1.01.02.005 | C26: IMEB | D26: Aportes generales al sistema de riesgos laborales | E26: 1.2.1.0.0 | F26: 4718781 | G26: 0 | H26: 0 | I26: 0 | J26: 0 | K26: 637000 | L26: 0 | M26: 5355781 | N26: 0 | O26: 1414480 | P26: 1414480 | Q26: 0 | R26: 3941301 | S26: 0 | T26: 1414480 | U26: 1414480 | V26: 3941301 | W26: 1301400 | X26: 0 | Y26: 990600 | Z26: 990600 | AA26: 423880
A27: 220012 | B27: 2.1.1.01.02.006 | C27: IMEB | D27: Aportes al ICBF | E27: 1.2.1.0.0 | F27: 28536117 | G27: 0 | H27: 0 | I27: 0 | J27: 0 | K27: 985000 | L27: 0 | M27: 29521117 | N27: 0 | O27: 8403300 | P27: 8403300 | Q27: 0 | R27: 21117817 | S27: 0 | T27: 8403300 | U27: 8403300 | V27: 21117817 | W27: 8403300 | X27: 0 | Y27: 6401800 | Z27: 6401800 | AA27: 2001500
A28: 220013 | B28: 2.1.1.01.02.007 | C28: IMEB | D28: Aportes al SENA | E28: 1.2.1.0.0 | F28: 19024078 | G28: 0 | H28: 0 | I28: 0 | J28: 0 | K28: 656000 | L28: 0 | M28: 19680078 | N28: 0 | O28: 5602600 | P28: 5602600 | Q28: 0 | R28: 14077478 | S28: 0 | T28: 5602600 | U28: 5602600 | V28: 14077478 | W28: 5602600 | X28: 0 | Y28: 4268100 | Z28: 4268100 | AA28: 1334500
B29: 2.1.1.01.03 | C29: IMEB | D29: Remuneraciones no constitutivas de factor salarial | F29: 67181020 | G29: 0 | H29: 0 | I29: 0 | J29: 0 | K29: 1796000 | L29: 0 | M29: 68977020 | N29: 0 | O29: 5044973 | P29: 5044973 | Q29: 0 | R29: 63932047 | S29: 0 | T29: 5044973 | U29: 5044973 | V29: 63932047 | W29: 5044973 | X29: 0 | Y29: 5044973 | Z29: 5044973 | AA29: 0
B30: 2.1.1.01.03.001 | C30: IMEB | D30: Prestaciones sociales | F30: 67181020 | G30: 0 | H30: 0 | I30: 0 | J30: 0 | K30: 1796000 | L30: 0 | M30: 68977020 | N30: 0 | O30: 5044973 | P30: 5044973 | Q30: 0 | R30: 63932047 | S30: 0 | T30: 5044973 | U30: 5044973 | V30: 63932047 | W30: 5044973 | X30: 0 | Y30: 5044973 | Z30: 5044973 | AA30: 0
A31: 220014 | B31: 2.1.1.01.03.001.01 | C31: IMEB | D31: Vacaciones | E31: 1.2.1.0.0 | F31: 52870104 | G31: 0 | H31: 0 | I31: 0 | J31: 0 | K31: 1660000 | L31: 0 | M31: 54530104 | N31: 0 | O31: 4636379 | P31: 4636379 | Q31: 0 | R31: 49893725 | S31: 0 | T31: 4636379 | U31: 4636379 | V31: 49893725 | W31: 4636379 | X31: 0 | Y31: 4636379 | Z31: 4636379 | AA31: 0
A32: 220015 | B32: 2.1.1.01.03.001.02 | C32: IMEB | D32: Indemnización por vacaciones | E32: 1.3.2.3.05 | F32: 10000000 | G32: 0 | H32: 0 | I32: 0 | J32: 0 | K32: 0 | L32: 0 | M32: 10000000 | N32: 0 | O32: 0 | P32: 0 | Q32: 0 | R32: 10000000 | S32: 0 | T32: 0 | U32: 0 | V32: 10000000 | W32: 0 | X32: 0 | Y32: 0 | Z32: 0 | AA32: 0
A33: 220016 | B33: 2.1.1.01.03.001.03 | C33: IMEB | D33: Bonificacion especial de recreación | E33: 1.2.1.0.0 | F33: 4310916 | G33: 0 | H33: 0 | I33: 0 | J33: 0 | K33: 136000 | L33: 0 | M33: 4446916 | N33: 0 | O33: 408594 | P33: 408594 | Q33: 0 | R33: 4038322 | S33: 0 | T33: 408594 | U33: 408594 | V33: 4038322 | W33: 408594 | X33: 0 | Y33: 408594 | Z33: 408594 | AA33: 0
B34: 2.1.2 | C34: IMEB | D34: Adquisición de bienes y servicios | F34: 788491311 | G34: 0 | H34: 0 | I34: 0 | J34: 0 | K34: 41000000 | L34: 82943000 | M34: 746548311 | N34: 0 | O34: 545301767 | P34: 545301767 | Q34: 0 | R34: 201246544 | S34: 0 | T34: 523706353 | U34: 523706353 | V34: 222841958 | W34: 173697081 | X34: 0 | Y34: 173008881 | Z34: 173008881 | AA34: 350697472
B35: 2.1.2.02 | C35: IMEB | D35: Adquisiciones diferentes de activos | F35: 788491311 | G35: 0 | H35: 0 | I35: 0 | J35: 0 | K35: 41000000 | L35: 82943000 | M35: 746548311 | N35: 0 | O35: 545301767 | P35: 545301767 | Q35: 0 | R35: 201246544 | S35: 0 | T35: 523706353 | U35: 523706353 | V35: 222841958 | W35: 173697081 | X35: 0 | Y35: 173008881 | Z35: 173008881 | AA35: 350697472
B36: 2.1.2.02.01 | C36: IMEB | D36: Materiales y suministros | F36: 82118061 | G36: 0 | H36: 0 | I36: 0 | J36: 0 | K36: 15000000 | L36: 0 | M36: 97118061 | N36: 0 | O36: 32441886 | P36: 32441886 | Q36: 0 | R36: 64676175 | S36: 0 | T36: 10846472 | U36: 10846472 | V36: 86271589 | W36: 513200 | X36: 0 | Y36: 275000 | Z36: 275000 | AA36: 10571472
A37: 220017 | B37: 2.1.2.02.01.002 | C37: IMEB | D37: Productos alimenticios, bebidas y tabaco; textiles, prendas de vestir y productos de cuero | E37: 1.2.1.0.0 | F37: 13118061 | G37: 0 | H37: 0 | I37: 0 | J37: 0 | K37: 0 | L37: 0 | M37: 13118061 | N37: 0 | O37: 12614415 | P37: 12614415 | Q37: 0 | R37: 503646 | S37: 0 | T37: 10846472 | U37: 10846472 | V37: 2271589 | W37: 513200 | X37: 0 | Y37: 275000 | Z37: 275000 | AA37: 10571472
A38: 220018 | B38: 2.1.2.02.01.003 | C38: IMEB | D38: Otros bienes transportables (excepto productos metálicos, maquinaria y equipo) | E38: 1.2.1.0.0 | F38: 39000000 | G38: 0 | H38: 0 | I38: 0 | J38: 0 | K38: 15000000 | L38: 0 | M38: 54000000 | N38: 0 | O38: 19827471 | P38: 19827471 | Q38: 0 | R38: 34172529 | S38: 0 | T38: 0 | U38: 0 | V38: 54000000 | W38: 0 | X38: 0 | Y38: 0 | Z38: 0 | AA38: 0
A39: 220019 | B39: 2.1.2.02.01.004 | C39: IMEB | D39: Productos metalicos y paquetes de software | E39: 1.2.1.0.0 | F39: 30000000 | G39: 0 | H39: 0 | I39: 0 | J39: 0 | K39: 0 | L39: 0 | M39: 30000000 | N39: 0 | O39: 0 | P39: 0 | Q39: 0 | R39: 30000000 | S39: 0 | T39: 0 | U39: 0 | V39: 30000000 | W39: 0 | X39: 0 | Y39: 0 | Z39: 0 | AA39: 0
B40: 2.1.2.02.02 | C40: IMEB | D40: Adquisición de servicios | F40: 706373250 | G40: 0 | H40: 0 | I40: 0 | J40: 0 | K40: 26000000 | L40: 82943000 | M40: 649430250 | N40: 0 | O40: 512859881 | P40: 512859881 | Q40: 0 | R40: 136570369 | S40: 0 | T40: 512859881 | U40: 512859881 | V40: 136570369 | W40: 173183881 | X40: 0 | Y40: 172733881 | Z40: 172733881 | AA40: 340126000
A41: 220020 | B41: 2.1.2.02.02.006 | C41: IMEB | D41: Servicios de alojamiento; servicios de suministro de comidas y bebidas; servicios de transporte; y servicios de distribución de electricidad, gas y agua | E41: 1.2.1.0.0 | F41: 2476902 | G41: 0 | H41: 0 | I41: 0 | J41: 0 | K41: 0 | L41: 0 | M41: 2476902 | N41: 0 | O41: 2200000 | P41: 2200000 | Q41: 0 | R41: 276902 | S41: 0 | T41: 2200000 | U41: 2200000 | V41: 276902 | W41: 266333 | X41: 0 | Y41: 183333 | Z41: 183333 | AA41: 2016667
A42: 220021 | B42: 2.1.2.02.02.007 | C42: IMEB | D42: Servicios financieros y servicios conexos, servicios inmobiliarios y servicios de leasing | E42: 1.2.1.0.0 | F42: 357179873 | G42: 0 | H42: 0 | I42: 0 | J42: 0 | K42: 0 | L42: 0 | M42: 357179873 | N42: 0 | O42: 322507987 | P42: 322507987 | Q42: 0 | R42: 34671886 | S42: 0 | T42: 322507987 | U42: 322507987 | V42: 34671886 | W42: 101040654 | X42: 0 | Y42: 101040654 | Z42: 101040654 | AA42: 221467333
A43: 220022 | B43: 2.1.2.02.02.008 | C43: IMEB | D43: Servicios prestados a las empresas y servicios de producción | E43: 1.2.1.0.0 | F43: 74316475 | G43: 0 | H43: 0 | I43: 0 | J43: 0 | K43: 26000000 | L43: 0 | M43: 100316475 | N43: 0 | O43: 14151894 | P43: 14151894 | Q43: 0 | R43: 86164581 | S43: 0 | T43: 14151894 | U43: 14151894 | V43: 86164581 | W43: 9477228 | X43: 0 | Y43: 9110228 | Z43: 9110228 | AA43: 5041666
A44: 220023 | B44: 2.1.2.02.02.009 | C44: IMEB | D44: Servicios para la comunidad, sociales y personales | E44: 1.2.1.0.0 | F44: 272400000 | G44: 0 | H44: 0 | I44: 0 | J44: 0 | K44: 0 | L44: 82943000 | M44: 189457000 | N44: 0 | O44: 174000000 | P44: 174000000 | Q44: 0 | R44: 15457000 | S44: 0 | T44: 174000000 | U44: 174000000 | V44: 15457000 | W44: 62399666 | X44: 0 | Y44: 62399666 | Z44: 62399666 | AA44: 111600334
B45: 2.1.3 | C45: IMEB | D45: Transferencias corrientes | F45: 139809600 | G45: 0 | H45: 0 | I45: 0 | J45: 0 | K45: 0 | L45: 0 | M45: 139809600 | N45: 0 | O45: 0 | P45: 0 | Q45: 0 | R45: 139809600 | S45: 0 | T45: 0 | U45: 0 | V45: 139809600 | W45: 0 | X45: 0 | Y45: 0 | Z45: 0 | AA45: 0
B46: 2.1.3.13 | C46: IMEB | D46: Sentencias y Conciliaciones | F46: 139809600 | G46: 0 | H46: 0 | I46: 0 | J46: 0 | K46: 0 | L46: 0 | M46: 139809600 | N46: 0 | O46: 0 | P46: 0 | Q46: 0 | R46: 139809600 | S46: 0 | T46: 0 | U46: 0 | V46: 139809600 | W46: 0 | X46: 0 | Y46: 0 | Z46: 0 | AA46: 0
B47: 2.1.3.13.01 | C47: IMEB | D47: Fallos nacionales | F47: 139809600 | G47: 0 | H47: 0 | I47: 0 | J47: 0 | K47: 0 | L47: 0 | M47: 139809600 | N47: 0 | O47: 0 | P47: 0 | Q47: 0 | R47: 139809600 | S47: 0 | T47: 0 | U47: 0 | V47: 139809600 | W47: 0 | X47: 0 | Y47: 0 | Z47: 0 | AA47: 0
A48: 220024 | B48: 2.1.3.13.01.001 | C48: IMEB | D48: Sentencias | E48: 1.2.1.0.0 | F48: 119809609 | G48: 0 | H48: 0 | I48: 0 | J48: 0 | K48: 0 | L48: 0 | M48: 119809609 | N48: 0 | O48: 0 | P48: 0 | Q48: 0 | R48: 119809609 | S48: 0 | T48: 0 | U48: 0 | V48: 119809609 | W48: 0 | X48: 0 | Y48: 0 | Z48: 0 | AA48: 0
A49: 220025 | B49: 2.1.3.13.01.001 | C49: IMEB | D49: Sentencias | E49: 1.3.2.3.05 | F49: 19999991 | G49: 0 | H49: 0 | I49: 0 | J49: 0 | K49: 0 | L49: 0 | M49: 19999991 | N49: 0 | O49: 0 | P49: 0 | Q49: 0 | R49: 19999991 | S49: 0 | T49: 0 | U49: 0 | V49: 19999991 | W49: 0 | X49: 0 | Y49: 0 | Z49: 0 | AA49: 0
B50: 2.1.8 | C50: IMEB | D50: Gastos por tributos, multas, sanciones e intereses de mora | F50: 16000000 | G50: 0 | H50: 0 | I50: 0 | J50: 0 | K50: 5937000 | L50: 0 | M50: 21937000 | N50: 0 | O50: 16000000 | P50: 16000000 | Q50: 0 | R50: 5937000 | S50: 0 | T50: 16000000 | U50: 16000000 | V50: 5937000 | W50: 7312132 | X50: 0 | Y50: 7312132 | Z50: 7312132 | AA50: 8687868
B51: 2.1.8.04 | C51: IMEB | D51: Contribuciones | F51: 16000000 | G51: 0 | H51: 0 | I51: 0 | J51: 0 | K51: 5937000 | L51: 0 | M51: 21937000 | N51: 0 | O51: 16000000 | P51: 16000000 | Q51: 0 | R51: 5937000 | S51: 0 | T51: 16000000 | U51: 16000000 | V51: 5937000 | W51: 7312132 | X51: 0 | Y51: 7312132 | Z51: 7312132 | AA51: 8687868
A52: 220026 | B52: 2.1.8.04.01 | C52: IMEB | D52: Cuota de fiscalización y auditaje | E52: 1.2.1.0.0 | F52: 16000000 | G52: 0 | H52: 0 | I52: 0 | J52: 0 | K52: 5937000 | L52: 0 | M52: 21937000 | N52: 0 | O52: 16000000 | P52: 16000000 | Q52: 0 | R52: 5937000 | S52: 0 | T52: 16000000 | U52: 16000000 | V52: 5937000 | W52: 7312132 | X52: 0 | Y52: 7312132 | Z52: 7312132 | AA52: 8687868
B53: 2.3 | C53: IMEB | D53: Inversión | F53: 2707137572 | G53: 0 | H53: 0 | I53: 0 | J53: 0 | K53: 180013147 | L53: 180013147 | M53: 2707137572 | N53: 0 | O53: 2256443200 | P53: 2256443200 | Q53: 0 | R53: 450694372 | S53: 0 | T53: 2208443200 | U53: 2208443200 | V53: 498694372 | W53: 746545565 | X53: 0 | Y53: 734645565 | Z53: 734645565 | AA53: 1473797635
B54: 2.3.2 | C54: IMEB | D54: Adquisicion de bienes y servicios | F54: 2707137572 | G54: 0 | H54: 0 | I54: 0 | J54: 0 | K54: 180013147 | L54: 180013147 | M54: 2707137572 | N54: 0 | O54: 2256443200 | P54: 2256443200 | Q54: 0 | R54: 450694372 | S54: 0 | T54: 2208443200 | U54: 2208443200 | V54: 498694372 | W54: 746545565 | X54: 0 | Y54: 734645565 | Z54: 734645565 | AA54: 1473797635
B55: 2.3.2.02.02 | C55: IMEB | D55: Adquisición de servicios | F55: 2707137572 | G55: 0 | H55: 0 | I55: 0 | J55: 0 | K55: 180013147 | L55: 180013147 | M55: 2707137572 | N55: 0 | O55: 2256443200 | P55: 2256443200 | Q55: 0 | R55: 450694372 | S55: 0 | T55: 2208443200 | U55: 2208443200 | V55: 498694372 | W55: 746545565 | X55: 0 | Y55: 734645565 | Z55: 734645565 | AA55: 1473797635
A56: 220027 | B56: 2.3.2.02.02.006 | C56: IMEB | D56: Servicios de alojamiento; servicios de suministro de comidas y bebidas; servicios de transporte; y servicios de distribución de electricidad, gas y agua-CDE | E56: 1.2.1.0.0 | F56: 62800427 | G56: 0 | H56: 0 | I56: 0 | J56: 0 | K56: 0 | L56: 23000000 | M56: 39800427 | N56: 0 | O56: 27609490 | P56: 27609490 | Q56: 0 | R56: 12190937 | S56: 0 | T56: 27609490 | U56: 27609490 | V56: 12190937 | W56: 672824 | X56: 0 | Y56: 672824 | Z56: 672824 | AA56: 26936666
A57: 220028 | B57: 2.3.2.02.02.007 | C57: IMEB | D57: Servicios financieros y servicios conexos, servicios inmobiliarios y servicios de leasing-COWORKING | E57: 1.2.1.0.0 | F57: 226483488 | G57: 0 | H57: 0 | I57: 0 | J57: 0 | K57: 0 | L57: 73013147 | M57: 153470341 | N57: 0 | O57: 153470341 | P57: 153470341 | Q57: 0 | R57: 0 | S57: 0 | T57: 153470341 | U57: 153470341 | V57: 0 | W57: 38367585 | X57: 0 | Y57: 38367585 | Z57: 38367585 | AA57: 115102756
A58: 220029 | B58: 2.3.2.02.02.007 | C58: IMEB | D58: Servicios financieros y servicios conexos, servicios inmobiliarios y servicios de leasing-CDE | E58: 1.2.1.0.0 | F58: 105125000 | G58: 0 | H58: 0 | I58: 0 | J58: 0 | K58: 84000000 | L58: 0 | M58: 189125000 | N58: 0 | O58: 151293550 | P58: 151293550 | Q58: 0 | R58: 37831450 | S58: 0 | T58: 103293550 | U58: 103293550 | V58: 85831450 | W58: 57189150 | X58: 0 | Y58: 45289150 | Z58: 45289150 | AA58: 58004400
B59: 2.3.2.02.02.009 | C59: IMEB | D59: Servicios para la comunidad, sociales y personales | F59: 2312728657 | G59: 0 | H59: 0 | I59: 0 | J59: 0 | K59: 96013147 | L59: 84000000 | M59: 2324741804 | N59: 0 | O59: 1924069819 | P59: 1924069819 | Q59: 0 | R59: 400671985 | S59: 0 | T59: 1924069819 | U59: 1924069819 | V59: 400671985 | W59: 650316006 | X59: 0 | Y59: 650316006 | Z59: 650316006 | AA59: 1273753813
A60: 220030 | B60: 2.3.2.02.02.009.01 | C60: IMEB | D60: Servicios para la comunidad, sociales y personales-BANCA | E60: 1.3.2.3.05 | F60: 10000009 | G60: 0 | H60: 0 | I60: 0 | J60: 0 | K60: 0 | L60: 0 | M60: 10000009 | N60: 0 | O60: 0 | P60: 0 | Q60: 0 | R60: 10000009 | S60: 0 | T60: 0 | U60: 0 | V60: 10000009 | W60: 0 | X60: 0 | Y60: 0 | Z60: 0 | AA60: 0
A61: 220031 | B61: 2.3.2.02.02.009.02 | C61: IMEB | D61: Servicios para la comunidad, sociales y personales-BANCA | E61: 1.2.1.0.0 | F61: 20916668 | G61: 0 | H61: 0 | I61: 0 | J61: 0 | K61: 0 | L61: 0 | M61: 20916668 | N61: 0 | O61: 20000000 | P61: 20000000 | Q61: 0 | R61: 916668 | S61: 0 | T61: 20000000 | U61: 20000000 | V61: 916668 | W61: 13166666 | X61: 0 | Y61: 13166666 | Z61: 13166666 | AA61: 6833334
A62: 220032 | B62: 2.3.2.02.02.009.03 | C62: IMEB | D62: Servicios para la comunidad, sociales y personales- CDE | E62: 1.2.1.0.0 | F62: 1382074573 | G62: 0 | H62: 0 | I62: 0 | J62: 0 | K62: 0 | L62: 84000000 | M62: 1298074573 | N62: 0 | O62: 1091095277 | P62: 1091095277 | Q62: 0 | R62: 206979296 | S62: 0 | T62: 1091095277 | U62: 1091095277 | V62: 206979296 | W62: 261142330 | X62: 0 | Y62: 261142330 | Z62: 261142330 | AA62: 829952947
A63: 220033 | B63: 2.3.2.02.02.009.04 | C63: IMEB | D63: Servicios para la comunidad, sociales y personales -EMPLEO | E63: 1.2.1.0.0 | F63: 312133332 | G63: 0 | H63: 0 | I63: 0 | J63: 0 | K63: 0 | L63: 0 | M63: 312133332 | N63: 0 | O63: 230854542 | P63: 230854542 | Q63: 0 | R63: 81278790 | S63: 0 | T63: 230854542 | U63: 230854542 | V63: 81278790 | W63: 90366180 | X63: 0 | Y63: 90366180 | Z63: 90366180 | AA63: 140488362
A64: 220034 | B64: 2.3.2.02.02.009.05 | C64: IMEB | D64: Servicios para la comunidad, sociales y personales-COWORKING | E64: 1.2.1.0.0 | F64: 203516512 | G64: 0 | H64: 0 | I64: 0 | J64: 0 | K64: 73013147 | L64: 0 | M64: 276529659 | N64: 0 | O64: 198700000 | P64: 198700000 | Q64: 0 | R64: 77829659 | S64: 0 | T64: 198700000 | U64: 198700000 | V64: 77829659 | W64: 115279999 | X64: 0 | Y64: 115279999 | Z64: 115279999 | AA64: 83420001
A65: 220035 | B65: 2.3.2.02.02.009.06 | C65: IMEB | D65: Servicios para la comunidad, sociales y personales-FORTALECIMIENTO | E65: 1.2.1.0.0 | F65: 384087563 | G65: 0 | H65: 0 | I65: 0 | J65: 0 | K65: 23000000 | L65: 0 | M65: 407087563 | N65: 0 | O65: 383420000 | P65: 383420000 | Q65: 0 | R65: 23667563 | S65: 0 | T65: 383420000 | U65: 383420000 | V65: 23667563 | W65: 170360831 | X65: 0 | Y65: 170360831 | Z65: 170360831 | AA65: 213059169
D68: CDE | M68: =+M56+M58+M62 -> 1527000000 | P68: =+P56+P58+P62 -> 1269998317 | U68: =+U56+U58+U62 -> 1221998317 | Z68: =+Z56+Z58+Z62 -> 307104304
D69: COWORKING | M69: =+M57+M64 -> 430000000 | P69: =+P57+P64 -> 352170341 | U69: =+U57+U64 -> 352170341 | Z69: =+Z57+Z64 -> 153647584
D70: BANCA | M70: =+M60+M61 -> 30916677 | P70: =+P60+P61 -> 20000000 | U70: =+U60+U61 -> 20000000 | Z70: =+Z60+Z61 -> 13166666
D71: EMPLEO | M71: =+M63 -> 312133332 | P71: =+P63 -> 230854542 | U71: =+U63 -> 230854542 | Z71: =+Z63 -> 90366180
D72: FORTALECIMIENTO | M72: =+M65 -> 407087563 | P72: =+P65 -> 383420000 | U72: =+U65 -> 383420000 | Z72: =+Z65 -> 170360831

Sheet Gastos_Mayo
A1: INSTITUTO MUNICIPAL DE EMPLEO Y FOMENTO EMPRESARIAL - IMEBU
A2: NIT: 00804014968 - 1
A3: EJECUCION PRESUPUESTAL DE GASTOS
A4: Periodo comprendido entre 01-01-2022 y 31-05-2022
A5: Fecha de Impresión: 02.06.2022 Hora: 11:45:am
A6: Impreso por: GUSTAVO - GUSTAVO RAMIREZ BONELLS | P6: CDP | U6: RP | Z6: PAGOS
A7: Codigo de Control | B7: Rubro Presupuestal | C7: Unidad Ejecutora | D7: Descripción | E7: Fuente | F7: Presupuesto Inicial | G7: Adiciones | H7: Aplazamientos | I7: Desaplazamiento | J7: Reducciones | K7: Créditos | L7: Contracréditos | M7: Presupuesto Definitivo | N7: Cdps Mes Anterior | O7: Cdps Mes Actual | P7: Total Ejecutado Segun Cdps | Q7: Cdps Vigencia Futura | R7: Saldo por Ejecutar | S7: Compromisos Mes Anterior | T7: Total Compromisos mes Actual | U7: Total Compromisos | V7: Saldo por Comprometer | W7: Total Obligaciones | X7: Pagos Mes Anterior | Y7: Total Pagos Periodo | Z7: Total Pagos | AA7: Saldo por Pagar
A8: 220077 | B8: 2.1.2.02.02.010 | C8: IMEB | D8: Viáticos de funcionarios en Comisión | E8: APM | F8: 0 | G8: 0 | H8: 0 | I8: 0 | J8: 0 | K8: 10000000 | L8: 0 | M8: 10000000 | N8: 0 | O8: 1112562 | P8: 1112562 | Q8: 0 | R8: 8887438 | S8: 0 | T8: 1112562 | U8: 1112562 | V8: 8887438 | W8: 1112562 | X8: 0 | Y8: 1112562 | Z8: 1112562 | AA8: 0
B9: 2 | C9: IMEB | D9: Gastos | F9: 5040000000 | G9: 0 | H9: 0 | I9: 0 | J9: 0 | K9: 272956147 | L9: 272956147 | M9: 5040000000 | N9: 0 | O9: 3363322882 | P9: 3363322882 | Q9: 0 | R9: 1676677118 | S9: 0 | T9: 3292904992 | U9: 3292904992 | V9: 1747095008 | W9: 1701608632 | X9: 0 | Y9: 1672694860 | Z9: 1672694860 | AA9: 1620210132
B10: 2.1 | C10: IMEB | D10: Funcionamiento | F10: 2332862428 | G10: 0 | H10: 0 | I10: 0 | J10: 0 | K10: 92943000 | L10: 92943000 | M10: 2332862428 | N10: 0 | O10: 1018277245 | P10: 1018277245 | Q10: 0 | R10: 1314585183 | S10: 0 | T10: 995859355 | U10: 995859355 | V10: 1337003073 | W10: 677583823 | X10: 0 | Y10: 648670051 | Z10: 648670051 | AA10: 347189304
B11: 2.1.1 | C11: IMEB | D11: Gastos de personal | F11: 1388561517 | G11: 0 | H11: 0 | I11: 0 | J11: 0 | K11: 36006000 | L11: 0 | M11: 1424567517 | N11: 0 | O11: 447070203 | P11: 447070203 | Q11: 0 | R11: 977497314 | S11: 0 | T11: 447070203 | U11: 447070203 | V11: 977497314 | W11: 446978483 | X11: 0 | Y11: 425611183 | Z11: 425611183 | AA11: 21459020
B12: 2.1.1.01 | C12: IMEB | D12: Planta de personal permanente | F12: 1388561517 | G12: 0 | H12: 0 | I12: 0 | J12: 0 | K12: 36006000 | L12: 0 | M12: 1424567517 | N12: 0 | O12: 447070203 | P12: 447070203 | Q12: 0 | R12: 977497314 | S12: 0 | T12: 447070203 | U12: 447070203 | V12: 977497314 | W12: 446978483 | X12: 0 | Y12: 425611183 | Z12: 425611183 | AA12: 21459020
B13: 2.1.1.01.01 | C13: IMEB | D13: Factores constitutivos de salario | F13: 986057546 | G13: 0 | H13: 0 | I13: 0 | J13: 0 | K13: 22850000 | L13: 0 | M13: 1008907546 | N13: 0 | O13: 338172311 | P13: 338172311 | Q13: 0 | R13: 670735235 | S13: 0 | T13: 338172311 | U13: 338172311 | V13: 670735235 | W13: 338172311 | X13: 0 | Y13: 338172311 | Z13: 338172311 | AA13: 0
B14: 2.1.1.01.01.001 | C14: IMEB | D14: Factores salariales comunes | F14: 976294600 | G14: 0 | H14: 0 | I14: 0 | J14: 0 | K14: 22540000 | L14: 0 | M14: 998834600 | N14: 0 | O14: 338155355 | P14: 338155355 | Q14: 0 | R14: 660679245 | S14: 0 | T14: 338155355 | U14: 338155355 | V14: 660679245 | W14: 338155355 | X14: 0 | Y14: 338155355 | Z14: 338155355 | AA14: 0
A15: 220001 | B15: 2.1.1.01.01.001.01 | C15: IMEB | D15: Sueldo básico | E15: 1.2.1.0.0 | F15: 775965124 | G15: 0 | H15: 0 | I15: 0 | J15: 0 | K15: 16220000 | L15: 0 | M15: 792185124 | N15: 0 | O15: 324285374 | P15: 324285374 | Q15: 0 | R15: 467899750 | S15: 0 | T15: 324285374 | U15: 324285374 | V15: 467899750 | W15: 324285374 | X15: 0 | Y15: 324285374 | Z15: 324285374 | AA15: 0
A16: 220002 | B16: 2.1.1.01.01.001.06 | C16: IMEB | D16: Prima de servicios | E16: 1.2.1.0.0 | F16: 66549782 | G16: 0 | H16: 0 | I16: 0 | J16: 0 | K16: 2100000 | L16: 0 | M16: 68649782 | N16: 0 | O16: 128450 | P16: 128450 | Q16: 0 | R16: 68521332 | S16: 0 | T16: 128450 | U16: 128450 | V16: 68521332 | W16: 128450 | X16: 0 | Y16: 128450 | Z16: 128450 | AA16: 0
A17: 220003 | B17: 2.1.1.01.01.001.07 | C17: IMEB | D17: Bonificación por servicios prestados | E17: 1.2.1.0.0 | F17: 22632315 | G17: 0 | H17: 0 | I17: 0 | J17: 0 | K17: 710000 | L17: 0 | M17: 23342315 | N17: 0 | O17: 10288293 | P17: 10288293 | Q17: 0 | R17: 13054022 | S17: 0 | T17: 10288293 | U17: 10288293 | V17: 13054022 | W17: 10288293 | X17: 0 | Y17: 10288293 | Z17: 10288293 | AA17: 0
B18: 2.1.1.01.01.001.08 | C18: IMEB | D18: Prestaciones sociales | F18: 111147379 | G18: 0 | H18: 0 | I18: 0 | J18: 0 | K18: 3510000 | L18: 0 | M18: 114657379 | N18: 0 | O18: 3453238 | P18: 3453238 | Q18: 0 | R18: 111204141 | S18: 0 | T18: 3453238 | U18: 3453238 | V18: 111204141 | W18: 3453238 | X18: 0 | Y18: 3453238 | Z18: 3453238 | AA18: 0
A19: 220004 | B19: 2.1.1.01.01.001.08.01 | C19: IMEB | D19: Prima de navidad | E19: 1.2.1.0.0 | F19: 75099581 | G19: 0 | H19: 0 | I19: 0 | J19: 0 | K19: 2360000 | L19: 0 | M19: 77459581 | N19: 0 | O19: 136165 | P19: 136165 | Q19: 0 | R19: 77323416 | S19: 0 | T19: 136165 | U19: 136165 | V19: 77323416 | W19: 136165 | X19: 0 | Y19: 136165 | Z19: 136165 | AA19: 0
A20: 220005 | B20: 2.1.1.01.01.001.08.02 | C20: IMEB | D20: Prima de vacaciones | E20: 1.2.1.0.0 | F20: 36047798 | G20: 0 | H20: 0 | I20: 0 | J20: 0 | K20: 1150000 | L20: 0 | M20: 37197798 | N20: 0 | O20: 3317073 | P20: 3317073 | Q20: 0 | R20: 33880725 | S20: 0 | T20: 3317073 | U20: 3317073 | V20: 33880725 | W20: 3317073 | X20: 0 | Y20: 3317073 | Z20: 3317073 | AA20: 0
A21: 220006 | B21: 2.1.1.01.01.002 | C21: IMEB | D21: Factores salariales especiales | E21: 1.2.1.0.0 | F21: 9762946 | G21: 0 | H21: 0 | I21: 0 | J21: 0 | K21: 310000 | L21: 0 | M21: 10072946 | N21: 0 | O21: 16956 | P21: 16956 | Q21: 0 | R21: 10055990 | S21: 0 | T21: 16956 | U21: 16956 | V21: 10055990 | W21: 16956 | X21: 0 | Y21: 16956 | Z21: 16956 | AA21: 0
B22: 2.1.1.01.02 | C22: IMEB | D22: Contribuciones inherentes a la nómina | F22: 335322951 | G22: 0 | H22: 0 | I22: 0 | J22: 0 | K22: 11360000 | L22: 0 | M22: 346682951 | N22: 0 | O22: 103852919 | P22: 103852919 | Q22: 0 | R22: 242830032 | S22: 0 | T22: 103852919 | U22: 103852919 | V22: 242830032 | W22: 103761199 | X22: 0 | Y22: 82393899 | Z22: 82393899 | AA22: 21459020
A23: 220007 | B23: 2.1.1.01.02.001 | C23: IMEB | D23: Aportes a la seguridad social en pensiones | E23: 1.2.1.0.0 | F23: 95788061 | G23: 0 | H23: 0 | I23: 0 | J23: 0 | K23: 3050000 | L23: 0 | M23: 98838061 | N23: 0 | O23: 41170950 | P23: 41170950 | Q23: 0 | R23: 57667111 | S23: 0 | T23: 41170950 | U23: 41170950 | V23: 57667111 | W23: 41170950 | X23: 0 | Y23: 32630350 | Z23: 32630350 | AA23: 8540600
A24: 220008 | B24: 2.1.1.01.02.002 | C24: IMEB | D24: Aportes a la seguridad social en salud | E24: 1.2.1.0.0 | F24: 67849877 | G24: 0 | H24: 0 | I24: 0 | J24: 0 | K24: 2160000 | L24: 0 | M24: 70009877 | N24: 0 | O24: 29161948 | P24: 29161948 | Q24: 0 | R24: 40847929 | S24: 0 | T24: 29161948 | U24: 29161948 | V24: 40847929 | W24: 29161948 | X24: 0 | Y24: 23112448 | Z24: 23112448 | AA24: 6049500
A25: 220009 | B25: 2.1.1.01.02.003 | C25: IMEB | D25: Aportes de cesantías | E25: 1.2.1.0.0 | F25: 81357880 | G25: 0 | H25: 0 | I25: 0 | J25: 0 | K25: 2560000 | L25: 0 | M25: 83917880 | N25: 0 | O25: 141301 | P25: 141301 | Q25: 0 | R25: 83776579 | S25: 0 | T25: 141301 | U25: 141301 | V25: 83776579 | W25: 141301 | X25: 0 | Y25: 141301 | Z25: 141301 | AA25: 0
A26: 220010 | B26: 2.1.1.01.02.004 | C26: IMEB | D26: Aportes a cajas de compensación familiar | E26: 1.2.1.0.0 | F26: 38048157 | G26: 0 | H26: 0 | I26: 0 | J26: 0 | K26: 1312000 | L26: 0 | M26: 39360157 | N26: 0 | O26: 14049900 | P26: 14049900 | Q26: 0 | R26: 25310257 | S26: 0 | T26: 14049900 | U26: 14049900 | V26: 25310257 | W26: 14049900 | X26: 0 | Y26: 11202500 | Z26: 11202500 | AA26: 2847400
A27: 220011 | B27: 2.1.1.01.02.005 | C27: IMEB | D27: Aportes generales al sistema de riesgos laborales | E27: 1.2.1.0.0 | F27: 4718781 | G27: 0 | H27: 0 | I27: 0 | J27: 0 | K27: 637000 | L27: 0 | M27: 5355781 | N27: 0 | O27: 1763020 | P27: 1763020 | Q27: 0 | R27: 3592761 | S27: 0 | T27: 1763020 | U27: 1763020 | V27: 3592761 | W27: 1671300 | X27: 0 | Y27: 1301400 | Z27: 1301400 | AA27: 461620
A28: 220012 | B28: 2.1.1.01.02.006 | C28: IMEB | D28: Aportes al ICBF | E28: 1.2.1.0.0 | F28: 28536117 | G28: 0 | H28: 0 | I28: 0 | J28: 0 | K28: 985000 | L28: 0 | M28: 29521117 | N28: 0 | O28: 10539200 | P28: 10539200 | Q28: 0 | R28: 18981917 | S28: 0 | T28: 10539200 | U28: 10539200 | V28: 18981917 | W28: 10539200 | X28: 0 | Y28: 8403300 | Z28: 8403300 | AA28: 2135900
A29: 220013 | B29: 2.1.1.01.02.007 | C29: IMEB | D29: Aportes al SENA | E29: 1.2.1.0.0 | F29: 19024078 | G29: 0 | H29: 0 | I29: 0 | J29: 0 | K29: 656000 | L29: 0 | M29: 19680078 | N29: 0 | O29: 7026600 | P29: 7026600 | Q29: 0 | R29: 12653478 | S29: 0 | T29: 7026600 | U29: 7026600 | V29: 12653478 | W29: 7026600 | X29: 0 | Y29: 5602600 | Z29: 5602600 | AA29: 1424000
B30: 2.1.1.01.03 | C30: IMEB | D30: Remuneraciones no constitutivas de factor salarial | F30: 67181020 | G30: 0 | H30: 0 | I30: 0 | J30: 0 | K30: 1796000 | L30: 0 | M30: 68977020 | N30: 0 | O30: 5044973 | P30: 5044973 | Q30: 0 | R30: 63932047 | S30: 0 | T30: 5044973 | U30: 5044973 | V30: 63932047 | W30: 5044973 | X30: 0 | Y30: 5044973 | Z30: 5044973 | AA30: 0
B31: 2.1.1.01.03.001 | C31: IMEB | D31: Prestaciones sociales | F31: 67181020 | G31: 0 | H31: 0 | I31: 0 | J31: 0 | K31: 1796000 | L31: 0 | M31: 68977020 | N31: 0 | O31: 5044973 | P31: 5044973 | Q31: 0 | R31: 63932047 | S31: 0 | T31: 5044973 | U31: 5044973 | V31: 63932047 | W31: 5044973 | X31: 0 | Y31: 5044973 | Z31: 5044973 | AA31: 0
A32: 220014 | B32: 2.1.1.01.03.001.01 | C32: IMEB | D32: Vacaciones | E32: 1.2.1.0.0 | F32: 52870104 | G32: 0 | H32: 0 | I32: 0 | J32: 0 | K32: 1660000 | L32: 0 | M32: 54530104 | N32: 0 | O32: 4636379 | P32: 4636379 | Q32: 0 | R32: 49893725 | S32: 0 | T32: 4636379 | U32: 4636379 | V32: 49893725 | W32: 4636379 | X32: 0 | Y32: 4636379 | Z32: 4636379 | AA32: 0
A33: 220015 | B33: 2.1.1.01.03.001.02 | C33: IMEB | D33: Indemnización por vacaciones | E33: 1.3.2.3.05 | F33: 10000000 | G33: 0 | H33: 0 | I33: 0 | J33: 0 | K33: 0 | L33: 0 | M33: 10000000 | N33: 0 | O33: 0 | P33: 0 | Q33: 0 | R33: 10000000 | S33: 0 | T33: 0 | U33: 0 | V33: 10000000 | W33: 0 | X33: 0 | Y33: 0 | Z33: 0 | AA33: 0
A34: 220016 | B34: 2.1.1.01.03.001.03 | C34: IMEB | D34: Bonificacion especial de recreación | E34: 1.2.1.0.0 | F34: 4310916 | G34: 0 | H34: 0 | I34: 0 | J34: 0 | K34: 136000 | L34: 0 | M34: 4446916 | N34: 0 | O34: 408594 | P34: 408594 | Q34: 0 | R34: 4038322 | S34: 0 | T34: 408594 | U34: 408594 | V34: 4038322 | W34: 408594 | X34: 0 | Y34: 408594 | Z34: 408594 | AA34: 0
B35: 2.1.2 | C35: IMEB | D35: Adquisición de bienes y servicios | F35: 788491311 | G35: 0 | H35: 0 | I35: 0 | J35: 0 | K35: 51000000 | L35: 92943000 | M35: 746548311 | N35: 0 | O35: 555207042 | P35: 555207042 | Q35: 0 | R35: 191341269 | S35: 0 | T35: 532789152 | U35: 532789152 | V35: 213759159 | W35: 221465175 | X35: 0 | Y35: 213918703 | Z35: 213918703 | AA35: 318870449
B36: 2.1.2.02 | C36: IMEB | D36: Adquisiciones diferentes de activos | F36: 788491311 | G36: 0 | H36: 0 | I36: 0 | J36: 0 | K36: 51000000 | L36: 92943000 | M36: 746548311 | N36: 0 | O36: 555207042 | P36: 555207042 | Q36: 0 | R36: 191341269 | S36: 0 | T36: 532789152 | U36: 532789152 | V36: 213759159 | W36: 221465175 | X36: 0 | Y36: 213918703 | Z36: 213918703 | AA36: 318870449
B37: 2.1.2.02.01 | C37: IMEB | D37: Materiales y suministros | F37: 82118061 | G37: 0 | H37: 0 | I37: 0 | J37: 0 | K37: 15000000 | L37: 0 | M37: 97118061 | N37: 0 | O37: 36125539 | P37: 36125539 | Q37: 0 | R37: 60992522 | S37: 0 | T37: 13707649 | U37: 13707649 | V37: 83410412 | W37: 8059672 | X37: 0 | Y37: 513200 | Z37: 513200 | AA37: 13194449
A38: 220017 | B38: 2.1.2.02.01.002 | C38: IMEB | D38: Productos alimenticios, bebidas y tabaco; textiles, prendas de vestir y productos de cuero | E38: 1.2.1.0.0 | F38: 13118061 | G38: 0 | H38: 0 | I38: 0 | J38: 0 | K38: 0 | L38: 0 | M38: 13118061 | N38: 0 | O38: 12614415 | P38: 12614415 | Q38: 0 | R38: 503646 | S38: 0 | T38: 10846472 | U38: 10846472 | V38: 2271589 | W38: 8059672 | X38: 0 | Y38: 513200 | Z38: 513200 | AA38: 10333272
A39: 220018 | B39: 2.1.2.02.01.003 | C39: IMEB | D39: Otros bienes transportables (excepto productos metálicos, maquinaria y equipo) | E39: 1.2.1.0.0 | F39: 39000000 | G39: 0 | H39: 0 | I39: 0 | J39: 0 | K39: 15000000 | L39: 0 | M39: 54000000 | N39: 0 | O39: 23511124 | P39: 23511124 | Q39: 0 | R39: 30488876 | S39: 0 | T39: 2861177 | U39: 2861177 | V39: 51138823 | W39: 0 | X39: 0 | Y39: 0 | Z39: 0 | AA39: 2861177
A40: 220019 | B40: 2.1.2.02.01.004 | C40: IMEB | D40: Productos metalicos y paquetes de software | E40: 1.2.1.0.0 | F40: 30000000 | G40: 0 | H40: 0 | I40: 0 | J40: 0 | K40: 0 | L40: 0 | M40: 30000000 | N40: 0 | O40: 0 | P40: 0 | Q40: 0 | R40: 30000000 | S40: 0 | T40: 0 | U40: 0 | V40: 30000000 | W40: 0 | X40: 0 | Y40: 0 | Z40: 0 | AA40: 0
B41: 2.1.2.02.02 | C41: IMEB | D41: Adquisición de servicios | F41: 706373250 | G41: 0 | H41: 0 | I41: 0 | J41: 0 | K41: 36000000 | L41: 92943000 | M41: 649430250 | N41: 0 | O41: 519081503 | P41: 519081503 | Q41: 0 | R41: 130348747 | S41: 0 | T41: 519081503 | U41: 519081503 | V41: 130348747 | W41: 213405503 | X41: 0 | Y41: 213405503 | Z41: 213405503 | AA41: 305676000
A42: 220020 | B42: 2.1.2.02.02.006 | C42: IMEB | D42: Servicios de alojamiento; servicios de suministro de comidas y bebidas; servicios de transporte; y servicios de distribución de electricidad, gas y agua | E42: 1.2.1.0.0 | F42: 2476902 | G42: 0 | H42: 0 | I42: 0 | J42: 0 | K42: 0 | L42: 0 | M42: 2476902 | N42: 0 | O42: 2200000 | P42: 2200000 | Q42: 0 | R42: 276902 | S42: 0 | T42: 2200000 | U42: 2200000 | V42: 276902 | W42: 266333 | X42: 0 | Y42: 266333 | Z42: 266333 | AA42: 1933667
A43: 220021 | B43: 2.1.2.02.02.007 | C43: IMEB | D43: Servicios financieros y servicios conexos, servicios inmobiliarios y servicios de leasing | E43: 1.2.1.0.0 | F43: 357179873 | G43: 0 | H43: 0 | I43: 0 | J43: 0 | K43: 0 | L43: 10000000 | M43: 347179873 | N43: 0 | O43: 324849978 | P43: 324849978 | Q43: 0 | R43: 22329895 | S43: 0 | T43: 324849978 | U43: 324849978 | V43: 22329895 | W43: 103382645 | X43: 0 | Y43: 103382645 | Z43: 103382645 | AA43: 221467333
A44: 220022 | B44: 2.1.2.02.02.008 | C44: IMEB | D44: Servicios prestados a las empresas y servicios de producción | E44: 1.2.1.0.0 | F44: 74316475 | G44: 0 | H44: 0 | I44: 0 | J44: 0 | K44: 26000000 | L44: 0 | M44: 100316475 | N44: 0 | O44: 16918963 | P44: 16918963 | Q44: 0 | R44: 83397512 | S44: 0 | T44: 16918963 | U44: 16918963 | V44: 83397512 | W44: 12244297 | X44: 0 | Y44: 12244297 | Z44: 12244297 | AA44: 4674666
A45: 220023 | B45: 2.1.2.02.02.009 | C45: IMEB | D45: Servicios para la comunidad, sociales y personales | E45: 1.2.1.0.0 | F45: 272400000 | G45: 0 | H45: 0 | I45: 0 | J45: 0 | K45: 0 | L45: 82943000 | M45: 189457000 | N45: 0 | O45: 174000000 | P45: 174000000 | Q45: 0 | R45: 15457000 | S45: 0 | T45: 174000000 | U45: 174000000 | V45: 15457000 | W45: 96399666 | X45: 0 | Y45: 96399666 | Z45: 96399666 | AA45: 77600334
B46: 2.1.3 | C46: IMEB | D46: Transferencias corrientes | F46: 139809600 | G46: 0 | H46: 0 | I46: 0 | J46: 0 | K46: 0 | L46: 0 | M46: 139809600 | N46: 0 | O46: 0 | P46: 0 | Q46: 0 | R46: 139809600 | S46: 0 | T46: 0 | U46: 0 | V46: 139809600 | W46: 0 | X46: 0 | Y46: 0 | Z46: 0 | AA46: 0
B47: 2.1.3.13 | C47: IMEB | D47: Sentencias y Conciliaciones | F47: 139809600 | G47: 0 | H47: 0 | I47: 0 | J47: 0 | K47: 0 | L47: 0 | M47: 139809600 | N47: 0 | O47: 0 | P47: 0 | Q47: 0 | R47: 139809600 | S47: 0 | T47: 0 | U47: 0 | V47: 139809600 | W47: 0 | X47: 0 | Y47: 0 | Z47: 0 | AA47: 0
B48: 2.1.3.13.01 | C48: IMEB | D48: Fallos nacionales | F48: 139809600 | G48: 0 | H48: 0 | I48: 0 | J48: 0 | K48: 0 | L48: 0 | M48: 139809600 | N48: 0 | O48: 0 | P48: 0 | Q48: 0 | R48: 139809600 | S48: 0 | T48: 0 | U48: 0 | V48: 139809600 | W48: 0 | X48: 0 | Y48: 0 | Z48: 0 | AA48: 0
A49: 220024 | B49: 2.1.3.13.01.001 | C49: IMEB | D49: Sentencias | E49: 1.2.1.0.0 | F49: 119809609 | G49: 0 | H49: 0 | I49: 0 | J49: 0 | K49: 0 | L49: 0 | M49: 119809609 | N49: 0 | O49: 0 | P49: 0 | Q49: 0 | R49: 119809609 | S49: 0 | T49: 0 | U49: 0 | V49: 119809609 | W49: 0 | X49: 0 | Y49: 0 | Z49: 0 | AA49: 0
A50: 220025 | B50: 2.1.3.13.01.001 | C50: IMEB | D50: Sentencias | E50: 1.3.2.3.05 | F50: 19999991 | G50: 0 | H50: 0 | I50: 0 | J50: 0 | K50: 0 | L50: 0 | M50: 19999991 | N50: 0 | O50: 0 | P50: 0 | Q50: 0 | R50: 19999991 | S50: 0 | T50: 0 | U50: 0 | V50: 19999991 | W50: 0 | X50: 0 | Y50: 0 | Z50: 0 | AA50: 0
B51: 2.1.8 | C51: IMEB | D51: Gastos por tributos, multas, sanciones e intereses de mora | F51: 16000000 | G51: 0 | H51: 0 | I51: 0 | J51: 0 | K51: 5937000 | L51: 0 | M51: 21937000 | N51: 0 | O51: 16000000 | P51: 16000000 | Q51: 0 | R51: 5937000 | S51: 0 | T51: 16000000 | U51: 16000000 | V51: 5937000 | W51: 9140165 | X51: 0 | Y51: 9140165 | Z51: 9140165 | AA51: 6859835
B52: 2.1.8.04 | C52: IMEB | D52: Contribuciones | F52: 16000000 | G52: 0 | H52: 0 | I52: 0 | J52: 0 | K52: 5937000 | L52: 0 | M52: 21937000 | N52: 0 | O52: 16000000 | P52: 16000000 | Q52: 0 | R52: 5937000 | S52: 0 | T52: 16000000 | U52: 16000000 | V52: 5937000 | W52: 9140165 | X52: 0 | Y52: 9140165 | Z52: 9140165 | AA52: 6859835
A53: 220026 | B53: 2.1.8.04.01 | C53: IMEB | D53: Cuota de fiscalización y auditaje | E53: 1.2.1.0.0 | F53: 16000000 | G53: 0 | H53: 0 | I53: 0 | J53: 0 | K53: 5937000 | L53: 0 | M53: 21937000 | N53: 0 | O53: 16000000 | P53: 16000000 | Q53: 0 | R53: 5937000 | S53: 0 | T53: 16000000 | U53: 16000000 | V53: 5937000 | W53: 9140165 | X53: 0 | Y53: 9140165 | Z53: 9140165 | AA53: 6859835
B54: 2.3 | C54: IMEB | D54: Inversión | F54: 2707137572 | G54: 0 | H54: 0 | I54: 0 | J54: 0 | K54: 180013147 | L54: 180013147 | M54: 2707137572 | N54: 0 | O54: 2345045637 | P54: 2345045637 | Q54: 0 | R54: 362091935 | S54: 0 | T54: 2297045637 | U54: 2297045637 | V54: 410091935 | W54: 1024024809 | X54: 0 | Y54: 1024024809 | Z54: 1024024809 | AA54: 1273020828
B55: 2.3.2 | C55: IMEB | D55: Adquisicion de bienes y servicios | F55: 2707137572 | G55: 0 | H55: 0 | I55: 0 | J55: 0 | K55: 180013147 | L55: 180013147 | M55: 2707137572 | N55: 0 | O55: 2345045637 | P55: 2345045637 | Q55: 0 | R55: 362091935 | S55: 0 | T55: 2297045637 | U55: 2297045637 | V55: 410091935 | W55: 1024024809 | X55: 0 | Y55: 1024024809 | Z55: 1024024809 | AA55: 1273020828
B56: 2.3.2.02.02 | C56: IMEB | D56: Adquisición de servicios | F56: 2707137572 | G56: 0 | H56: 0 | I56: 0 | J56: 0 | K56: 180013147 | L56: 180013147 | M56: 2707137572 | N56: 0 | O56: 2345045637 | P56: 2345045637 | Q56: 0 | R56: 362091935 | S56: 0 | T56: 2297045637 | U56: 2297045637 | V56: 410091935 | W56: 1024024809 | X56: 0 | Y56: 1024024809 | Z56: 1024024809 | AA56: 1273020828
A57: 220027 | B57: 2.3.2.02.02.006 | C57: IMEB | D57: Servicios de alojamiento; servicios de suministro de comidas y bebidas; servicios de transporte; y servicios de distribución de electricidad, gas y agua-CDE | E57: 1.2.1.0.0 | F57: 62800427 | G57: 0 | H57: 0 | I57: 0 | J57: 0 | K57: 0 | L57: 23000000 | M57: 39800427 | N57: 0 | O57: 29294927 | P57: 29294927 | Q57: 0 | R57: 10505500 | S57: 0 | T57: 29294927 | U57: 29294927 | V57: 10505500 | W57: 2358261 | X57: 0 | Y57: 2358261 | Z57: 2358261 | AA57: 26936666
A58: 220028 | B58: 2.3.2.02.02.007 | C58: IMEB | D58: Servicios financieros y servicios conexos, servicios inmobiliarios y servicios de leasing-COWORKING | E58: 1.2.1.0.0 | F58: 226483488 | G58: 0 | H58: 0 | I58: 0 | J58: 0 | K58: 0 | L58: 73013147 | M58: 153470341 | N58: 0 | O58: 153470341 | P58: 153470341 | Q58: 0 | R58: 0 | S58: 0 | T58: 153470341 | U58: 153470341 | V58: 0 | W58: 38367585 | X58: 0 | Y58: 38367585 | Z58: 38367585 | AA58: 115102756
A59: 220029 | B59: 2.3.2.02.02.007 | C59: IMEB | D59: Servicios financieros y servicios conexos, servicios inmobiliarios y servicios de leasing-CDE | E59: 1.2.1.0.0 | F59: 105125000 | G59: 0 | H59: 0 | I59: 0 | J59: 0 | K59: 84000000 | L59: 0 | M59: 189125000 | N59: 0 | O59: 151293550 | P59: 151293550 | Q59: 0 | R59: 37831450 | S59: 0 | T59: 103293550 | U59: 103293550 | V59: 85831450 | W59: 62952200 | X59: 0 | Y59: 62952200 | Z59: 62952200 | AA59: 40341350
B60: 2.3.2.02.02.009 | C60: IMEB | D60: Servicios para la comunidad, sociales y personales | F60: 2312728657 | G60: 0 | H60: 0 | I60: 0 | J60: 0 | K60: 96013147 | L60: 84000000 | M60: 2324741804 | N60: 0 | O60: 2010986819 | P60: 2010986819 | Q60: 0 | R60: 313754985 | S60: 0 | T60: 2010986819 | U60: 2010986819 | V60: 313754985 | W60: 920346763 | X60: 0 | Y60: 920346763 | Z60: 920346763 | AA60: 1090640056
A61: 220030 | B61: 2.3.2.02.02.009.01 | C61: IMEB | D61: Servicios para la comunidad, sociales y personales-BANCA | E61: 1.3.2.3.05 | F61: 10000009 | G61: 0 | H61: 0 | I61: 0 | J61: 0 | K61: 0 | L61: 0 | M61: 10000009 | N61: 0 | O61: 10000000 | P61: 10000000 | Q61: 0 | R61: 9 | S61: 0 | T61: 10000000 | U61: 10000000 | V61: 9 | W61: 0 | X61: 0 | Y61: 0 | Z61: 0 | AA61: 10000000 | AC61: =+M61-P61 -> 9
A62: 220031 | B62: 2.3.2.02.02.009.02 | C62: IMEB | D62: Servicios para la comunidad, sociales y personales-BANCA | E62: 1.2.1.0.0 | F62: 20916668 | G62: 0 | H62: 0 | I62: 0 | J62: 0 | K62: 0 | L62: 0 | M62: 20916668 | N62: 0 | O62: 20000000 | P62: 20000000 | Q62: 0 | R62: 916668 | S62: 0 | T62: 20000000 | U62: 20000000 | V62: 916668 | W62: 18166666 | X62: 0 | Y62: 18166666 | Z62: 18166666 | AA62: 1833334 | AC62: =+M62-P62 -> 916668
A63: 220032 | B63: 2.3.2.02.02.009.03 | C63: IMEB | D63: Servicios para la comunidad, sociales y personales- CDE | E63: 1.2.1.0.0 | F63: 1382074573 | G63: 0 | H63: 0 | I63: 0 | J63: 0 | K63: 0 | L63: 84000000 | M63: 1298074573 | N63: 0 | O63: 1091095277 | P63: 1091095277 | Q63: 0 | R63: 206979296 | S63: 0 | T63: 1091095277 | U63: 1091095277 | V63: 206979296 | W63: 367547330 | X63: 0 | Y63: 367547330 | Z63: 367547330 | AA63: 723547947 | AC63: =+M63-P63 -> 206979296
A64: 220033 | B64: 2.3.2.02.02.009.04 | C64: IMEB | D64: Servicios para la comunidad, sociales y personales -EMPLEO | E64: 1.2.1.0.0 | F64: 312133332 | G64: 0 | H64: 0 | I64: 0 | J64: 0 | K64: 0 | L64: 0 | M64: 312133332 | N64: 0 | O64: 230854542 | P64: 230854542 | Q64: 0 | R64: 81278790 | S64: 0 | T64: 230854542 | U64: 230854542 | V64: 81278790 | W64: 128841937 | X64: 0 | Y64: 128841937 | Z64: 128841937 | AA64: 102012605 | AC64: =+M64-P64 -> 81278790
A65: 220034 | B65: 2.3.2.02.02.009.05 | C65: IMEB | D65: Servicios para la comunidad, sociales y personales-COWORKING | E65: 1.2.1.0.0 | F65: 203516512 | G65: 0 | H65: 0 | I65: 0 | J65: 0 | K65: 73013147 | L65: 0 | M65: 276529659 | N65: 0 | O65: 252867000 | P65: 252867000 | Q65: 0 | R65: 23662659 | S65: 0 | T65: 252867000 | U65: 252867000 | V65: 23662659 | W65: 164079999 | X65: 0 | Y65: 164079999 | Z65: 164079999 | AA65: 88787001 | AC65: =+M65-P65 -> 23662659
A66: 220035 | B66: 2.3.2.02.02.009.06 | C66: IMEB | D66: Servicios para la comunidad, sociales y personales-FORTALECIMIENTO | E66: 1.2.1.0.0 | F66: 384087563 | G66: 0 | H66: 0 | I66: 0 | J66: 0 | K66: 23000000 | L66: 0 | M66: 407087563 | N66: 0 | O66: 406170000 | P66: 406170000 | Q66: 0 | R66: 917563 | S66: 0 | T66: 406170000 | U66: 406170000 | V66: 917563 | W66: 241710831 | X66: 0 | Y66: 241710831 | Z66: 241710831 | AA66: 164459169 | AC66: =+M66-P66 -> 917563
D69: CDE | M69: =+M57+M59+M63 -> 1527000000 | P69: =+P57+P59+P63 -> 1271683754 | U69: =+U57+U59+U63 -> 1223683754 | Z69: =+Z57+Z59+Z63 -> 432857791
D70: COWORKING | M70: =+M58+M65 -> 430000000 | P70: =+P58+P65 -> 406337341 | U70: =+U58+U65 -> 406337341 | Z70: =+Z58+Z65 -> 202447584
D71: BANCA | M71: =+M61+M62 -> 30916677 | P71: =+P61+P62 -> 30000000 | U71: =+U61+U62 -> 30000000 | Z71: =+Z61+Z62 -> 18166666
D72: EMPLEO | M72: =+M64 -> 312133332 | P72: =+P64 -> 230854542 | U72: =+U64 -> 230854542 | Z72: =+Z64 -> 128841937
D73: FORTALECIMIENTO | M73: =+M66 -> 407087563 | P73: =+P66 -> 406170000 | U73: =+U66 -> 406170000 | Z73: =+Z66 -> 241710831
P76: =352270000+23500000 -> 375770000
P78: =+P73-P76 -> 30400000

Sheet Recursos Gestionados
A1: Meta | B1: Proyecto | C1: Contrato | D1: Cooperante | E1: Aporte Dinero IMEBU | F1: Aporte Especie IMEBU | G1: Aporte Cooperante | H1: Total Convenio
A2: =+'PA 2022'!E9 -> Fortalecer a 5.000 empresas, emprendimientos y/o unidades productivas, a través de la implementación de un programa de incubación y aceleración de emprendimientos innovadores articulados con el ecosistema de emprendimiento, que caracterice las capacidades tecnológicas instaladas (duras y blandas) con enfoque diferencial. | B2: =+'PA 2022'!H9 -> FORTALECIMIENTO DEL COWORKING COMO ESTRATEGIA PARA EL EMPRENDIMIENTO, INNOVACIÓN, DINAMIZACIÓN Y ACELERACIÓN EMPRESARIAL EN EL MUNICIPIO DE BUCARAMANGA | C2: Convenio CCT 001 - 2022 | D2: Camara de comercio | E2: 448760119 | G2: 153470340 | H2: =+E2+G2 -> 602230459
A3: =+'PA 2022'!E10 -> Implementar 1 programa de desarrollo empresarial y de empleabilidad para las micro y pequeñas empresas (incluyendo unidades productivas). | B3: =+'PA 2022'!H10 -> FORTALECIMIENTO DEL CENTRO DE DESARROLLO EMPRESARIAL Y DE EMPLEABILIDAD EN EL MUNICIPIO DE BUCARAMANGA | C3: Acuerdo de cooperación | D3: Eiwos Colombia | G3: 213659181
A4: =+'PA 2022'!E10 -> Implementar 1 programa de desarrollo empresarial y de empleabilidad para las micro y pequeñas empresas (incluyendo unidades productivas). | B4: =+'PA 2022'!H10 -> FORTALECIMIENTO DEL CENTRO DE DESARROLLO EMPRESARIAL Y DE EMPLEABILIDAD EN EL MUNICIPIO DE BUCARAMANGA | C4: Convenio CA 001 - 2022 | D4: Camara de comercio | E4: 82331162 | F4: 236720000 | G4: 139668961 | H4: =+F4+E4+G4 -> 458720123
A5: =+'PA 2022'!E10 -> Implementar 1 programa de desarrollo empresarial y de empleabilidad para las micro y pequeñas empresas (incluyendo unidades productivas). | B5: =+'PA 2022'!H10 -> FORTALECIMIENTO DEL CENTRO DE DESARROLLO EMPRESARIAL Y DE EMPLEABILIDAD EN EL MUNICIPIO DE BUCARAMANGA | C5: Convenio CA 002 - 2022 | D5: Comfenalco | E5: 318284115 | F5: 70474177 | G5: 166612233 | H5: =+F5+E5+G5 -> 555370525
E6: =+SUM(E2:E5) -> 849375396 | F6: =+SUM(F2:F5) -> 307194177 | G6: =+SUM(G2:G5) -> 673410715 | H6: =+SUM(H2:H5) -> 1616321107 | I6: =G6/H6 -> 0.41663176

Sheet Resultado por Estrategias 
G1: EJECUTADO
A2: Proyecto | B2: Estrategia | C2: Beneficiados | D2: Meta Real cuatrienio | F2: Meta mensual | G2: Enero | H2: Febrero | I2: Marzo | J2: Abril | K2: Mayo | L2: Junio | M2: Julio | N2: Agosto | O2: Septiembre | P2: Octubre | Q2: Meta a 31 Octubre | R2: Cumpl a Octubre | S2: Rezago a hoy | T2: Estrategia
A3: Coworking | B3: Consultorio E Marketing | C3: =+SUM(G3:P3) -> 638 | D3: 1600 | E3: 800 | F3: =+E3/12 -> 66.666667 | G3: 0 | H3: 17 | I3: 62 | J3: 80 | K3: 99 | L3: 124 | M3: 10 | N3: 84 | O3: 82 | P3: 80 | Q3: =+F3*10 -> 666.66667 | R3: =SUM(G3:P3) -> 638 | S3: =+R3-Q3 -> -28.666667 | T3: 200 Maraton Empleo y Emprendimiento. En junio se nivela.
A4: Coworking | B4: Espacios Colaborativos | C4: =+SUM(G4:P4) -> 23 | E4: 200 | G4: 0 | H4: 14 | I4: 0 | J4: 0 | K4: 3 | L4: 2 | M4: 0 | N4: 1 | O4: 1 | P4: 2 | Q4: =+F4*10 -> 0 | R4: =SUM(G4:P4) -> 23 | S4: =+R4-Q4 -> 23
A5: Coworking | B5: Cemprende - SEED LAB | C5: =+SUM(G5:P5) -> 15 | F5: =+E4/12 -> 16.666667 | G5: 0 | H5: 0 | I5: 0 | J5: 0 | K5: 10 | L5: 0 | M5: 0 | N5: 0 | O5: 0 | P5: 5 | Q5: =+F5*10 -> 166.66667 | R5: =SUM(G5:P5) -> 15 | S5: =+R5-Q5 -> -151.66667
A6: Coworking | B6: Cemprende - HerramientaSTEC | C6: =+SUM(G6:P6) -> 57 | G6: 0 | H6: 0 | I6: 0 | J6: 15 | K6: 15 | L6: 7 | M6: 5 | N6: 8 | O6: 2 | P6: 5 | Q6: =+F6*10 -> 0 | R6: =SUM(G6:P6) -> 57 | S6: =+R6-Q6 -> 57
A7: Coworking | B7: Avanza BGA | C7: =+SUM(G7:P7) -> 201 | E7: 300 | F7: =+E7/12 -> 25 | G7: 0 | H7: 0 | I7: 51 | J7: 3 | K7: 5 | L7: 26 | M7: 2 | N7: 30 | O7: 33 | P7: 51 | Q7: =+F7*10 -> 250 | R7: =SUM(G7:P7) -> 201 | S7: =+R7-Q7 -> -49 | T7: 101 inscritas que estan en proceso. Salen Junio.
A8: Coworking | B8: Crea | C8: =+SUM(G8:P8) -> 212 | E8: 300 | F8: =+E8/12 -> 25 | G8: 0 | H8: 0 | I8: 0 | J8: 22 | K8: 54 | L8: 47 | M8: 34 | N8: 25 | O8: 30 | P8: 0 | Q8: =+F8*10 -> 250 | R8: =SUM(G8:P8) -> 212 | S8: =+R8-Q8 -> -38 | T8: 460 empresas inscritas, se hizo plan de choque. Feria Udes, Apoyo Cámara Cio. Se requiere personal.
A9: CDE | B9: Planes de mejoramiento diseñados | C9: =+SUM(G9:P9) -> 984 | D9: 2600 | E9: 430 | F9: =+E9/12 -> 35.833333 | G9: 0 | H9: 84 | I9: 76 | J9: 78 | K9: 87 | L9: 138 | M9: 72 | N9: 106 | O9: 206 | P9: 137 | Q9: =+F9*10 -> 358.33333 | R9: =SUM(G9:P9) -> 984 | S9: =+R9-Q9 -> 625.66667
A10: CDE | B10: Modelos de negocio | C10: =+SUM(G10:P10) -> 254 | E10: 180 | F10: =+E10/12 -> 15 | G10: 0 | H10: 0 | I10: 12 | J10: 12 | K10: 55 | L10: 36 | M10: 25 | N10: 27 | O10: 30 | P10: 57 | Q10: =+F10*10 -> 150 | R10: =SUM(G10:P10) -> 254 | S10: =+R10-Q10 -> 104
A11: CDE | B11: Talleres CDE | C11: =+SUM(G11:P11) -> 2184 | E11: 620 | F11: =+E11/12 -> 51.666667 | G11: 0 | H11: 0 | I11: 83 | J11: 128 | K11: 165 | L11: 330 | M11: 604 | N11: 215 | O11: 359 | P11: 300 | Q11: =+F11*10 -> 516.66667 | R11: =SUM(G11:P11) -> 2184 | S11: =+R11-Q11 -> 1667.3333
A12: CDE | B12: Talleres vitrinismo Beatriz | C12: =+SUM(G12:P12) -> 280 | E12: 220 | F12: =+E12/12 -> 18.333333 | G12: 0 | H12: 0 | I12: 20 | J12: 39 | K12: 36 | L12: 32 | M12: 37 | N12: 31 | O12: 23 | P12: 62 | Q12: =+F12*10 -> 183.33333 | R12: =SUM(G12:P12) -> 280 | S12: =+R12-Q12 -> 96.666667 | T12: Agenda 400 años
A13: CDE | B13: Taller en e-comerce y uso de plataforma Market Place | C13: =+SUM(G13:P13) -> 200 | E13: 350 | F13: =+E13/12 -> 29.166667 | G13: 0 | H13: 0 | I13: 10 | J13: 137 | K13: 0 | L13: 32 | M13: 1 | N13: 0 | O13: 0 | P13: 20 | Q13: =+F13*10 -> 291.66667 | R13: =SUM(G13:P13) -> 200 | S13: =+R13-Q13 -> -91.666667
A14: CDE | B14: Talleres Somos Locales | C14: =+SUM(G14:P14) -> 2189 | E14: 800 | F14: =+E14/12 -> 66.666667 | G14: 0 | H14: 0 | I14: 0 | J14: 225 | K14: 452 | L14: 438 | M14: 220 | N14: 560 | O14: 294 | P14: 0 | Q14: =+F14*10 -> 666.66667 | R14: =SUM(G14:P14) -> 2189 | S14: =+R14-Q14 -> 1522.3333
A15: CDE | B15: Planes de mejoramiento implementados | C15: =+SUM(G15:P15) -> 753 | D15: 1324 | E15: =+D15 -> 1324 | F15: =+E15/12 -> 110.33333 | G15: 0 | H15: 0 | I15: 76 | J15: 55 | K15: 72 | L15: 107 | M15: 94 | N15: 29 | O15: 165 | P15: 155 | Q15: =+F15*10 -> 1103.3333 | R15: =SUM(G15:P15) -> 753 | S15: =+R15-Q15 -> -350.33333 | T15: Meta por convenio 410 por disminución equipos. Plan de choque con market place.
A16: CDE | B16: CDE Virtual | C16: =+SUM(G16:P16) -> 1 | D16: 0.6 | E16: 0.35 | F16: =+E16/12 -> 0.029166667 | G16: 0 | H16: 0 | I16: 0 | J16: 0.09 | K16: 0 | L16: 0 | M16: 0.21 | N16: 0 | O16: 0 | P16: 0.7 | Q16: =+F16*10 -> 0.29166667 | R16: =SUM(G16:P16) -> 1 | S16: 0.01 | T16: Entrega en Junio completo hasta plan de mejoramiento. No hay servidor. La Alcaldía no ha contestado si prestan o no servidor.
A17: CDE | B17: Market Place (productos cargados en plataforma) | C17: =+SUM(G17:P17) -> 820 | D17: 1000 | E17: 1000 | F17: =E17/12 -> 83.333333 | G17: 0 | H17: 0 | I17: 0 | J17: 100 | K17: 100 | L17: 100 | M17: 36 | N17: 64 | O17: 283 | P17: 137 | Q17: =+F17*10 -> 833.33333 | R17: =SUM(G17:P17) -> 820 | S17: =+R17-Q17 -> -13.333333 | T17: En Agosto se nivela.
A18: Banca | B18: Creditos tecnologia e innovación | C18: =+SUM(G18:P18) -> 1671 | D18: 2166 | E18: =+D18 -> 2166 | F18: =+E18/12 -> 180.5 | G18: 57 | H18: 99 | I18: 154 | J18: 235 | K18: 355 | L18: 293 | M18: 208 | N18: 109 | O18: 97 | P18: 64 | Q18: =+F18*10 -> 1805 | R18: =SUM(G18:P18) -> 1671 | S18: =+R18-Q18 -> -134 | T18: Apalancafest - Universidades, Plazas, Sena Tecnoparque, CDE, Atento.
A19: Banca | B19: Creditos diferente a tecnologia e innovación | C19: =+SUM(G19:P19) -> 1279 | D19: 1200 | E19: 1200 | F19: =+E19/12 -> 100 | G19: 102 | H19: 160 | I19: 152 | J19: 61 | K19: 95 | L19: 230 | M19: 117 | N19: 129 | O19: 117 | P19: 116 | Q19: =+F19*10 -> 1000 | R19: =SUM(G19:P19) -> 1279 | S19: =+R19-Q19 -> 279
A20: Empleo | B20: Registrados | C20: =+SUM(G20:P20) -> 5600 | D20: 1300 | E20: =+D20 -> 1300 | F20: =+E20/12 -> 108.33333 | G20: 96 | H20: 341 | I20: 611 | J20: 660 | K20: 939 | L20: 556 | M20: 471 | N20: 605 | O20: 587 | P20: 734 | Q20: =+F20*10 -> 1083.3333 | R20: =SUM(G20:P20) -> 5600 | S20: =+R20-Q20 -> 4516.6667
A21: Empleo | B21: Talleres empleo | C21: =+SUM(G21:P21) -> 3032 | D21: 800 | E21: =+D21 -> 800 | F21: =+E21/12 -> 66.666667 | G21: 0 | H21: 68 | I21: 393 | J21: =143+115 -> 258 | K21: 346 | L21: 462 | M21: 381 | N21: 366 | O21: 363 | P21: 395 | Q21: =+F21*10 -> 666.66667 | R21: =SUM(G21:P21) -> 3032 | S21: =+R21-Q21 -> 2365.3333
A22: Empleo | B22: Empresas acompañadas | C22: =+SUM(G22:P22) -> 805 | D22: 390 | E22: =+D22 -> 390 | F22: =+E22/12 -> 32.5 | G22: 0 | H22: 40 | I22: 42 | J22: 120 | K22: 67 | L22: 44 | M22: 12 | N22: 183 | O22: 156 | P22: 141 | Q22: =+F22*10 -> 325 | R22: =SUM(G22:P22) -> 805 | S22: =+R22-Q22 -> 480
B24: IMPACTO
B25: Intermediar y gestionar 5.000 empleos a través de proyectos empresariales, financieros y de empleabilidad en los sectores priorizados. | C25: 3000
A26: Empleo | B26: Colocados | C26: 1210 | F26: =+C26/12 -> 100.83333 | G26: 11 | H26: 83 | I26: 117 | J26: 156 | K26: =170+331 -> 501 | Q26: =+F26*5 -> 504.16667 | R26: =SUM(G26:K26) -> 868 | S26: =+R26-Q26 -> 363.83333
A27: Banca | B27: Empleos nuevos | C27: 1290 | F27: =+C27/12 -> 107.5 | G27: 57 | H27: 122 | I27: 150 | J27: 119 | Q27: =+F27*5 -> 537.5 | R27: =SUM(G27:K27) -> 448 | S27: =+R27-Q27 -> -89.5
A28: CDE | B28: Empleos nuevos | C28: 500 | F28: =+C28/12 -> 41.666667 | G28: 0 | H28: 0 | I28: 0 | J28: 0 | Q28: =+F28*5 -> 208.33333 | R28: =SUM(G28:K28) -> 0 | S28: =+R28-Q28 -> -208.33333
B30: Mejorar en 2.000 empresas sus capacidades competitivas y su nivel de productividad. | C30: 1300
A31: Banca | G31: 11 | H31: 83 | I31: 117 | J31: 156 | K31: 488 | Q31: =+F31*4 -> 0 | R31: =SUM(G31:J31) -> 367 | S31: =+R31-Q31 -> 367
A32: CDE | G32: 57 | H32: 122 | I32: 150 | J32: 119 | Q32: =+F32*4 -> 0 | R32: =SUM(G32:J32) -> 448 | S32: =+R32-Q32 -> 448
A33: Marketing D | G33: 0 | H33: 0 | I33: 0 | J33: 0 | Q33: =+F33*4 -> 0 | R33: =SUM(G33:J33) -> 0 | S33: =+R33-Q33 -> 0
A34: Avanza
A35: Crea | G35: 0 | H35: 0 | I35: 0 | J35: 57
A36: Market Place
A37: Espacios
A38: Seed Lab Stec
A39: Empleo

Sheet Gastos_Julio
A1: INSTITUTO MUNICIPAL DE EMPLEO Y FOMENTO EMPRESARIAL - IMEBU
A2: NIT: 00804014968 - 1
A3: EJECUCION PRESUPUESTAL DE GASTOS
A4: Periodo comprendido entre 01-01-2022 y 31-07-2022
A5: Fecha de Impresión: 02.08.2022 Hora: 03:15:pm
A6: Impreso por: GUSTAVO - GUSTAVO RAMIREZ BONELLS
A7: Codigo de Control | B7: Rubro Presupuestal | C7: Unidad Ejecutora | D7: Descripción | E7: Fuente | F7: Presupuesto Inicial | G7: Adiciones | H7: Aplazamientos | I7: Desaplazamiento | J7: Reducciones | K7: Créditos | L7: Contracréditos | M7: Presupuesto Definitivo | N7: Cdps Mes Anterior | O7: Cdps Mes Actual | P7: Total Ejecutado Segun Cdps | Q7: Cdps Vigencia Futura | R7: Saldo por Ejecutar | S7: Compromisos Mes Anterior | T7: Total Compromisos mes Actual | U7: Total Compromisos | V7: Saldo por Comprometer | W7: Total Obligaciones | X7: Pagos Mes Anterior | Y7: Total Pagos Periodo | Z7: Total Pagos | AA7: Saldo por Pagar
A8: 220077 | B8: 2.1.2.02.02.010 | C8: IMEB | D8: Viáticos de funcionarios en Comisión | E8: APM | F8: 0 | G8: 0 | H8: 0 | I8: 0 | J8: 0 | K8: 10000000 | L8: 0 | M8: 10000000 | N8: 0 | O8: 1112562 | P8: 1112562 | Q8: 0 | R8: 8887438 | S8: 0 | T8: 1112562 | U8: 1112562 | V8: 8887438 | W8: 1112562 | X8: 0 | Y8: 1112562 | Z8: 1112562 | AA8: 0
B9: 2 | C9: IMEB | D9: Gastos | F9: 5040000000 | G9: 3.7073266e+09 | H9: 0 | I9: 0 | J9: 0 | K9: 272956147 | L9: 272956147 | M9: 8.7473266e+09 | N9: 0 | O9: 4597843201 | P9: 4597843201 | Q9: 0 | R9: 4.1494834e+09 | S9: 0 | T9: 4300674392 | U9: 4300674392 | V9: 4.4466522e+09 | W9: 2720679877 | X9: 0 | Y9: 2674385342 | Z9: 2674385342 | AA9: 1626289050
B10: 2.1 | C10: IMEB | D10: Funcionamiento | F10: 2332862428 | G10: 0 | H10: 0 | I10: 0 | J10: 0 | K10: 92943000 | L10: 92943000 | M10: 2332862428 | N10: 0 | O10: 1305911964 | P10: 1305911964 | Q10: 0 | R10: 1026950464 | S10: 0 | T10: 1247271488 | U10: 1247271488 | V10: 1085590940 | W10: 981179016 | X10: 0 | Y10: 961537816 | Z10: 961537816 | AA10: 285733672
B11: 2.1.1 | C11: IMEB | D11: Gastos de personal | F11: 1388561517 | G11: 0 | H11: 0 | I11: 0 | J11: 0 | K11: 36006000 | L11: 0 | M11: 1424567517 | N11: 0 | O11: 660072447 | P11: 660072447 | Q11: 0 | R11: 764495070 | S11: 0 | T11: 660072447 | U11: 660072447 | V11: 764495070 | W11: 660007387 | X11: 0 | Y11: 640586787 | Z11: 640586787 | AA11: 19485660
B12: 2.1.1.01 | C12: IMEB | D12: Planta de personal permanente | F12: 1388561517 | G12: 0 | H12: 0 | I12: 0 | J12: 0 | K12: 36006000 | L12: 0 | M12: 1424567517 | N12: 0 | O12: 660072447 | P12: 660072447 | Q12: 0 | R12: 764495070 | S12: 0 | T12: 660072447 | U12: 660072447 | V12: 764495070 | W12: 660007387 | X12: 0 | Y12: 640586787 | Z12: 640586787 | AA12: 19485660
B13: 2.1.1.01.01 | C13: IMEB | D13: Factores constitutivos de salario | F13: 986057546 | G13: 0 | H13: 0 | I13: 0 | J13: 0 | K13: 22850000 | L13: 0 | M13: 1008907546 | N13: 0 | O13: 502147031 | P13: 502147031 | Q13: 0 | R13: 506760515 | S13: 0 | T13: 502147031 | U13: 502147031 | V13: 506760515 | W13: 502147031 | X13: 0 | Y13: 502147031 | Z13: 502147031 | AA13: 0
B14: 2.1.1.01.01.001 | C14: IMEB | D14: Factores salariales comunes | F14: 976294600 | G14: 0 | H14: 0 | I14: 0 | J14: 0 | K14: 22540000 | L14: 0 | M14: 998834600 | N14: 0 | O14: 502130075 | P14: 502130075 | Q14: 0 | R14: 496704525 | S14: 0 | T14: 502130075 | U14: 502130075 | V14: 496704525 | W14: 502130075 | X14: 0 | Y14: 502130075 | Z14: 502130075 | AA14: 0
A15: 220001 | B15: 2.1.1.01.01.001.01 | C15: IMEB | D15: Sueldo básico | E15: 1.2.1.0.0 | F15: 775965124 | G15: 0 | H15: 0 | I15: 0 | J15: 0 | K15: 16220000 | L15: 0 | M15: 792185124 | N15: 0 | O15: 448607509 | P15: 448607509 | Q15: 0 | R15: 343577615 | S15: 0 | T15: 448607509 | U15: 448607509 | V15: 343577615 | W15: 448607509 | X15: 0 | Y15: 448607509 | Z15: 448607509 | AA15: 0
A16: 220002 | B16: 2.1.1.01.01.001.06 | C16: IMEB | D16: Prima de servicios | E16: 1.2.1.0.0 | F16: 66549782 | G16: 0 | H16: 0 | I16: 0 | J16: 0 | K16: 2100000 | L16: 0 | M16: 68649782 | N16: 0 | O16: 34207924 | P16: 34207924 | Q16: 0 | R16: 34441858 | S16: 0 | T16: 34207924 | U16: 34207924 | V16: 34441858 | W16: 34207924 | X16: 0 | Y16: 34207924 | Z16: 34207924 | AA16: 0
A17: 220003 | B17: 2.1.1.01.01.001.07 | C17: IMEB | D17: Bonificación por servicios prestados | E17: 1.2.1.0.0 | F17: 22632315 | G17: 0 | H17: 0 | I17: 0 | J17: 0 | K17: 710000 | L17: 0 | M17: 23342315 | N17: 0 | O17: 12938977 | P17: 12938977 | Q17: 0 | R17: 10403338 | S17: 0 | T17: 12938977 | U17: 12938977 | V17: 10403338 | W17: 12938977 | X17: 0 | Y17: 12938977 | Z17: 12938977 | AA17: 0
B18: 2.1.1.01.01.001.08 | C18: IMEB | D18: Prestaciones sociales | F18: 111147379 | G18: 0 | H18: 0 | I18: 0 | J18: 0 | K18: 3510000 | L18: 0 | M18: 114657379 | N18: 0 | O18: 6375665 | P18: 6375665 | Q18: 0 | R18: 108281714 | S18: 0 | T18: 6375665 | U18: 6375665 | V18: 108281714 | W18: 6375665 | X18: 0 | Y18: 6375665 | Z18: 6375665 | AA18: 0
A19: 220004 | B19: 2.1.1.01.01.001.08.01 | C19: IMEB | D19: Prima de navidad | E19: 1.2.1.0.0 | F19: 75099581 | G19: 0 | H19: 0 | I19: 0 | J19: 0 | K19: 2360000 | L19: 0 | M19: 77459581 | N19: 0 | O19: 136165 | P19: 136165 | Q19: 0 | R19: 77323416 | S19: 0 | T19: 136165 | U19: 136165 | V19: 77323416 | W19: 136165 | X19: 0 | Y19: 136165 | Z19: 136165 | AA19: 0
A20: 220005 | B20: 2.1.1.01.01.001.08.02 | C20: IMEB | D20: Prima de vacaciones | E20: 1.2.1.0.0 | F20: 36047798 | G20: 0 | H20: 0 | I20: 0 | J20: 0 | K20: 1150000 | L20: 0 | M20: 37197798 | N20: 0 | O20: 6239500 | P20: 6239500 | Q20: 0 | R20: 30958298 | S20: 0 | T20: 6239500 | U20: 6239500 | V20: 30958298 | W20: 6239500 | X20: 0 | Y20: 6239500 | Z20: 6239500 | AA20: 0
A21: 220006 | B21: 2.1.1.01.01.002 | C21: IMEB | D21: Factores salariales especiales | E21: 1.2.1.0.0 | F21: 9762946 | G21: 0 | H21: 0 | I21: 0 | J21: 0 | K21: 310000 | L21: 0 | M21: 10072946 | N21: 0 | O21: 16956 | P21: 16956 | Q21: 0 | R21: 10055990 | S21: 0 | T21: 16956 | U21: 16956 | V21: 10055990 | W21: 16956 | X21: 0 | Y21: 16956 | Z21: 16956 | AA21: 0
B22: 2.1.1.01.02 | C22: IMEB | D22: Contribuciones inherentes a la nómina | F22: 335322951 | G22: 0 | H22: 0 | I22: 0 | J22: 0 | K22: 11360000 | L22: 0 | M22: 346682951 | N22: 0 | O22: 148050659 | P22: 148050659 | Q22: 0 | R22: 198632292 | S22: 0 | T22: 148050659 | U22: 148050659 | V22: 198632292 | W22: 147985599 | X22: 0 | Y22: 128564999 | Z22: 128564999 | AA22: 19485660
A23: 220007 | B23: 2.1.1.01.02.001 | C23: IMEB | D23: Aportes a la seguridad social en pensiones | E23: 1.2.1.0.0 | F23: 95788061 | G23: 0 | H23: 0 | I23: 0 | J23: 0 | K23: 3050000 | L23: 0 | M23: 98838061 | N23: 0 | O23: 56929450 | P23: 56929450 | Q23: 0 | R23: 41908611 | S23: 0 | T23: 56929450 | U23: 56929450 | V23: 41908611 | W23: 56929450 | X23: 0 | Y23: 49153850 | Z23: 49153850 | AA23: 7775600
A24: 220008 | B24: 2.1.1.01.02.002 | C24: IMEB | D24: Aportes a la seguridad social en salud | E24: 1.2.1.0.0 | F24: 67849877 | G24: 0 | H24: 0 | I24: 0 | J24: 0 | K24: 2160000 | L24: 0 | M24: 70009877 | N24: 0 | O24: 40323948 | P24: 40323948 | Q24: 0 | R24: 29685929 | S24: 0 | T24: 40323948 | U24: 40323948 | V24: 29685929 | W24: 40323948 | X24: 0 | Y24: 34816348 | Z24: 34816348 | AA24: 5507600
A25: 220009 | B25: 2.1.1.01.02.003 | C25: IMEB | D25: Aportes de cesantías | E25: 1.2.1.0.0 | F25: 81357880 | G25: 0 | H25: 0 | I25: 0 | J25: 0 | K25: 2560000 | L25: 0 | M25: 83917880 | N25: 0 | O25: 141301 | P25: 141301 | Q25: 0 | R25: 83776579 | S25: 0 | T25: 141301 | U25: 141301 | V25: 83776579 | W25: 141301 | X25: 0 | Y25: 141301 | Z25: 141301 | AA25: 0
A26: 220010 | B26: 2.1.1.01.02.004 | C26: IMEB | D26: Aportes a cajas de compensación familiar | E26: 1.2.1.0.0 | F26: 38048157 | G26: 0 | H26: 0 | I26: 0 | J26: 0 | K26: 1312000 | L26: 0 | M26: 39360157 | N26: 0 | O26: 21457900 | P26: 21457900 | Q26: 0 | R26: 17902257 | S26: 0 | T26: 21457900 | U26: 21457900 | V26: 17902257 | W26: 21457900 | X26: 0 | Y26: 18865500 | Z26: 18865500 | AA26: 2592400
A27: 220011 | B27: 2.1.1.01.02.005 | C27: IMEB | D27: Aportes generales al sistema de riesgos laborales | E27: 1.2.1.0.0 | F27: 4718781 | G27: 0 | H27: 0 | I27: 0 | J27: 0 | K27: 637000 | L27: 0 | M27: 5355781 | N27: 0 | O27: 2371160 | P27: 2371160 | Q27: 0 | R27: 2984621 | S27: 0 | T27: 2371160 | U27: 2371160 | V27: 2984621 | W27: 2306100 | X27: 0 | Y27: 2002200 | Z27: 2002200 | AA27: 368960
A28: 220012 | B28: 2.1.1.01.02.006 | C28: IMEB | D28: Aportes al ICBF | E28: 1.2.1.0.0 | F28: 28536117 | G28: 0 | H28: 0 | I28: 0 | J28: 0 | K28: 985000 | L28: 0 | M28: 29521117 | N28: 0 | O28: 16095800 | P28: 16095800 | Q28: 0 | R28: 13425317 | S28: 0 | T28: 16095800 | U28: 16095800 | V28: 13425317 | W28: 16095800 | X28: 0 | Y28: 14151200 | Z28: 14151200 | AA28: 1944600
A29: 220013 | B29: 2.1.1.01.02.007 | C29: IMEB | D29: Aportes al SENA | E29: 1.2.1.0.0 | F29: 19024078 | G29: 0 | H29: 0 | I29: 0 | J29: 0 | K29: 656000 | L29: 0 | M29: 19680078 | N29: 0 | O29: 10731100 | P29: 10731100 | Q29: 0 | R29: 8948978 | S29: 0 | T29: 10731100 | U29: 10731100 | V29: 8948978 | W29: 10731100 | X29: 0 | Y29: 9434600 | Z29: 9434600 | AA29: 1296500
B30: 2.1.1.01.03 | C30: IMEB | D30: Remuneraciones no constitutivas de factor salarial | F30: 67181020 | G30: 0 | H30: 0 | I30: 0 | J30: 0 | K30: 1796000 | L30: 0 | M30: 68977020 | N30: 0 | O30: 9874757 | P30: 9874757 | Q30: 0 | R30: 59102263 | S30: 0 | T30: 9874757 | U30: 9874757 | V30: 59102263 | W30: 9874757 | X30: 0 | Y30: 9874757 | Z30: 9874757 | AA30: 0
B31: 2.1.1.01.03.001 | C31: IMEB | D31: Prestaciones sociales | F31: 67181020 | G31: 0 | H31: 0 | I31: 0 | J31: 0 | K31: 1796000 | L31: 0 | M31: 68977020 | N31: 0 | O31: 9874757 | P31: 9874757 | Q31: 0 | R31: 59102263 | S31: 0 | T31: 9874757 | U31: 9874757 | V31: 59102263 | W31: 9874757 | X31: 0 | Y31: 9874757 | Z31: 9874757 | AA31: 0
A32: 220014 | B32: 2.1.1.01.03.001.01 | C32: IMEB | D32: Vacaciones | E32: 1.2.1.0.0 | F32: 52870104 | G32: 0 | H32: 0 | I32: 0 | J32: 0 | K32: 1660000 | L32: 0 | M32: 54530104 | N32: 0 | O32: 9117433 | P32: 9117433 | Q32: 0 | R32: 45412671 | S32: 0 | T32: 9117433 | U32: 9117433 | V32: 45412671 | W32: 9117433 | X32: 0 | Y32: 9117433 | Z32: 9117433 | AA32: 0
A33: 220015 | B33: 2.1.1.01.03.001.02 | C33: IMEB | D33: Indemnización por vacaciones | E33: 1.3.2.3.05 | F33: 10000000 | G33: 0 | H33: 0 | I33: 0 | J33: 0 | K33: 0 | L33: 0 | M33: 10000000 | N33: 0 | O33: 0 | P33: 0 | Q33: 0 | R33: 10000000 | S33: 0 | T33: 0 | U33: 0 | V33: 10000000 | W33: 0 | X33: 0 | Y33: 0 | Z33: 0 | AA33: 0
A34: 220016 | B34: 2.1.1.01.03.001.03 | C34: IMEB | D34: Bonificacion especial de recreación | E34: 1.2.1.0.0 | F34: 4310916 | G34: 0 | H34: 0 | I34: 0 | J34: 0 | K34: 136000 | L34: 0 | M34: 4446916 | N34: 0 | O34: 757324 | P34: 757324 | Q34: 0 | R34: 3689592 | S34: 0 | T34: 757324 | U34: 757324 | V34: 3689592 | W34: 757324 | X34: 0 | Y34: 757324 | Z34: 757324 | AA34: 0
B35: 2.1.2 | C35: IMEB | D35: Adquisición de bienes y servicios | F35: 788491311 | G35: 0 | H35: 0 | I35: 0 | J35: 0 | K35: 51000000 | L35: 92943000 | M35: 746548311 | N35: 0 | O35: 603443368 | P35: 603443368 | Q35: 0 | R35: 143104943 | S35: 0 | T35: 544802892 | U35: 544802892 | V35: 201745419 | W35: 281979249 | X35: 0 | Y35: 281979249 | Z35: 281979249 | AA35: 262823643
B36: 2.1.2.02 | C36: IMEB | D36: Adquisiciones diferentes de activos | F36: 788491311 | G36: 0 | H36: 0 | I36: 0 | J36: 0 | K36: 51000000 | L36: 92943000 | M36: 746548311 | N36: 0 | O36: 603443368 | P36: 603443368 | Q36: 0 | R36: 143104943 | S36: 0 | T36: 544802892 | U36: 544802892 | V36: 201745419 | W36: 281979249 | X36: 0 | Y36: 281979249 | Z36: 281979249 | AA36: 262823643
B37: 2.1.2.02.01 | C37: IMEB | D37: Materiales y suministros | F37: 82118061 | G37: 0 | H37: 0 | I37: 0 | J37: 0 | K37: 15000000 | L37: 0 | M37: 97118061 | N37: 0 | O37: 72348125 | P37: 72348125 | Q37: 0 | R37: 24769936 | S37: 0 | T37: 13707649 | U37: 13707649 | V37: 83410412 | W37: 8059672 | X37: 0 | Y37: 8059672 | Z37: 8059672 | AA37: 5647977
A38: 220017 | B38: 2.1.2.02.01.002 | C38: IMEB | D38: Productos alimenticios, bebidas y tabaco; textiles, prendas de vestir y productos de cuero | E38: 1.2.1.0.0 | F38: 13118061 | G38: 0 | H38: 0 | I38: 0 | J38: 0 | K38: 0 | L38: 0 | M38: 13118061 | N38: 0 | O38: 10846472 | P38: 10846472 | Q38: 0 | R38: 2271589 | S38: 0 | T38: 10846472 | U38: 10846472 | V38: 2271589 | W38: 8059672 | X38: 0 | Y38: 8059672 | Z38: 8059672 | AA38: 2786800
A39: 220018 | B39: 2.1.2.02.01.003 | C39: IMEB | D39: Otros bienes transportables (excepto productos metálicos, maquinaria y equipo) | E39: 1.2.1.0.0 | F39: 39000000 | G39: 0 | H39: 0 | I39: 0 | J39: 0 | K39: 15000000 | L39: 0 | M39: 54000000 | N39: 0 | O39: 46501653 | P39: 46501653 | Q39: 0 | R39: 7498347 | S39: 0 | T39: 2861177 | U39: 2861177 | V39: 51138823 | W39: 0 | X39: 0 | Y39: 0 | Z39: 0 | AA39: 2861177
A40: 220019 | B40: 2.1.2.02.01.004 | C40: IMEB | D40: Productos metalicos y paquetes de software | E40: 1.2.1.0.0 | F40: 30000000 | G40: 0 | H40: 0 | I40: 0 | J40: 0 | K40: 0 | L40: 0 | M40: 30000000 | N40: 0 | O40: 15000000 | P40: 15000000 | Q40: 0 | R40: 15000000 | S40: 0 | T40: 0 | U40: 0 | V40: 30000000 | W40: 0 | X40: 0 | Y40: 0 | Z40: 0 | AA40: 0
B41: 2.1.2.02.02 | C41: IMEB | D41: Adquisición de servicios | F41: 706373250 | G41: 0 | H41: 0 | I41: 0 | J41: 0 | K41: 36000000 | L41: 92943000 | M41: 649430250 | N41: 0 | O41: 531095243 | P41: 531095243 | Q41: 0 | R41: 118335007 | S41: 0 | T41: 531095243 | U41: 531095243 | V41: 118335007 | W41: 273919577 | X41: 0 | Y41: 273919577 | Z41: 273919577 | AA41: 257175666
A42: 220020 | B42: 2.1.2.02.02.006 | C42: IMEB | D42: Servicios de alojamiento; servicios de suministro de comidas y bebidas; servicios de transporte; y servicios de distribución de electricidad, gas y agua | E42: 1.2.1.0.0 | F42: 2476902 | G42: 0 | H42: 0 | I42: 0 | J42: 0 | K42: 0 | L42: 0 | M42: 2476902 | N42: 0 | O42: 2200000 | P42: 2200000 | Q42: 0 | R42: 276902 | S42: 0 | T42: 2200000 | U42: 2200000 | V42: 276902 | W42: 266333 | X42: 0 | Y42: 266333 | Z42: 266333 | AA42: 1933667
A43: 220021 | B43: 2.1.2.02.02.007 | C43: IMEB | D43: Servicios financieros y servicios conexos, servicios inmobiliarios y servicios de leasing | E43: 1.2.1.0.0 | F43: 357179873 | G43: 0 | H43: 0 | I43: 0 | J43: 0 | K43: 0 | L43: 10000000 | M43: 347179873 | N43: 0 | O43: 327191969 | P43: 327191969 | Q43: 0 | R43: 19987904 | S43: 0 | T43: 327191969 | U43: 327191969 | V43: 19987904 | W43: 105724636 | X43: 0 | Y43: 105724636 | Z43: 105724636 | AA43: 221467333
A44: 220022 | B44: 2.1.2.02.02.008 | C44: IMEB | D44: Servicios prestados a las empresas y servicios de producción | E44: 1.2.1.0.0 | F44: 74316475 | G44: 0 | H44: 0 | I44: 0 | J44: 0 | K44: 26000000 | L44: 0 | M44: 100316475 | N44: 0 | O44: 22090712 | P44: 22090712 | Q44: 0 | R44: 78225763 | S44: 0 | T44: 22090712 | U44: 22090712 | V44: 78225763 | W44: 17416046 | X44: 0 | Y44: 17416046 | Z44: 17416046 | AA44: 4674666
A45: 220023 | B45: 2.1.2.02.02.009 | C45: IMEB | D45: Servicios para la comunidad, sociales y personales | E45: 1.2.1.0.0 | F45: 272400000 | G45: 0 | H45: 0 | I45: 0 | J45: 0 | K45: 0 | L45: 82943000 | M45: 189457000 | N45: 0 | O45: 178500000 | P45: 178500000 | Q45: 0 | R45: 10957000 | S45: 0 | T45: 178500000 | U45: 178500000 | V45: 10957000 | W45: 149400000 | X45: 0 | Y45: 149400000 | Z45: 149400000 | AA45: 29100000
B46: 2.1.3 | C46: IMEB | D46: Transferencias corrientes | F46: 139809600 | G46: 0 | H46: 0 | I46: 0 | J46: 0 | K46: 0 | L46: 0 | M46: 139809600 | N46: 0 | O46: 26396149 | P46: 26396149 | Q46: 0 | R46: 113413451 | S46: 0 | T46: 26396149 | U46: 26396149 | V46: 113413451 | W46: 26396149 | X46: 0 | Y46: 26175549 | Z46: 26175549 | AA46: 220600
B47: 2.1.3.13 | C47: IMEB | D47: Sentencias y Conciliaciones | F47: 139809600 | G47: 0 | H47: 0 | I47: 0 | J47: 0 | K47: 0 | L47: 0 | M47: 139809600 | N47: 0 | O47: 26396149 | P47: 26396149 | Q47: 0 | R47: 113413451 | S47: 0 | T47: 26396149 | U47: 26396149 | V47: 113413451 | W47: 26396149 | X47: 0 | Y47: 26175549 | Z47: 26175549 | AA47: 220600
B48: 2.1.3.13.01 | C48: IMEB | D48: Fallos nacionales | F48: 139809600 | G48: 0 | H48: 0 | I48: 0 | J48: 0 | K48: 0 | L48: 0 | M48: 139809600 | N48: 0 | O48: 26396149 | P48: 26396149 | Q48: 0 | R48: 113413451 | S48: 0 | T48: 26396149 | U48: 26396149 | V48: 113413451 | W48: 26396149 | X48: 0 | Y48: 26175549 | Z48: 26175549 | AA48: 220600
A49: 220024 | B49: 2.1.3.13.01.001 | C49: IMEB | D49: Sentencias | E49: 1.2.1.0.0 | F49: 119809609 | G49: 0 | H49: 0 | I49: 0 | J49: 0 | K49: 0 | L49: 0 | M49: 119809609 | N49: 0 | O49: 26396149 | P49: 26396149 | Q49: 0 | R49: 93413460 | S49: 0 | T49: 26396149 | U49: 26396149 | V49: 93413460 | W49: 26396149 | X49: 0 | Y49: 26175549 | Z49: 26175549 | AA49: 220600
A50: 220025 | B50: 2.1.3.13.01.001 | C50: IMEB | D50: Sentencias | E50: 1.3.2.3.05 | F50: 19999991 | G50: 0 | H50: 0 | I50: 0 | J50: 0 | K50: 0 | L50: 0 | M50: 19999991 | N50: 0 | O50: 0 | P50: 0 | Q50: 0 | R50: 19999991 | S50: 0 | T50: 0 | U50: 0 | V50: 19999991 | W50: 0 | X50: 0 | Y50: 0 | Z50: 0 | AA50: 0
B51: 2.1.8 | C51: IMEB | D51: Gastos por tributos, multas, sanciones e intereses de mora | F51: 16000000 | G51: 0 | H51: 0 | I51: 0 | J51: 0 | K51: 5937000 | L51: 0 | M51: 21937000 | N51: 0 | O51: 16000000 | P51: 16000000 | Q51: 0 | R51: 5937000 | S51: 0 | T51: 16000000 | U51: 16000000 | V51: 5937000 | W51: 12796231 | X51: 0 | Y51: 12796231 | Z51: 12796231 | AA51: 3203769
B52: 2.1.8.04 | C52: IMEB | D52: Contribuciones | F52: 16000000 | G52: 0 | H52: 0 | I52: 0 | J52: 0 | K52: 5937000 | L52: 0 | M52: 21937000 | N52: 0 | O52: 16000000 | P52: 16000000 | Q52: 0 | R52: 5937000 | S52: 0 | T52: 16000000 | U52: 16000000 | V52: 5937000 | W52: 12796231 | X52: 0 | Y52: 12796231 | Z52: 12796231 | AA52: 3203769
A53: 220026 | B53: 2.1.8.04.01 | C53: IMEB | D53: Cuota de fiscalización y auditaje | E53: 1.2.1.0.0 | F53: 16000000 | G53: 0 | H53: 0 | I53: 0 | J53: 0 | K53: 5937000 | L53: 0 | M53: 21937000 | N53: 0 | O53: 16000000 | P53: 16000000 | Q53: 0 | R53: 5937000 | S53: 0 | T53: 16000000 | U53: 16000000 | V53: 5937000 | W53: 12796231 | X53: 0 | Y53: 12796231 | Z53: 12796231 | AA53: 3203769
B54: 2.3 | C54: IMEB | D54: Inversión | F54: 2707137572 | G54: 3.7073266e+09 | H54: 0 | I54: 0 | J54: 0 | K54: 180013147 | L54: 180013147 | M54: 6.4144642e+09 | N54: 0 | O54: 3291931237 | P54: 3291931237 | Q54: 0 | R54: 3.122533e+09 | S54: 0 | T54: 3053402904 | U54: 3053402904 | V54: 3.3610613e+09 | W54: 1739500861 | X54: 0 | Y54: 1712847526 | Z54: 1712847526 | AA54: 1340555378
B55: 2.3.2 | C55: IMEB | D55: Adquisicion de bienes y servicios | F55: 2707137572 | G55: 2.7673266e+09 | H55: 0 | I55: 0 | J55: 0 | K55: 180013147 | L55: 180013147 | M55: 5.4744642e+09 | N55: 0 | O55: 3291931237 | P55: 3291931237 | Q55: 0 | R55: 2.182533e+09 | S55: 0 | T55: 3053402904 | U55: 3053402904 | V55: 2.4210613e+09 | W55: 1739500861 | X55: 0 | Y55: 1712847526 | Z55: 1712847526 | AA55: 1340555378
B56: 2.3.2.02 | C56: IMEB | D56: Adquisición diferentes de Activos. | F56: 0 | G56: 220300000 | H56: 0 | I56: 0 | J56: 0 | K56: 0 | L56: 0 | M56: 220300000 | N56: 0 | O56: 0 | P56: 0 | Q56: 0 | R56: 220300000 | S56: 0 | T56: 0 | U56: 0 | V56: 220300000 | W56: 0 | X56: 0 | Y56: 0 | Z56: 0 | AA56: 0
B57: 2.3.2.02.01 | C57: IMEB | D57: Materiales y Suministros | F57: 0 | G57: 220300000 | H57: 0 | I57: 0 | J57: 0 | K57: 0 | L57: 0 | M57: 220300000 | N57: 0 | O57: 0 | P57: 0 | Q57: 0 | R57: 220300000 | S57: 0 | T57: 0 | U57: 0 | V57: 220300000 | W57: 0 | X57: 0 | Y57: 0 | Z57: 0 | AA57: 0
A58: 220079 | B58: 2.3.2.02.01.002 | C58: IMEB | D58: Productos alimenticios, bebidas y tabaco; textiles, prendas de vestir y productos de cuero - COWORKING | E58: RDB | F58: 0 | G58: 150000000 | H58: 0 | I58: 0 | J58: 0 | K58: 0 | L58: 0 | M58: 150000000 | N58: 0 | O58: 0 | P58: 0 | Q58: 0 | R58: 150000000 | S58: 0 | T58: 0 | U58: 0 | V58: 150000000 | W58: 0 | X58: 0 | Y58: 0 | Z58: 0 | AA58: 0
A59: 220080 | B59: 2.3.2.02.01.003 | C59: IMEB | D59: Otros BieneS transportables (excepto productos metálicos, maquinaria y equipo) - CDE | E59: RDB | F59: 0 | G59: 70300000 | H59: 0 | I59: 0 | J59: 0 | K59: 0 | L59: 0 | M59: 70300000 | N59: 0 | O59: 0 | P59: 0 | Q59: 0 | R59: 70300000 | S59: 0 | T59: 0 | U59: 0 | V59: 70300000 | W59: 0 | X59: 0 | Y59: 0 | Z59: 0 | AA59: 0
B60: 2.3.2.02.02.009 | C60: IMEB | D60: Servicios para la comunidad, sociales y personales | F60: 2312728657 | G60: 2.2187579e+09 | H60: 0 | I60: 0 | J60: 0 | K60: 96013147 | L60: 84000000 | M60: 4.5434997e+09 | N60: 0 | O60: 2873715152 | P60: 2873715152 | Q60: 0 | R60: 1.6697845e+09 | S60: 0 | T60: 2635186819 | U60: 2635186819 | V60: 1.9083129e+09 | W60: 1622202782 | X60: 0 | Y60: 1595549447 | Z60: 1595549447 | AA60: 1039637372
B61: 2.3.6 | C61: IMEB | D61: Adquisicion de Activos Financieros | F61: 0 | G61: 940000000 | H61: 0 | I61: 0 | J61: 0 | K61: 0 | L61: 0 | M61: 940000000 | N61: 0 | O61: 0 | P61: 0 | Q61: 0 | R61: 940000000 | S61: 0 | T61: 0 | U61: 0 | V61: 940000000 | W61: 0 | X61: 0 | Y61: 0 | Z61: 0 | AA61: 0
B62: 2.3.6.01 | C62: IMEB | D62: Concesión de Prestamos | F62: 0 | G62: 940000000 | H62: 0 | I62: 0 | J62: 0 | K62: 0 | L62: 0 | M62: 940000000 | N62: 0 | O62: 0 | P62: 0 | Q62: 0 | R62: 940000000 | S62: 0 | T62: 0 | U62: 0 | V62: 940000000 | W62: 0 | X62: 0 | Y62: 0 | Z62: 0 | AA62: 0
B63: 2.3.6.01.04 | C63: IMEB | D63: A Personas Naturales | F63: 0 | G63: 940000000 | H63: 0 | I63: 0 | J63: 0 | K63: 0 | L63: 0 | M63: 940000000 | N63: 0 | O63: 0 | P63: 0 | Q63: 0 | R63: 940000000 | S63: 0 | T63: 0 | U63: 0 | V63: 940000000 | W63: 0 | X63: 0 | Y63: 0 | Z63: 0 | AA63: 0
A64: 220081 | B64: 2.3.6.01.04.003 | C64: IMEB | D64: Fondo de Prestamos Banca | E64: RDB | F64: 0 | G64: 940000000 | H64: 0 | I64: 0 | J64: 0 | K64: 0 | L64: 0 | M64: 940000000 | N64: 0 | O64: 0 | P64: 0 | Q64: 0 | R64: 940000000 | S64: 0 | T64: 0 | U64: 0 | V64: 940000000 | W64: 0 | X64: 0 | Y64: 0 | Z64: 0 | AA64: 0
B65: 2.3.2.02.02 | C65: IMEB | D65: Adquisición de servicios | F65: 2707137572 | G65: 2.5470266e+09 | H65: 0 | I65: 0 | J65: 0 | K65: 180013147 | L65: 180013147 | M65: 5.2541642e+09 | N65: 0 | O65: 3291931237 | P65: 3291931237 | Q65: 0 | R65: 1.962233e+09 | S65: 0 | T65: 3053402904 | U65: 3053402904 | V65: 2.2007613e+09 | W65: 1739500861 | X65: 0 | Y65: 1712847526 | Z65: 1712847526 | AA65: 1340555378
A66: 220027 | B66: 2.3.2.02.02.006 | C66: IMEB | D66: Servicios de alojamiento; servicios de suministro de comidas y bebidas; servicios de transporte; y servicios de distribución de electricidad, gas y agua-CDE | E66: 1.2.1.0.0 | F66: 62800427 | G66: 150000000 | H66: 0 | I66: 0 | J66: 0 | K66: 0 | L66: 23000000 | M66: 189800427 | N66: 0 | O66: 32452194 | P66: 32452194 | Q66: 0 | R66: 157348233 | S66: 0 | T66: 32452194 | U66: 32452194 | V66: 157348233 | W66: 4452194 | X66: 0 | Y66: 4452194 | Z66: 4452194 | AA66: 28000000
A67: 220028 | B67: 2.3.2.02.02.007 | C67: IMEB | D67: Servicios financieros y servicios conexos, servicios inmobiliarios y servicios de leasing-COWORKING | E67: 1.2.1.0.0 | F67: 226483488 | G67: 0 | H67: 0 | I67: 0 | J67: 0 | K67: 0 | L67: 73013147 | M67: 153470341 | N67: 0 | O67: 153470341 | P67: 153470341 | Q67: 0 | R67: 0 | S67: 0 | T67: 153470341 | U67: 153470341 | V67: 0 | W67: 38367585 | X67: 0 | Y67: 38367585 | Z67: 38367585 | AA67: 115102756
A68: 220029 | B68: 2.3.2.02.02.007 | C68: IMEB | D68: Servicios financieros y servicios conexos, servicios inmobiliarios y servicios de leasing-CDE | E68: 1.2.1.0.0 | F68: 105125000 | G68: 178268750 | H68: 0 | I68: 0 | J68: 0 | K68: 84000000 | L68: 0 | M68: 367393750 | N68: 0 | O68: 232293550 | P68: 232293550 | Q68: 0 | R68: 135100200 | S68: 0 | T68: 232293550 | U68: 232293550 | V68: 135100200 | W68: 74478300 | X68: 0 | Y68: 74478300 | Z68: 74478300 | AA68: 157815250
A69: 220030 | B69: 2.3.2.02.02.009.01 | C69: IMEB | D69: Servicios para la comunidad, sociales y personales-BANCA | E69: 1.3.2.3.05 | F69: 10000009 | G69: 0 | H69: 0 | I69: 0 | J69: 0 | K69: 0 | L69: 0 | M69: 10000009 | N69: 0 | O69: 10000000 | P69: 10000000 | Q69: 0 | R69: 9 | S69: 0 | T69: 10000000 | U69: 10000000 | V69: 9 | W69: 10000000 | X69: 0 | Y69: 10000000 | Z69: 10000000 | AA69: 0
A70: 220031 | B70: 2.3.2.02.02.009.02 | C70: IMEB | D70: Servicios para la comunidad, sociales y personales-BANCA | E70: 1.2.1.0.0 | F70: 20916668 | G70: 129083323 | H70: 0 | I70: 0 | J70: 0 | K70: 0 | L70: 0 | M70: 149999991 | N70: 0 | O70: 20000000 | P70: 20000000 | Q70: 0 | R70: 129999991 | S70: 0 | T70: 20000000 | U70: 20000000 | V70: 129999991 | W70: 20000000 | X70: 0 | Y70: 20000000 | Z70: 20000000 | AA70: 0
A71: 220032 | B71: 2.3.2.02.02.009.03 | C71: IMEB | D71: Servicios para la comunidad, sociales y personales- CDE | E71: 1.2.1.0.0 | F71: 1382074573 | G71: 709978630 | H71: 0 | I71: 0 | J71: 0 | K71: 0 | L71: 84000000 | M71: 2008053203 | N71: 0 | O71: 1252553610 | P71: 1252553610 | Q71: 0 | R71: 755499593 | S71: 0 | T71: 1092932777 | U71: 1092932777 | V71: 915120426 | W71: 742959832 | X71: 0 | Y71: 723957331 | Z71: 723957331 | AA71: 368975446
A72: 220033 | B72: 2.3.2.02.02.009.04 | C72: IMEB | D72: Servicios para la comunidad, sociales y personales -EMPLEO | E72: 1.2.1.0.0 | F72: 312133332 | G72: 510999995 | H72: 0 | I72: 0 | J72: 0 | K72: 0 | L72: 0 | M72: 823133327 | N72: 0 | O72: 406124542 | P72: 406124542 | Q72: 0 | R72: 417008785 | S72: 0 | T72: 363467042 | U72: 363467042 | V72: 459666285 | W72: 213006285 | X72: 0 | Y72: 210188785 | Z72: 210188785 | AA72: 153278257
A73: 220034 | B73: 2.3.2.02.02.009.05 | C73: IMEB | D73: Servicios para la comunidad, sociales y personales-COWORKING | E73: 1.2.1.0.0 | F73: 203516512 | G73: 493333488 | H73: 0 | I73: 0 | J73: 0 | K73: 73013147 | L73: 0 | M73: 769863147 | N73: 0 | O73: 503617000 | P73: 503617000 | Q73: 0 | R73: 266246147 | S73: 0 | T73: 467367000 | U73: 467367000 | V73: 302496147 | W73: 249366667 | X73: 0 | Y73: 244533333 | Z73: 244533333 | AA73: 222833667
A74: 220035 | B74: 2.3.2.02.02.009.06 | C74: IMEB | D74: Servicios para la comunidad, sociales y personales-FORTALECIMIENTO | E74: 1.2.1.0.0 | F74: 384087563 | G74: 3.7536244e+08 | H74: 0 | I74: 0 | J74: 0 | K74: 23000000 | L74: 0 | M74: 7.8245e+08 | N74: 0 | O74: 681420000 | P74: 681420000 | Q74: 0 | R74: 1.0103e+08 | S74: 0 | T74: 681420000 | U74: 681420000 | V74: 1.0103e+08 | W74: 386869998 | X74: 0 | Y74: 386869998 | Z74: 386869998 | AA74: 294550002
D76: CDE | M76: =+M59+M66+M68+M71 -> 2635547380 | N76: =+N59+N66+N68+N71 -> 0 | O76: =+O59+O66+O68+O71 -> 1517299354 | P76: =+P59+P66+P68+P71 -> 1517299354 | Q76: =+Q59+Q66+Q68+Q71 -> 0 | R76: =+R59+R66+R68+R71 -> 1118248026 | S76: =+S59+S66+S68+S71 -> 0 | T76: =+T59+T66+T68+T71 -> 1357678521 | ... Z76: =+Z59+Z66+Z68+Z71 -> 802887825
D77: BANCA | M77: =+M64+M69+M70 -> 1100000000 | N77: =+N64+N69+N70 -> 0 | O77: =+O64+O69+O70 -> 30000000 | P77: =+P64+P69+P70 -> 30000000 | Q77: =+Q64+Q69+Q70 -> 0 | R77: =+R64+R69+R70 -> 1070000000 | S77: =+S64+S69+S70 -> 0 | T77: =+T64+T69+T70 -> 30000000 | ... Z77: =+Z64+Z69+Z70 -> 30000000
D78: COWORKING | M78: =+M58+M67+M73 -> 1073333488 | N78: =+N58+N67+N73 -> 0 | O78: =+O58+O67+O73 -> 657087341 | P78: =+P58+P67+P73 -> 657087341 | Q78: =+Q58+Q67+Q73 -> 0 | R78: =+R58+R67+R73 -> 416246147 | S78: =+S58+S67+S73 -> 0 | T78: =+T58+T67+T73 -> 620837341 | ... Z78: =+Z58+Z67+Z73 -> 282900918
D79: EMPLEO | M79: =+M72 -> 823133327 | N79: =+N72 -> 0 | O79: =+O72 -> 406124542 | P79: =+P72 -> 406124542 | Q79: =+Q72 -> 0 | R79: =+R72 -> 417008785 | S79: =+S72 -> 0 | T79: =+T72 -> 363467042 | ... Z79: =+Z72 -> 210188785
D80: FORTALECIMIENTO | M80: =+M74 -> 7.8245e+08 | N80: =+N74 -> 0 | O80: =+O74 -> 681420000 | P80: =+P74 -> 681420000 | Q80: =+Q74 -> 0 | R80: =+R74 -> 1.0103e+08 | S80: =+S74 -> 0 | T80: =+T74 -> 681420000 | ... Z80: =+Z74 -> 386869998
M82: =SUM(M76:M80) -> 6.4144642e+09 | N82: =SUM(N76:N80) -> 0 | O82: =SUM(O76:O80) -> 3291931237 | P82: =SUM(P76:P80) -> 3291931237 | Q82: =SUM(Q76:Q80) -> 0 | R82: =SUM(R76:R80) -> 3.122533e+09 | S82: =SUM(S76:S80) -> 0 | T82: =SUM(T76:T80) -> 3053402904 | U82: =SUM(U76:U80) -> 3053402904 | Z82: =U82/M82 -> 0.47601839

Sheet Gastos_Junio
A1: INSTITUTO MUNICIPAL DE EMPLEO Y FOMENTO EMPRESARIAL - IMEBU
A2: NIT: 00804014968 - 1
A3: EJECUCION PRESUPUESTAL DE GASTOS
A4: Periodo comprendido entre 01-01-2022 y 30-06-2022
A5: Fecha de Impresión: 05.07.2022 Hora: 05:56:pm
A6: Impreso por: GUSTAVO - GUSTAVO RAMIREZ BONELLS | M6: PPTO DEFINITIVO | P6: CDP | U6: RP | Z6: PAGOS
A7: Codigo de Control | B7: Rubro Presupuestal | C7: Unidad Ejecutora | D7: Descripción | E7: Fuente | F7: Presupuesto Inicial | G7: Adiciones | H7: Aplazamientos | I7: Desaplazamiento | J7: Reducciones | K7: Créditos | L7: Contracréditos | M7: Presupuesto Definitivo | N7: Cdps Mes Anterior | O7: Cdps Mes Actual | P7: Total Ejecutado Segun Cdps | Q7: Cdps Vigencia Futura | R7: Saldo por Ejecutar | S7: Compromisos Mes Anterior | T7: Total Compromisos mes Actual | U7: Total Compromisos | V7: Saldo por Comprometer | W7: Total Obligaciones | X7: Pagos Mes Anterior | Y7: Total Pagos Periodo | Z7: Total Pagos | AA7: Saldo por Pagar
A8: 220077 | B8: 2.1.2.02.02.010 | C8: IMEB | D8: Viáticos de funcionarios en Comisión | E8: APM | F8: 0 | G8: 0 | H8: 0 | I8: 0 | J8: 0 | K8: 10000000 | L8: 0 | M8: 10000000 | N8: 0 | O8: 1112562 | P8: 1112562 | Q8: 0 | R8: 8887438 | S8: 0 | T8: 1112562 | U8: 1112562 | V8: 8887438 | W8: 1112562 | X8: 0 | Y8: 1112562 | Z8: 1112562 | AA8: 0
B9: 2 | C9: IMEB | D9: Gastos | F9: 5040000000 | G9: 3.7073266e+09 | H9: 0 | I9: 0 | J9: 0 | K9: 272956147 | L9: 272956147 | M9: 8.7473266e+09 | N9: 0 | O9: 3601651929 | P9: 3601651929 | Q9: 0 | R9: 5.1456747e+09 | S9: 0 | T9: 3459661278 | U9: 3459661278 | V9: 5.2876653e+09 | W9: 2265496318 | X9: 0 | Y9: 2198363469 | Z9: 2198363469 | AA9: 1261297809
B10: 2.1 | C10: IMEB | D10: Funcionamiento | F10: 2332862428 | G10: 0 | H10: 0 | I10: 0 | J10: 0 | K10: 92943000 | L10: 92943000 | M10: 2332862428 | N10: 0 | O10: 1219464230 | P10: 1219464230 | Q10: 0 | R10: 1113398198 | S10: 0 | T10: 1156323754 | U10: 1156323754 | V10: 1176538674 | W10: 864865815 | X10: 0 | Y10: 813702966 | Z10: 813702966 | AA10: 342620788
B11: 2.1.1 | C11: IMEB | D11: Gastos de personal | F11: 1388561517 | G11: 0 | H11: 0 | I11: 0 | J11: 0 | K11: 36006000 | L11: 0 | M11: 1424567517 | N11: 0 | O11: 576028834 | P11: 576028834 | Q11: 0 | R11: 848538683 | S11: 0 | T11: 576028834 | U11: 576028834 | V11: 848538683 | W11: 575926674 | X11: 0 | Y11: 551159974 | Z11: 551159974 | AA11: 24868860
B12: 2.1.1.01 | C12: IMEB | D12: Planta de personal permanente | F12: 1388561517 | G12: 0 | H12: 0 | I12: 0 | J12: 0 | K12: 36006000 | L12: 0 | M12: 1424567517 | N12: 0 | O12: 576028834 | P12: 576028834 | Q12: 0 | R12: 848538683 | S12: 0 | T12: 576028834 | U12: 576028834 | V12: 848538683 | W12: 575926674 | X12: 0 | Y12: 551159974 | Z12: 551159974 | AA12: 24868860
B13: 2.1.1.01.01 | C13: IMEB | D13: Factores constitutivos de salario | F13: 986057546 | G13: 0 | H13: 0 | I13: 0 | J13: 0 | K13: 22850000 | L13: 0 | M13: 1008907546 | N13: 0 | O13: 437524018 | P13: 437524018 | Q13: 0 | R13: 571383528 | S13: 0 | T13: 437524018 | U13: 437524018 | V13: 571383528 | W13: 437524018 | X13: 0 | Y13: 437524018 | Z13: 437524018 | AA13: 0
B14: 2.1.1.01.01.001 | C14: IMEB | D14: Factores salariales comunes | F14: 976294600 | G14: 0 | H14: 0 | I14: 0 | J14: 0 | K14: 22540000 | L14: 0 | M14: 998834600 | N14: 0 | O14: 437507062 | P14: 437507062 | Q14: 0 | R14: 561327538 | S14: 0 | T14: 437507062 | U14: 437507062 | V14: 561327538 | W14: 437507062 | X14: 0 | Y14: 437507062 | Z14: 437507062 | AA14: 0
A15: 220001 | B15: 2.1.1.01.01.001.01 | C15: IMEB | D15: Sueldo básico | E15: 1.2.1.0.0 | F15: 775965124 | G15: 0 | H15: 0 | I15: 0 | J15: 0 | K15: 16220000 | L15: 0 | M15: 792185124 | N15: 0 | O15: 386635180 | P15: 386635180 | Q15: 0 | R15: 405549944 | S15: 0 | T15: 386635180 | U15: 386635180 | V15: 405549944 | W15: 386635180 | X15: 0 | Y15: 386635180 | Z15: 386635180 | AA15: 0
A16: 220002 | B16: 2.1.1.01.01.001.06 | C16: IMEB | D16: Prima de servicios | E16: 1.2.1.0.0 | F16: 66549782 | G16: 0 | H16: 0 | I16: 0 | J16: 0 | K16: 2100000 | L16: 0 | M16: 68649782 | N16: 0 | O16: 34207924 | P16: 34207924 | Q16: 0 | R16: 34441858 | S16: 0 | T16: 34207924 | U16: 34207924 | V16: 34441858 | W16: 34207924 | X16: 0 | Y16: 34207924 | Z16: 34207924 | AA16: 0
A17: 220003 | B17: 2.1.1.01.01.001.07 | C17: IMEB | D17: Bonificación por servicios prestados | E17: 1.2.1.0.0 | F17: 22632315 | G17: 0 | H17: 0 | I17: 0 | J17: 0 | K17: 710000 | L17: 0 | M17: 23342315 | N17: 0 | O17: 10288293 | P17: 10288293 | Q17: 0 | R17: 13054022 | S17: 0 | T17: 10288293 | U17: 10288293 | V17: 13054022 | W17: 10288293 | X17: 0 | Y17: 10288293 | Z17: 10288293 | AA17: 0
B18: 2.1.1.01.01.001.08 | C18: IMEB | D18: Prestaciones sociales | F18: 111147379 | G18: 0 | H18: 0 | I18: 0 | J18: 0 | K18: 3510000 | L18: 0 | M18: 114657379 | N18: 0 | O18: 6375665 | P18: 6375665 | Q18: 0 | R18: 108281714 | S18: 0 | T18: 6375665 | U18: 6375665 | V18: 108281714 | W18: 6375665 | X18: 0 | Y18: 6375665 | Z18: 6375665 | AA18: 0
A19: 220004 | B19: 2.1.1.01.01.001.08.01 | C19: IMEB | D19: Prima de navidad | E19: 1.2.1.0.0 | F19: 75099581 | G19: 0 | H19: 0 | I19: 0 | J19: 0 | K19: 2360000 | L19: 0 | M19: 77459581 | N19: 0 | O19: 136165 | P19: 136165 | Q19: 0 | R19: 77323416 | S19: 0 | T19: 136165 | U19: 136165 | V19: 77323416 | W19: 136165 | X19: 0 | Y19: 136165 | Z19: 136165 | AA19: 0
A20: 220005 | B20: 2.1.1.01.01.001.08.02 | C20: IMEB | D20: Prima de vacaciones | E20: 1.2.1.0.0 | F20: 36047798 | G20: 0 | H20: 0 | I20: 0 | J20: 0 | K20: 1150000 | L20: 0 | M20: 37197798 | N20: 0 | O20: 6239500 | P20: 6239500 | Q20: 0 | R20: 30958298 | S20: 0 | T20: 6239500 | U20: 6239500 | V20: 30958298 | W20: 6239500 | X20: 0 | Y20: 6239500 | Z20: 6239500 | AA20: 0
A21: 220006 | B21: 2.1.1.01.01.002 | C21: IMEB | D21: Factores salariales especiales | E21: 1.2.1.0.0 | F21: 9762946 | G21: 0 | H21: 0 | I21: 0 | J21: 0 | K21: 310000 | L21: 0 | M21: 10072946 | N21: 0 | O21: 16956 | P21: 16956 | Q21: 0 | R21: 10055990 | S21: 0 | T21: 16956 | U21: 16956 | V21: 10055990 | W21: 16956 | X21: 0 | Y21: 16956 | Z21: 16956 | AA21: 0
B22: 2.1.1.01.02 | C22: IMEB | D22: Contribuciones inherentes a la nómina | F22: 335322951 | G22: 0 | H22: 0 | I22: 0 | J22: 0 | K22: 11360000 | L22: 0 | M22: 346682951 | N22: 0 | O22: 128630059 | P22: 128630059 | Q22: 0 | R22: 218052892 | S22: 0 | T22: 128630059 | U22: 128630059 | V22: 218052892 | W22: 128527899 | X22: 0 | Y22: 103761199 | Z22: 103761199 | AA22: 24868860
A23: 220007 | B23: 2.1.1.01.02.001 | C23: IMEB | D23: Aportes a la seguridad social en pensiones | E23: 1.2.1.0.0 | F23: 95788061 | G23: 0 | H23: 0 | I23: 0 | J23: 0 | K23: 3050000 | L23: 0 | M23: 98838061 | N23: 0 | O23: 49153850 | P23: 49153850 | Q23: 0 | R23: 49684211 | S23: 0 | T23: 49153850 | U23: 49153850 | V23: 49684211 | W23: 49153850 | X23: 0 | Y23: 41170950 | Z23: 41170950 | AA23: 7982900
A24: 220008 | B24: 2.1.1.01.02.002 | C24: IMEB | D24: Aportes a la seguridad social en salud | E24: 1.2.1.0.0 | F24: 67849877 | G24: 0 | H24: 0 | I24: 0 | J24: 0 | K24: 2160000 | L24: 0 | M24: 70009877 | N24: 0 | O24: 34816348 | P24: 34816348 | Q24: 0 | R24: 35193529 | S24: 0 | T24: 34816348 | U24: 34816348 | V24: 35193529 | W24: 34816348 | X24: 0 | Y24: 29161948 | Z24: 29161948 | AA24: 5654400
A25: 220009 | B25: 2.1.1.01.02.003 | C25: IMEB | D25: Aportes de cesantías | E25: 1.2.1.0.0 | F25: 81357880 | G25: 0 | H25: 0 | I25: 0 | J25: 0 | K25: 2560000 | L25: 0 | M25: 83917880 | N25: 0 | O25: 141301 | P25: 141301 | Q25: 0 | R25: 83776579 | S25: 0 | T25: 141301 | U25: 141301 | V25: 83776579 | W25: 141301 | X25: 0 | Y25: 141301 | Z25: 141301 | AA25: 0
A26: 220010 | B26: 2.1.1.01.02.004 | C26: IMEB | D26: Aportes a cajas de compensación familiar | E26: 1.2.1.0.0 | F26: 38048157 | G26: 0 | H26: 0 | I26: 0 | J26: 0 | K26: 1312000 | L26: 0 | M26: 39360157 | N26: 0 | O26: 18865500 | P26: 18865500 | Q26: 0 | R26: 20494657 | S26: 0 | T26: 18865500 | U26: 18865500 | V26: 20494657 | W26: 18865500 | X26: 0 | Y26: 14049900 | Z26: 14049900 | AA26: 4815600
A27: 220011 | B27: 2.1.1.01.02.005 | C27: IMEB | D27: Aportes generales al sistema de riesgos laborales | E27: 1.2.1.0.0 | F27: 4718781 | G27: 0 | H27: 0 | I27: 0 | J27: 0 | K27: 637000 | L27: 0 | M27: 5355781 | N27: 0 | O27: 2067260 | P27: 2067260 | Q27: 0 | R27: 3288521 | S27: 0 | T27: 2067260 | U27: 2067260 | V27: 3288521 | W27: 1965100 | X27: 0 | Y27: 1671300 | Z27: 1671300 | AA27: 395960
A28: 220012 | B28: 2.1.1.01.02.006 | C28: IMEB | D28: Aportes al ICBF | E28: 1.2.1.0.0 | F28: 28536117 | G28: 0 | H28: 0 | I28: 0 | J28: 0 | K28: 985000 | L28: 0 | M28: 29521117 | N28: 0 | O28: 14151200 | P28: 14151200 | Q28: 0 | R28: 15369917 | S28: 0 | T28: 14151200 | U28: 14151200 | V28: 15369917 | W28: 14151200 | X28: 0 | Y28: 10539200 | Z28: 10539200 | AA28: 3612000
A29: 220013 | B29: 2.1.1.01.02.007 | C29: IMEB | D29: Aportes al SENA | E29: 1.2.1.0.0 | F29: 19024078 | G29: 0 | H29: 0 | I29: 0 | J29: 0 | K29: 656000 | L29: 0 | M29: 19680078 | N29: 0 | O29: 9434600 | P29: 9434600 | Q29: 0 | R29: 10245478 | S29: 0 | T29: 9434600 | U29: 9434600 | V29: 10245478 | W29: 9434600 | X29: 0 | Y29: 7026600 | Z29: 7026600 | AA29: 2408000
B30: 2.1.1.01.03 | C30: IMEB | D30: Remuneraciones no constitutivas de factor salarial | F30: 67181020 | G30: 0 | H30: 0 | I30: 0 | J30: 0 | K30: 1796000 | L30: 0 | M30: 68977020 | N30: 0 | O30: 9874757 | P30: 9874757 | Q30: 0 | R30: 59102263 | S30: 0 | T30: 9874757 | U30: 9874757 | V30: 59102263 | W30: 9874757 | X30: 0 | Y30: 9874757 | Z30: 9874757 | AA30: 0
B31: 2.1.1.01.03.001 | C31: IMEB | D31: Prestaciones sociales | F31: 67181020 | G31: 0 | H31: 0 | I31: 0 | J31: 0 | K31: 1796000 | L31: 0 | M31: 68977020 | N31: 0 | O31: 9874757 | P31: 9874757 | Q31: 0 | R31: 59102263 | S31: 0 | T31: 9874757 | U31: 9874757 | V31: 59102263 | W31: 9874757 | X31: 0 | Y31: 9874757 | Z31: 9874757 | AA31: 0
A32: 220014 | B32: 2.1.1.01.03.001.01 | C32: IMEB | D32: Vacaciones | E32: 1.2.1.0.0 | F32: 52870104 | G32: 0 | H32: 0 | I32: 0 | J32: 0 | K32: 1660000 | L32: 0 | M32: 54530104 | N32: 0 | O32: 9117433 | P32: 9117433 | Q32: 0 | R32: 45412671 | S32: 0 | T32: 9117433 | U32: 9117433 | V32: 45412671 | W32: 9117433 | X32: 0 | Y32: 9117433 | Z32: 9117433 | AA32: 0
A33: 220015 | B33: 2.1.1.01.03.001.02 | C33: IMEB | D33: Indemnización por vacaciones | E33: 1.3.2.3.05 | F33: 10000000 | G33: 0 | H33: 0 | I33: 0 | J33: 0 | K33: 0 | L33: 0 | M33: 10000000 | N33: 0 | O33: 0 | P33: 0 | Q33: 0 | R33: 10000000 | S33: 0 | T33: 0 | U33: 0 | V33: 10000000 | W33: 0 | X33: 0 | Y33: 0 | Z33: 0 | AA33: 0
A34: 220016 | B34: 2.1.1.01.03.001.03 | C34: IMEB | D34: Bonificacion especial de recreación | E34: 1.2.1.0.0 | F34: 4310916 | G34: 0 | H34: 0 | I34: 0 | J34: 0 | K34: 136000 | L34: 0 | M34: 4446916 | N34: 0 | O34: 757324 | P34: 757324 | Q34: 0 | R34: 3689592 | S34: 0 | T34: 757324 | U34: 757324 | V34: 3689592 | W34: 757324 | X34: 0 | Y34: 757324 | Z34: 757324 | AA34: 0
B35: 2.1.2 | C35: IMEB | D35: Adquisición de bienes y servicios | F35: 788491311 | G35: 0 | H35: 0 | I35: 0 | J35: 0 | K35: 51000000 | L35: 92943000 | M35: 746548311 | N35: 0 | O35: 601039247 | P35: 601039247 | Q35: 0 | R35: 145509064 | S35: 0 | T35: 537898771 | U35: 537898771 | V35: 208649540 | W35: 251574794 | X35: 0 | Y35: 251574794 | Z35: 251574794 | AA35: 286323977
B36: 2.1.2.02 | C36: IMEB | D36: Adquisiciones diferentes de activos | F36: 788491311 | G36: 0 | H36: 0 | I36: 0 | J36: 0 | K36: 51000000 | L36: 92943000 | M36: 746548311 | N36: 0 | O36: 601039247 | P36: 601039247 | Q36: 0 | R36: 145509064 | S36: 0 | T36: 537898771 | U36: 537898771 | V36: 208649540 | W36: 251574794 | X36: 0 | Y36: 251574794 | Z36: 251574794 | AA36: 286323977
B37: 2.1.2.02.01 | C37: IMEB | D37: Materiales y suministros | F37: 82118061 | G37: 0 | H37: 0 | I37: 0 | J37: 0 | K37: 15000000 | L37: 0 | M37: 97118061 | N37: 0 | O37: 72348125 | P37: 72348125 | Q37: 0 | R37: 24769936 | S37: 0 | T37: 13707649 | U37: 13707649 | V37: 83410412 | W37: 8059672 | X37: 0 | Y37: 8059672 | Z37: 8059672 | AA37: 5647977
A38: 220017 | B38: 2.1.2.02.01.002 | C38: IMEB | D38: Productos alimenticios, bebidas y tabaco; textiles, prendas de vestir y productos de cuero | E38: 1.2.1.0.0 | F38: 13118061 | G38: 0 | H38: 0 | I38: 0 | J38: 0 | K38: 0 | L38: 0 | M38: 13118061 | N38: 0 | O38: 10846472 | P38: 10846472 | Q38: 0 | R38: 2271589 | S38: 0 | T38: 10846472 | U38: 10846472 | V38: 2271589 | W38: 8059672 | X38: 0 | Y38: 8059672 | Z38: 8059672 | AA38: 2786800
A39: 220018 | B39: 2.1.2.02.01.003 | C39: IMEB | D39: Otros bienes transportables (excepto productos metálicos, maquinaria y equipo) | E39: 1.2.1.0.0 | F39: 39000000 | G39: 0 | H39: 0 | I39: 0 | J39: 0 | K39: 15000000 | L39: 0 | M39: 54000000 | N39: 0 | O39: 46501653 | P39: 46501653 | Q39: 0 | R39: 7498347 | S39: 0 | T39: 2861177 | U39: 2861177 | V39: 51138823 | W39: 0 | X39: 0 | Y39: 0 | Z39: 0 | AA39: 2861177
A40: 220019 | B40: 2.1.2.02.01.004 | C40: IMEB | D40: Productos metalicos y paquetes de software | E40: 1.2.1.0.0 | F40: 30000000 | G40: 0 | H40: 0 | I40: 0 | J40: 0 | K40: 0 | L40: 0 | M40: 30000000 | N40: 0 | O40: 15000000 | P40: 15000000 | Q40: 0 | R40: 15000000 | S40: 0 | T40: 0 | U40: 0 | V40: 30000000 | W40: 0 | X40: 0 | Y40: 0 | Z40: 0 | AA40: 0
B41: 2.1.2.02.02 | C41: IMEB | D41: Adquisición de servicios | F41: 706373250 | G41: 0 | H41: 0 | I41: 0 | J41: 0 | K41: 36000000 | L41: 92943000 | M41: 649430250 | N41: 0 | O41: 528691122 | P41: 528691122 | Q41: 0 | R41: 120739128 | S41: 0 | T41: 524191122 | U41: 524191122 | V41: 125239128 | W41: 243515122 | X41: 0 | Y41: 243515122 | Z41: 243515122 | AA41: 280676000
A42: 220020 | B42: 2.1.2.02.02.006 | C42: IMEB | D42: Servicios de alojamiento; servicios de suministro de comidas y bebidas; servicios de transporte; y servicios de distribución de electricidad, gas y agua | E42: 1.2.1.0.0 | F42: 2476902 | G42: 0 | H42: 0 | I42: 0 | J42: 0 | K42: 0 | L42: 0 | M42: 2476902 | N42: 0 | O42: 2200000 | P42: 2200000 | Q42: 0 | R42: 276902 | S42: 0 | T42: 2200000 | U42: 2200000 | V42: 276902 | W42: 266333 | X42: 0 | Y42: 266333 | Z42: 266333 | AA42: 1933667
A43: 220021 | B43: 2.1.2.02.02.007 | C43: IMEB | D43: Servicios financieros y servicios conexos, servicios inmobiliarios y servicios de leasing | E43: 1.2.1.0.0 | F43: 357179873 | G43: 0 | H43: 0 | I43: 0 | J43: 0 | K43: 0 | L43: 10000000 | M43: 347179873 | N43: 0 | O43: 327191969 | P43: 327191969 | Q43: 0 | R43: 19987904 | S43: 0 | T43: 327191969 | U43: 327191969 | V43: 19987904 | W43: 105724636 | X43: 0 | Y43: 105724636 | Z43: 105724636 | AA43: 221467333
A44: 220022 | B44: 2.1.2.02.02.008 | C44: IMEB | D44: Servicios prestados a las empresas y servicios de producción | E44: 1.2.1.0.0 | F44: 74316475 | G44: 0 | H44: 0 | I44: 0 | J44: 0 | K44: 26000000 | L44: 0 | M44: 100316475 | N44: 0 | O44: 19686591 | P44: 19686591 | Q44: 0 | R44: 80629884 | S44: 0 | T44: 19686591 | U44: 19686591 | V44: 80629884 | W44: 15011925 | X44: 0 | Y44: 15011925 | Z44: 15011925 | AA44: 4674666
A45: 220023 | B45: 2.1.2.02.02.009 | C45: IMEB | D45: Servicios para la comunidad, sociales y personales | E45: 1.2.1.0.0 | F45: 272400000 | G45: 0 | H45: 0 | I45: 0 | J45: 0 | K45: 0 | L45: 82943000 | M45: 189457000 | N45: 0 | O45: 178500000 | P45: 178500000 | Q45: 0 | R45: 10957000 | S45: 0 | T45: 174000000 | U45: 174000000 | V45: 15457000 | W45: 121399666 | X45: 0 | Y45: 121399666 | Z45: 121399666 | AA45: 52600334
B46: 2.1.3 | C46: IMEB | D46: Transferencias corrientes | F46: 139809600 | G46: 0 | H46: 0 | I46: 0 | J46: 0 | K46: 0 | L46: 0 | M46: 139809600 | N46: 0 | O46: 26396149 | P46: 26396149 | Q46: 0 | R46: 113413451 | S46: 0 | T46: 26396149 | U46: 26396149 | V46: 113413451 | W46: 26396149 | X46: 0 | Y46: 0 | Z46: 0 | AA46: 26396149
B47: 2.1.3.13 | C47: IMEB | D47: Sentencias y Conciliaciones | F47: 139809600 | G47: 0 | H47: 0 | I47: 0 | J47: 0 | K47: 0 | L47: 0 | M47: 139809600 | N47: 0 | O47: 26396149 | P47: 26396149 | Q47: 0 | R47: 113413451 | S47: 0 | T47: 26396149 | U47: 26396149 | V47: 113413451 | W47: 26396149 | X47: 0 | Y47: 0 | Z47: 0 | AA47: 26396149
B48: 2.1.3.13.01 | C48: IMEB | D48: Fallos nacionales | F48: 139809600 | G48: 0 | H48: 0 | I48: 0 | J48: 0 | K48: 0 | L48: 0 | M48: 139809600 | N48: 0 | O48: 26396149 | P48: 26396149 | Q48: 0 | R48: 113413451 | S48: 0 | T48: 26396149 | U48: 26396149 | V48: 113413451 | W48: 26396149 | X48: 0 | Y48: 0 | Z48: 0 | AA48: 26396149
A49: 220024 | B49: 2.1.3.13.01.001 | C49: IMEB | D49: Sentencias | E49: 1.2.1.0.0 | F49: 119809609 | G49: 0 | H49: 0 | I49: 0 | J49: 0 | K49: 0 | L49: 0 | M49: 119809609 | N49: 0 | O49: 26396149 | P49: 26396149 | Q49: 0 | R49: 93413460 | S49: 0 | T49: 26396149 | U49: 26396149 | V49: 93413460 | W49: 26396149 | X49: 0 | Y49: 0 | Z49: 0 | AA49: 26396149
A50: 220025 | B50: 2.1.3.13.01.001 | C50: IMEB | D50: Sentencias | E50: 1.3.2.3.05 | F50: 19999991 | G50: 0 | H50: 0 | I50: 0 | J50: 0 | K50: 0 | L50: 0 | M50: 19999991 | N50: 0 | O50: 0 | P50: 0 | Q50: 0 | R50: 19999991 | S50: 0 | T50: 0 | U50: 0 | V50: 19999991 | W50: 0 | X50: 0 | Y50: 0 | Z50: 0 | AA50: 0
B51: 2.1.8 | C51: IMEB | D51: Gastos por tributos, multas, sanciones e intereses de mora | F51: 16000000 | G51: 0 | H51: 0 | I51: 0 | J51: 0 | K51: 5937000 | L51: 0 | M51: 21937000 | N51: 0 | O51: 16000000 | P51: 16000000 | Q51: 0 | R51: 5937000 | S51: 0 | T51: 16000000 | U51: 16000000 | V51: 5937000 | W51: 10968198 | X51: 0 | Y51: 10968198 | Z51: 10968198 | AA51: 5031802
B52: 2.1.8.04 | C52: IMEB | D52: Contribuciones | F52: 16000000 | G52: 0 | H52: 0 | I52: 0 | J52: 0 | K52: 5937000 | L52: 0 | M52: 21937000 | N52: 0 | O52: 16000000 | P52: 16000000 | Q52: 0 | R52: 5937000 | S52: 0 | T52: 16000000 | U52: 16000000 | V52: 5937000 | W52: 10968198 | X52: 0 | Y52: 10968198 | Z52: 10968198 | AA52: 5031802
A53: 220026 | B53: 2.1.8.04.01 | C53: IMEB | D53: Cuota de fiscalización y auditaje | E53: 1.2.1.0.0 | F53: 16000000 | G53: 0 | H53: 0 | I53: 0 | J53: 0 | K53: 5937000 | L53: 0 | M53: 21937000 | N53: 0 | O53: 16000000 | P53: 16000000 | Q53: 0 | R53: 5937000 | S53: 0 | T53: 16000000 | U53: 16000000 | V53: 5937000 | W53: 10968198 | X53: 0 | Y53: 10968198 | Z53: 10968198 | AA53: 5031802
B54: 2.3 | C54: IMEB | D54: Inversión | F54: 2707137572 | G54: 3.7073266e+09 | H54: 0 | I54: 0 | J54: 0 | K54: 180013147 | L54: 180013147 | M54: 6.4144642e+09 | N54: 0 | O54: 2382187699 | P54: 2382187699 | Q54: 0 | R54: 4.0322765e+09 | S54: 0 | T54: 2303337524 | U54: 2303337524 | V54: 4.1111267e+09 | W54: 1400630503 | X54: 0 | Y54: 1384660503 | Z54: 1384660503 | AA54: 918677021
B55: 2.3.2 | C55: IMEB | D55: Adquisicion de bienes y servicios | F55: 2707137572 | G55: 2.7673266e+09 | H55: 0 | I55: 0 | J55: 0 | K55: 180013147 | L55: 180013147 | M55: 5.4744642e+09 | N55: 0 | O55: 2382187699 | P55: 2382187699 | Q55: 0 | R55: 3.0922765e+09 | S55: 0 | T55: 2303337524 | U55: 2303337524 | V55: 3.1711267e+09 | W55: 1400630503 | X55: 0 | Y55: 1384660503 | Z55: 1384660503 | AA55: 918677021
B56: 2.3.2.02 | C56: IMEB | D56: Adquisición diferentes de Activos. | F56: 0 | G56: 220300000 | H56: 0 | I56: 0 | J56: 0 | K56: 0 | L56: 0 | M56: 220300000 | N56: 0 | O56: 0 | P56: 0 | Q56: 0 | R56: 220300000 | S56: 0 | T56: 0 | U56: 0 | V56: 220300000 | W56: 0 | X56: 0 | Y56: 0 | Z56: 0 | AA56: 0
B57: 2.3.2.02.01 | C57: IMEB | D57: Materiales y Suministros | F57: 0 | G57: 220300000 | H57: 0 | I57: 0 | J57: 0 | K57: 0 | L57: 0 | M57: 220300000 | N57: 0 | O57: 0 | P57: 0 | Q57: 0 | R57: 220300000 | S57: 0 | T57: 0 | U57: 0 | V57: 220300000 | W57: 0 | X57: 0 | Y57: 0 | Z57: 0 | AA57: 0
A58: 220079 | B58: 2.3.2.02.01.002 | C58: IMEB | D58: Productos alimenticios, bebidas y tabaco; textiles, prendas de vestir y productos de cuero - COWORKING | E58: RDB | F58: 0 | G58: 150000000 | H58: 0 | I58: 0 | J58: 0 | K58: 0 | L58: 0 | M58: 150000000 | N58: 0 | O58: 0 | P58: 0 | Q58: 0 | R58: 150000000 | S58: 0 | T58: 0 | U58: 0 | V58: 150000000 | W58: 0 | X58: 0 | Y58: 0 | Z58: 0 | AA58: 0
A59: 220080 | B59: 2.3.2.02.01.003 | C59: IMEB | D59: Otros BieneS transportables (excepto productos metálicos, maquinaria y equipo) - CDE | E59: RDB | F59: 0 | G59: 70300000 | H59: 0 | I59: 0 | J59: 0 | K59: 0 | L59: 0 | M59: 70300000 | N59: 0 | O59: 0 | P59: 0 | Q59: 0 | R59: 70300000 | S59: 0 | T59: 0 | U59: 0 | V59: 70300000 | W59: 0 | X59: 0 | Y59: 0 | Z59: 0 | AA59: 0
B60: 2.3.2.02.02.009 | C60: IMEB | D60: Servicios para la comunidad, sociales y personales | F60: 2312728657 | G60: 2.2187579e+09 | H60: 0 | I60: 0 | J60: 0 | K60: 96013147 | L60: 84000000 | M60: 4.5434997e+09 | N60: 0 | O60: 2069336819 | P60: 2069336819 | Q60: 0 | R60: 2.4741629e+09 | S60: 0 | T60: 2016236819 | U60: 2016236819 | V60: 2.5272629e+09 | W60: 1290147520 | X60: 0 | Y60: 1274177520 | Z60: 1274177520 | AA60: 742059299
B61: 2.3.6 | C61: IMEB | D61: Adquisicion de Activos Financieros | F61: 0 | G61: 940000000 | H61: 0 | I61: 0 | J61: 0 | K61: 0 | L61: 0 | M61: 940000000 | N61: 0 | O61: 0 | P61: 0 | Q61: 0 | R61: 940000000 | S61: 0 | T61: 0 | U61: 0 | V61: 940000000 | W61: 0 | X61: 0 | Y61: 0 | Z61: 0 | AA61: 0
B62: 2.3.6.01 | C62: IMEB | D62: Concesión de Prestamos | F62: 0 | G62: 940000000 | H62: 0 | I62: 0 | J62: 0 | K62: 0 | L62: 0 | M62: 940000000 | N62: 0 | O62: 0 | P62: 0 | Q62: 0 | R62: 940000000 | S62: 0 | T62: 0 | U62: 0 | V62: 940000000 | W62: 0 | X62: 0 | Y62: 0 | Z62: 0 | AA62: 0
B63: 2.3.6.01.04 | C63: IMEB | D63: A Personas Naturales | F63: 0 | G63: 940000000 | H63: 0 | I63: 0 | J63: 0 | K63: 0 | L63: 0 | M63: 940000000 | N63: 0 | O63: 0 | P63: 0 | Q63: 0 | R63: 940000000 | S63: 0 | T63: 0 | U63: 0 | V63: 940000000 | W63: 0 | X63: 0 | Y63: 0 | Z63: 0 | AA63: 0
A64: 220081 | B64: 2.3.6.01.04.003 | C64: IMEB | D64: Fondo de Prestamos Banca | E64: RDB | F64: 0 | G64: 940000000 | H64: 0 | I64: 0 | J64: 0 | K64: 0 | L64: 0 | M64: 940000000 | N64: 0 | O64: 0 | P64: 0 | Q64: 0 | R64: 940000000 | S64: 0 | T64: 0 | U64: 0 | V64: 940000000 | W64: 0 | X64: 0 | Y64: 0 | Z64: 0 | AA64: 0
B65: 2.3.2.02.02 | C65: IMEB | D65: Adquisición de servicios | F65: 2707137572 | G65: 2.5470266e+09 | H65: 0 | I65: 0 | J65: 0 | K65: 180013147 | L65: 180013147 | M65: 5.2541642e+09 | N65: 0 | O65: 2382187699 | P65: 2382187699 | Q65: 0 | R65: 2.8719765e+09 | S65: 0 | T65: 2303337524 | U65: 2303337524 | V65: 2.9508267e+09 | W65: 1400630503 | X65: 0 | Y65: 1384660503 | Z65: 1384660503 | AA65: 918677021
A66: 220027 | B66: 2.3.2.02.02.006 | C66: IMEB | D66: Servicios de alojamiento; servicios de suministro de comidas y bebidas; servicios de transporte; y servicios de distribución de electricidad, gas y agua-CDE | E66: 1.2.1.0.0 | F66: 62800427 | G66: 150000000 | H66: 0 | I66: 0 | J66: 0 | K66: 0 | L66: 23000000 | M66: 189800427 | N66: 0 | O66: 30336814 | P66: 30336814 | Q66: 0 | R66: 159463613 | S66: 0 | T66: 30336814 | U66: 30336814 | V66: 159463613 | W66: 3400148 | X66: 0 | Y66: 3400148 | Z66: 3400148 | AA66: 26936666
A67: 220028 | B67: 2.3.2.02.02.007 | C67: IMEB | D67: Servicios financieros y servicios conexos, servicios inmobiliarios y servicios de leasing-COWORKING | E67: 1.2.1.0.0 | F67: 226483488 | G67: 0 | H67: 0 | I67: 0 | J67: 0 | K67: 0 | L67: 73013147 | M67: 153470341 | N67: 0 | O67: 153470341 | P67: 153470341 | Q67: 0 | R67: 0 | S67: 0 | T67: 153470341 | U67: 153470341 | V67: 0 | W67: 38367585 | X67: 0 | Y67: 38367585 | Z67: 38367585 | AA67: 115102756
A68: 220029 | B68: 2.3.2.02.02.007 | C68: IMEB | D68: Servicios financieros y servicios conexos, servicios inmobiliarios y servicios de leasing-CDE | E68: 1.2.1.0.0 | F68: 105125000 | G68: 178268750 | H68: 0 | I68: 0 | J68: 0 | K68: 84000000 | L68: 0 | M68: 367393750 | N68: 0 | O68: 129043725 | P68: 129043725 | Q68: 0 | R68: 238350025 | S68: 0 | T68: 103293550 | U68: 103293550 | V68: 264100200 | W68: 68715250 | X68: 0 | Y68: 68715250 | Z68: 68715250 | AA68: 34578300
A69: 220030 | B69: 2.3.2.02.02.009.01 | C69: IMEB | D69: Servicios para la comunidad, sociales y personales-BANCA | E69: 1.3.2.3.05 | F69: 10000009 | G69: 0 | H69: 0 | I69: 0 | J69: 0 | K69: 0 | L69: 0 | M69: 10000009 | N69: 0 | O69: 10000000 | P69: 10000000 | Q69: 0 | R69: 9 | S69: 0 | T69: 10000000 | U69: 10000000 | V69: 9 | W69: 3166666 | X69: 0 | Y69: 3166666 | Z69: 3166666 | AA69: 6833334
A70: 220031 | B70: 2.3.2.02.02.009.02 | C70: IMEB | D70: Servicios para la comunidad, sociales y personales-BANCA | E70: 1.2.1.0.0 | F70: 20916668 | G70: 129083323 | H70: 0 | I70: 0 | J70: 0 | K70: 0 | L70: 0 | M70: 149999991 | N70: 0 | O70: 20000000 | P70: 20000000 | Q70: 0 | R70: 129999991 | S70: 0 | T70: 20000000 | U70: 20000000 | V70: 129999991 | W70: 20000000 | X70: 0 | Y70: 20000000 | Z70: 20000000 | AA70: 0
A71: 220032 | B71: 2.3.2.02.02.009.03 | C71: IMEB | D71: Servicios para la comunidad, sociales y personales- CDE | E71: 1.2.1.0.0 | F71: 1382074573 | G71: 709978630 | H71: 0 | I71: 0 | J71: 0 | K71: 0 | L71: 84000000 | M71: 2008053203 | N71: 0 | O71: 1091095277 | P71: 1091095277 | Q71: 0 | R71: 916957926 | S71: 0 | T71: 1091095277 | U71: 1091095277 | V71: 916957926 | W71: 562752330 | X71: 0 | Y71: 557752330 | Z71: 557752330 | AA71: 533342947
A72: 220033 | B72: 2.3.2.02.02.009.04 | C72: IMEB | D72: Servicios para la comunidad, sociales y personales -EMPLEO | E72: 1.2.1.0.0 | F72: 312133332 | G72: 510999995 | H72: 0 | I72: 0 | J72: 0 | K72: 0 | L72: 0 | M72: 823133327 | N72: 0 | O72: 230854542 | P72: 230854542 | Q72: 0 | R72: 592278785 | S72: 0 | T72: 230854542 | U72: 230854542 | V72: 592278785 | W72: 169767694 | X72: 0 | Y72: 167317694 | Z72: 167317694 | AA72: 63536848
A73: 220034 | B73: 2.3.2.02.02.009.05 | C73: IMEB | D73: Servicios para la comunidad, sociales y personales-COWORKING | E73: 1.2.1.0.0 | F73: 203516512 | G73: 493333488 | H73: 0 | I73: 0 | J73: 0 | K73: 73013147 | L73: 0 | M73: 769863147 | N73: 0 | O73: 257367000 | P73: 257367000 | Q73: 0 | R73: 512496147 | S73: 0 | T73: 257367000 | U73: 257367000 | V73: 512496147 | W73: 212879999 | X73: 0 | Y73: 212879999 | Z73: 212879999 | AA73: 44487001
A74: 220035 | B74: 2.3.2.02.02.009.06 | C74: IMEB | D74: Servicios para la comunidad, sociales y personales-FORTALECIMIENTO | E74: 1.2.1.0.0 | F74: 384087563 | G74: 3.7536244e+08 | H74: 0 | I74: 0 | J74: 0 | K74: 23000000 | L74: 0 | M74: 7.8245e+08 | N74: 0 | O74: 460020000 | P74: 460020000 | Q74: 0 | R74: 3.2243e+08 | S74: 0 | T74: 406920000 | U74: 406920000 | V74: 3.7553e+08 | W74: 321580831 | X74: 0 | Y74: 313060831 | Z74: 313060831 | AA74: 93859169
D76: CDE | M76: =+M59+M66+M68+M71 -> 2635547380 | N76: =+N59+N66+N68+N71 -> 0 | O76: =+O59+O66+O68+O71 -> 1250475816 | P76: =+P59+P66+P68+P71 -> 1250475816 | Q76: =+Q59+Q66+Q68+Q71 -> 0 | R76: =+R59+R66+R68+R71 -> 1385071564 | S76: =+S59+S66+S68+S71 -> 0 | T76: =+T59+T66+T68+T71 -> 1224725641 | ... Z76: =+Z59+Z66+Z68+Z71 -> 629867728 | AA76: 594857913
D77: BANCA | M77: =+M64+M69+M70 -> 1100000000 | N77: =+N64+N69+N70 -> 0 | O77: =+O64+O69+O70 -> 30000000 | P77: =+P64+P69+P70 -> 30000000 | Q77: =+Q64+Q69+Q70 -> 0 | R77: =+R64+R69+R70 -> 1070000000 | S77: =+S64+S69+S70 -> 0 | T77: =+T64+T69+T70 -> 30000000 | ... Z77: =+Z64+Z69+Z70 -> 23166666 | AA77: 6833334
D78: COWORKING | M78: =+M58+M67+M73 -> 1073333488 | N78: =+N58+N67+N73 -> 0 | O78: =+O58+O67+O73 -> 410837341 | P78: =+P58+P67+P73 -> 410837341 | Q78: =+Q58+Q67+Q73 -> 0 | R78: =+R58+R67+R73 -> 662496147 | S78: =+S58+S67+S73 -> 0 | T78: =+T58+T67+T73 -> 410837341 | ... Z78: =+Z58+Z67+Z73 -> 251247584 | AA78: 159589757
D79: EMPLEO | M79: =+M72 -> 823133327 | N79: =+N72 -> 0 | O79: =+O72 -> 230854542 | P79: =+P72 -> 230854542 | Q79: =+Q72 -> 0 | R79: =+R72 -> 592278785 | S79: =+S72 -> 0 | T79: =+T72 -> 230854542 | ... Z79: =+Z72 -> 167317694 | AA79: 63536848
D80: FORTALECIMIENTO | M80: =+M74 -> 7.8245e+08 | N80: =+N74 -> 0 | O80: =+O74 -> 460020000 | P80: =+P74 -> 460020000 | Q80: =+Q74 -> 0 | R80: =+R74 -> 3.2243e+08 | S80: =+S74 -> 0 | T80: =+T74 -> 406920000 | ... Z80: =+Z74 -> 313060831 | AA80: 93859169

Sheet Gastos_Agosto
A1: INSTITUTO MUNICIPAL DE EMPLEO Y FOMENTO EMPRESARIAL - IMEBU
A2: NIT: 00804014968 - 1
A3: EJECUCION PRESUPUESTAL DE GASTOS
A4: Periodo comprendido entre 01-08-2022 y 31-08-2022
A5: Fecha de Impresión: 01.09.2022 Hora: 02:03:pm
A6: Impreso por: GUSTAVO - GUSTAVO RAMIREZ BONELLS
A7: Codigo de Control | B7: Rubro Presupuestal | C7: Unidad Ejecutora | D7: Descripción | E7: Fuente | F7: Presupuesto Inicial | G7: Adiciones | H7: Aplazamientos | I7: Desaplazamiento | J7: Reducciones | K7: Créditos | L7: Contracréditos | M7: Presupuesto Definitivo | N7: Cdps Mes Anterior | O7: Cdps Mes Actual | P7: Total Ejecutado Segun Cdps | Q7: Cdps Vigencia Futura | R7: Saldo por Ejecutar | S7: Compromisos Mes Anterior | T7: Total Compromisos mes Actual | U7: Total Compromisos | V7: Saldo por Comprometer | W7: Total Obligaciones | X7: Pagos Mes Anterior | Y7: Total Pagos Periodo | Z7: Total Pagos | AA7: Saldo por Pagar
B8: 2 | C8: IMEB | D8: Gastos | F8: 5040000000 | G8: 3.7073266e+09 | H8: 0 | I8: 0 | J8: 0 | K8: 272956147 | L8: 272956147 | M8: 8.7473266e+09 | N8: 4597843201 | O8: 856666375 | P8: 5454509576 | Q8: 0 | R8: 3.292817e+09 | S8: 4300674392 | T8: 901052373 | U8: 5201726765 | V8: 3.5455999e+09 | W8: 3218607477 | X8: 2674605942 | Y8: 474381043 | Z8: 3148986985 | AA8: 2052739780
B9: 2.1 | C9: IMEB | D9: Funcionamiento | F9: 2332862428 | G9: 0 | H9: 0 | I9: 0 | J9: 0 | K9: 92943000 | L9: 92943000 | M9: 2332862428 | N9: 1305911964 | O9: 121011587 | P9: 1426923551 | Q9: 0 | R9: 905938877 | S9: 1247271488 | T9: 125438484 | U9: 1372709972 | V9: 960152456 | W9: 1103400920 | X9: 961758416 | Y9: 106555346 | Z9: 1068313762 | AA9: 304396210
B10: 2.1.1 | C10: IMEB | D10: Gastos de personal | F10: 1388561517 | G10: 0 | H10: 0 | I10: 0 | J10: 0 | K10: 36006000 | L10: 0 | M10: 1424567517 | N10: 660072447 | O10: 108939575 | P10: 769012022 | Q10: 0 | R10: 655555495 | S10: 660072447 | T10: 108939575 | U10: 769012022 | V10: 655555495 | W10: 768952362 | X10: 640586787 | Y10: 94361949 | Z10: 734948736 | AA10: 34063286
B11: 2.1.1.01 | C11: IMEB | D11: Planta de personal permanente | F11: 1388561517 | G11: 0 | H11: 0 | I11: 0 | J11: 0 | K11: 36006000 | L11: 0 | M11: 1424567517 | N11: 660072447 | O11: 108939575 | P11: 769012022 | Q11: 0 | R11: 655555495 | S11: 660072447 | T11: 108939575 | U11: 769012022 | V11: 655555495 | W11: 768952362 | X11: 640586787 | Y11: 94361949 | Z11: 734948736 | AA11: 34063286
B12: 2.1.1.01.01 | C12: IMEB | D12: Factores constitutivos de salario | F12: 986057546 | G12: 0 | H12: 0 | I12: 0 | J12: 0 | K12: 22850000 | L12: 0 | M12: 1008907546 | N12: 502147031 | O12: 75241326 | P12: 577388357 | Q12: 0 | R12: 431519189 | S12: 502147031 | T12: 75241326 | U12: 577388357 | V12: 431519189 | W12: 577388357 | X12: 502147031 | Y12: 63499300 | Z12: 565646331 | AA12: 11742026
B13: 2.1.1.01.01.001 | C13: IMEB | D13: Factores salariales comunes | F13: 976294600 | G13: 0 | H13: 0 | I13: 0 | J13: 0 | K13: 22540000 | L13: 0 | M13: 998834600 | N13: 502130075 | O13: 74693737 | P13: 576823812 | Q13: 0 | R13: 422010788 | S13: 502130075 | T13: 74693737 | U13: 576823812 | V13: 422010788 | W13: 576823812 | X13: 502130075 | Y13: 62951711 | Z13: 565081786 | AA13: 11742026
A14: 220001 | B14: 2.1.1.01.01.001.01 | C14: IMEB | D14: Sueldo básico | E14: 1.2.1.0.0 | F14: 775965124 | G14: 0 | H14: 0 | I14: 0 | J14: 0 | K14: 16220000 | L14: 0 | M14: 792185124 | N14: 448607509 | O14: 65176048 | P14: 513783557 | Q14: 0 | R14: 278401567 | S14: 448607509 | T14: 65176048 | U14: 513783557 | V14: 278401567 | W14: 513783557 | X14: 448607509 | Y14: 53434022 | Z14: 502041531 | AA14: 11742026
A15: 220002 | B15: 2.1.1.01.01.001.06 | C15: IMEB | D15: Prima de servicios | E15: 1.2.1.0.0 | F15: 66549782 | G15: 0 | H15: 0 | I15: 0 | J15: 0 | K15: 2100000 | L15: 0 | M15: 68649782 | N15: 34207924 | O15: 0 | P15: 34207924 | Q15: 0 | R15: 34441858 | S15: 34207924 | T15: 0 | U15: 34207924 | V15: 34441858 | W15: 34207924 | X15: 34207924 | Y15: 0 | Z15: 34207924 | AA15: 0
A16: 220003 | B16: 2.1.1.01.01.001.07 | C16: IMEB | D16: Bonificación por servicios prestados | E16: 1.2.1.0.0 | F16: 22632315 | G16: 0 | H16: 0 | I16: 0 | J16: 0 | K16: 710000 | L16: 0 | M16: 23342315 | N16: 12938977 | O16: 338699 | P16: 13277676 | Q16: 0 | R16: 10064639 | S16: 12938977 | T16: 338699 | U16: 13277676 | V16: 10064639 | W16: 13277676 | X16: 12938977 | Y16: 338699 | Z16: 13277676 | AA16: 0
B17: 2.1.1.01.01.001.08 | C17: IMEB | D17: Prestaciones sociales | F17: 111147379 | G17: 0 | H17: 0 | I17: 0 | J17: 0 | K17: 3510000 | L17: 0 | M17: 114657379 | N17: 6375665 | O17: 9178990 | P17: 15554655 | Q17: 0 | R17: 99102724 | S17: 6375665 | T17: 9178990 | U17: 15554655 | V17: 99102724 | W17: 15554655 | X17: 6375665 | Y17: 9178990 | Z17: 15554655 | AA17: 0
A18: 220004 | B18: 2.1.1.01.01.001.08.01 | C18: IMEB | D18: Prima de navidad | E18: 1.2.1.0.0 | F18: 75099581 | G18: 0 | H18: 0 | I18: 0 | J18: 0 | K18: 2360000 | L18: 0 | M18: 77459581 | N18: 136165 | O18: 4382660 | P18: 4518825 | Q18: 0 | R18: 72940756 | S18: 136165 | T18: 4382660 | U18: 4518825 | V18: 72940756 | W18: 4518825 | X18: 136165 | Y18: 4382660 | Z18: 4518825 | AA18: 0
A19: 220077 | B19: 2.1.2.02.02.010 | C19: IMEB | D19: Viáticos de funcionarios en Comisión | E19: APM | F19: 0 | G19: 0 | H19: 0 | I19: 0 | J19: 0 | K19: 10000000 | L19: 0 | M19: 10000000 | N19: 1112562 | O19: 0 | P19: 1112562 | Q19: 0 | R19: 8887438 | S19: 1112562 | T19: 0 | U19: 1112562 | V19: 8887438 | W19: 1112562 | X19: 1112562 | Y19: 0 | Z19: 1112562 | AA19: 0
A20: 220005 | B20: 2.1.1.01.01.001.08.02 | C20: IMEB | D20: Prima de vacaciones | E20: 1.2.1.0.0 | F20: 36047798 | G20: 0 | H20: 0 | I20: 0 | J20: 0 | K20: 1150000 | L20: 0 | M20: 37197798 | N20: 6239500 | O20: 4796330 | P20: 11035830 | Q20: 0 | R20: 26161968 | S20: 6239500 | T20: 4796330 | U20: 11035830 | V20: 26161968 | W20: 11035830 | X20: 6239500 | Y20: 4796330 | Z20: 11035830 | AA20: 0
A21: 220006 | B21: 2.1.1.01.01.002 | C21: IMEB | D21: Factores salariales especiales | E21: 1.2.1.0.0 | F21: 9762946 | G21: 0 | H21: 0 | I21: 0 | J21: 0 | K21: 310000 | L21: 0 | M21: 10072946 | N21: 16956 | O21: 547589 | P21: 564545 | Q21: 0 | R21: 9508401 | S21: 16956 | T21: 547589 | U21: 564545 | V21: 9508401 | W21: 564545 | X21: 16956 | Y21: 547589 | Z21: 564545 | AA21: 0
B22: 2.1.1.01.02 | C22: IMEB | D22: Contribuciones inherentes a la nómina | F22: 335322951 | G22: 0 | H22: 0 | I22: 0 | J22: 0 | K22: 11360000 | L22: 0 | M22: 346682951 | N22: 148050659 | O22: 25511142 | P22: 173561801 | Q22: 0 | R22: 173121150 | S22: 148050659 | T22: 25511142 | U22: 173561801 | V22: 173121150 | W22: 173502141 | X22: 128564999 | Y22: 22675542 | Z22: 151240541 | AA22: 22321260
A23: 220007 | B23: 2.1.1.01.02.001 | C23: IMEB | D23: Aportes a la seguridad social en pensiones | E23: 1.2.1.0.0 | F23: 95788061 | G23: 0 | H23: 0 | I23: 0 | J23: 0 | K23: 3050000 | L23: 0 | M23: 98838061 | N23: 56929450 | O23: 7892700 | P23: 64822150 | Q23: 0 | R23: 34015911 | S23: 56929450 | T23: 7892700 | U23: 64822150 | V23: 34015911 | W23: 64822150 | X23: 49153850 | Y23: 7775600 | Z23: 56929450 | AA23: 7892700
A24: 220008 | B24: 2.1.1.01.02.002 | C24: IMEB | D24: Aportes a la seguridad social en salud | E24: 1.2.1.0.0 | F24: 67849877 | G24: 0 | H24: 0 | I24: 0 | J24: 0 | K24: 2160000 | L24: 0 | M24: 70009877 | N24: 40323948 | O24: 5590500 | P24: 45914448 | Q24: 0 | R24: 24095429 | S24: 40323948 | T24: 5590500 | U24: 45914448 | V24: 24095429 | W24: 45914448 | X24: 34816348 | Y24: 4193900 | Z24: 39010248 | AA24: 6904200
A25: 220009 | B25: 2.1.1.01.02.003 | C25: IMEB | D25: Aportes de cesantías | E25: 1.2.1.0.0 | F25: 81357880 | G25: 0 | H25: 0 | I25: 0 | J25: 0 | K25: 2560000 | L25: 0 | M25: 83917880 | N25: 141301 | O25: 4563242 | P25: 4704543 | Q25: 0 | R25: 79213337 | S25: 141301 | T25: 4563242 | U25: 4704543 | V25: 79213337 | W25: 4704543 | X25: 141301 | Y25: 4563242 | Z25: 4704543 | AA25: 0
A26: 220010 | B26: 2.1.1.01.02.004 | C26: IMEB | D26: Aportes a cajas de compensación familiar | E26: 1.2.1.0.0 | F26: 38048157 | G26: 0 | H26: 0 | I26: 0 | J26: 0 | K26: 1312000 | L26: 0 | M26: 39360157 | N26: 21457900 | O26: 3179500 | P26: 24637400 | Q26: 0 | R26: 14722757 | S26: 21457900 | T26: 3179500 | U26: 24637400 | V26: 14722757 | W26: 24637400 | X26: 18865500 | Y26: 2592400 | Z26: 21457900 | AA26: 3179500
A27: 220011 | B27: 2.1.1.01.02.005 | C27: IMEB | D27: Aportes generales al sistema de riesgos laborales | E27: 1.2.1.0.0 | F27: 4718781 | G27: 0 | H27: 0 | I27: 0 | J27: 0 | K27: 637000 | L27: 0 | M27: 5355781 | N27: 2371160 | O27: 310100 | P27: 2681260 | Q27: 0 | R27: 2674521 | S27: 2371160 | T27: 310100 | U27: 2681260 | V27: 2674521 | W27: 2621600 | X27: 2002200 | Y27: 309300 | Z27: 2311500 | AA27: 369760
A28: 220012 | B28: 2.1.1.01.02.006 | C28: IMEB | D28: Aportes al ICBF | E28: 1.2.1.0.0 | F28: 28536117 | G28: 0 | H28: 0 | I28: 0 | J28: 0 | K28: 985000 | L28: 0 | M28: 29521117 | N28: 16095800 | O28: 2385000 | P28: 18480800 | Q28: 0 | R28: 11040317 | S28: 16095800 | T28: 2385000 | U28: 18480800 | V28: 11040317 | W28: 18480800 | X28: 14151200 | Y28: 1944600 | Z28: 16095800 | AA28: 2385000
A29: 220013 | B29: 2.1.1.01.02.007 | C29: IMEB | D29: Aportes al SENA | E29: 1.2.1.0.0 | F29: 19024078 | G29: 0 | H29: 0 | I29: 0 | J29: 0 | K29: 656000 | L29: 0 | M29: 19680078 | N29: 10731100 | O29: 1590100 | P29: 12321200 | Q29: 0 | R29: 7358878 | S29: 10731100 | T29: 1590100 | U29: 12321200 | V29: 7358878 | W29: 12321200 | X29: 9434600 | Y29: 1296500 | Z29: 10731100 | AA29: 1590100
B30: 2.1.1.01.03 | C30: IMEB | D30: Remuneraciones no constitutivas de factor salarial | F30: 67181020 | G30: 0 | H30: 0 | I30: 0 | J30: 0 | K30: 1796000 | L30: 0 | M30: 68977020 | N30: 9874757 | O30: 8187107 | P30: 18061864 | Q30: 0 | R30: 50915156 | S30: 9874757 | T30: 8187107 | U30: 18061864 | V30: 50915156 | W30: 18061864 | X30: 9874757 | Y30: 8187107 | Z30: 18061864 | AA30: 0
B31: 2.1.1.01.03.001 | C31: IMEB | D31: Prestaciones sociales | F31: 67181020 | G31: 0 | H31: 0 | I31: 0 | J31: 0 | K31: 1796000 | L31: 0 | M31: 68977020 | N31: 9874757 | O31: 8187107 | P31: 18061864 | Q31: 0 | R31: 50915156 | S31: 9874757 | T31: 8187107 | U31: 18061864 | V31: 50915156 | W31: 18061864 | X31: 9874757 | Y31: 8187107 | Z31: 18061864 | AA31: 0
A32: 220014 | B32: 2.1.1.01.03.001.01 | C32: IMEB | D32: Vacaciones | E32: 1.2.1.0.0 | F32: 52870104 | G32: 0 | H32: 0 | I32: 0 | J32: 0 | K32: 1660000 | L32: 0 | M32: 54530104 | N32: 9117433 | O32: 0 | P32: 9117433 | Q32: 0 | R32: 45412671 | S32: 9117433 | T32: 0 | U32: 9117433 | V32: 45412671 | W32: 9117433 | X32: 9117433 | Y32: 0 | Z32: 9117433 | AA32: 0
A33: 220015 | B33: 2.1.1.01.03.001.02 | C33: IMEB | D33: Indemnización por vacaciones | E33: 1.3.2.3.05 | F33: 10000000 | G33: 0 | H33: 0 | I33: 0 | J33: 0 | K33: 0 | L33: 0 | M33: 10000000 | N33: 0 | O33: 7617701 | P33: 7617701 | Q33: 0 | R33: 2382299 | S33: 0 | T33: 7617701 | U33: 7617701 | V33: 2382299 | W33: 7617701 | X33: 0 | Y33: 7617701 | Z33: 7617701 | AA33: 0
A34: 220016 | B34: 2.1.1.01.03.001.03 | C34: IMEB | D34: Bonificacion especial de recreación | E34: 1.2.1.0.0 | F34: 4310916 | G34: 0 | H34: 0 | I34: 0 | J34: 0 | K34: 136000 | L34: 0 | M34: 4446916 | N34: 757324 | O34: 569406 | P34: 1326730 | Q34: 0 | R34: 3120186 | S34: 757324 | T34: 569406 | U34: 1326730 | V34: 3120186 | W34: 1326730 | X34: 757324 | Y34: 569406 | Z34: 1326730 | AA34: 0
B35: 2.1.2 | C35: IMEB | D35: Adquisición de bienes y servicios | F35: 788491311 | G35: 0 | H35: 0 | I35: 0 | J35: 0 | K35: 51000000 | L35: 92943000 | M35: 746548311 | N35: 603443368 | O35: 12072012 | P35: 615515380 | Q35: 0 | R35: 131032931 | S35: 544802892 | T35: 16498909 | U35: 561301801 | V35: 185246510 | W35: 293428145 | X35: 281979249 | Y35: 10365364 | Z35: 292344613 | AA35: 268957188
B36: 2.1.2.02 | C36: IMEB | D36: Adquisiciones diferentes de activos | F36: 788491311 | G36: 0 | H36: 0 | I36: 0 | J36: 0 | K36: 51000000 | L36: 92943000 | M36: 746548311 | N36: 603443368 | O36: 12072012 | P36: 615515380 | Q36: 0 | R36: 131032931 | S36: 544802892 | T36: 16498909 | U36: 561301801 | V36: 185246510 | W36: 293428145 | X36: 281979249 | Y36: 10365364 | Z36: 292344613 | AA36: 268957188
B37: 2.1.2.02.01 | C37: IMEB | D37: Materiales y suministros | F37: 82118061 | G37: 0 | H37: 0 | I37: 0 | J37: 0 | K37: 15000000 | L37: 0 | M37: 97118061 | N37: 72348125 | O37: 7888093 | P37: 80236218 | Q37: 0 | R37: 16881843 | S37: 13707649 | T37: 12989990 | U37: 26697639 | V37: 70420422 | W37: 10920849 | X37: 8059672 | Y37: 2861177 | Z37: 10920849 | AA37: 15776790
A38: 220017 | B38: 2.1.2.02.01.002 | C38: IMEB | D38: Productos alimenticios, bebidas y tabaco; textiles, prendas de vestir y productos de cuero | E38: 1.2.1.0.0 | F38: 13118061 | G38: 0 | H38: 0 | I38: 0 | J38: 0 | K38: 0 | L38: 0 | M38: 13118061 | N38: 10846472 | O38: 0 | P38: 10846472 | Q38: 0 | R38: 2271589 | S38: 10846472 | T38: 0 | U38: 10846472 | V38: 2271589 | W38: 8059672 | X38: 8059672 | Y38: 0 | Z38: 8059672 | AA38: 2786800
A39: 220018 | B39: 2.1.2.02.01.003 | C39: IMEB | D39: Otros bienes transportables (excepto productos metálicos, maquinaria y equipo) | E39: 1.2.1.0.0 | F39: 39000000 | G39: 0 | H39: 0 | I39: 0 | J39: 0 | K39: 15000000 | L39: 0 | M39: 54000000 | N39: 46501653 | O39: -822476 | P39: 45679177 | Q39: 0 | R39: 8320823 | S39: 2861177 | T39: 0 | U39: 2861177 | V39: 51138823 | W39: 2861177 | X39: 0 | Y39: 2861177 | Z39: 2861177 | AA39: 0
A40: 220019 | B40: 2.1.2.02.01.004 | C40: IMEB | D40: Productos metalicos y paquetes de software | E40: 1.2.1.0.0 | F40: 30000000 | G40: 0 | H40: 0 | I40: 0 | J40: 0 | K40: 0 | L40: 0 | M40: 30000000 | N40: 15000000 | O40: 8710569 | P40: 23710569 | Q40: 0 | R40: 6289431 | S40: 0 | T40: 12989990 | U40: 12989990 | V40: 17010010 | W40: 0 | X40: 0 | Y40: 0 | Z40: 0 | AA40: 12989990
B41: 2.1.2.02.02 | C41: IMEB | D41: Adquisición de servicios | F41: 706373250 | G41: 0 | H41: 0 | I41: 0 | J41: 0 | K41: 36000000 | L41: 92943000 | M41: 649430250 | N41: 531095243 | O41: 4183919 | P41: 535279162 | Q41: 0 | R41: 114151088 | S41: 531095243 | T41: 3508919 | U41: 534604162 | V41: 114826088 | W41: 282507296 | X41: 273919577 | Y41: 7504187 | Z41: 281423764 | AA41: 253180398
A42: 220020 | B42: 2.1.2.02.02.006 | C42: IMEB | D42: Servicios de alojamiento; servicios de suministro de comidas y bebidas; servicios de transporte; y servicios de distribución de electricidad, gas y agua | E42: 1.2.1.0.0 | F42: 2476902 | G42: 0 | H42: 0 | I42: 0 | J42: 0 | K42: 0 | L42: 0 | M42: 2476902 | N42: 2200000 | O42: 0 | P42: 2200000 | Q42: 0 | R42: 276902 | S42: 2200000 | T42: 0 | U42: 2200000 | V42: 276902 | W42: 266333 | X42: 266333 | Y42: 0 | Z42: 266333 | AA42: 1933667
A43: 220021 | B43: 2.1.2.02.02.007 | C43: IMEB | D43: Servicios financieros y servicios conexos, servicios inmobiliarios y servicios de leasing | E43: 1.2.1.0.0 | F43: 357179873 | G43: 0 | H43: 0 | I43: 0 | J43: 0 | K43: 0 | L43: 10000000 | M43: 347179873 | N43: 327191969 | O43: 0 | P43: 327191969 | Q43: 0 | R43: 19987904 | S43: 327191969 | T43: 0 | U43: 327191969 | V43: 19987904 | W43: 105724636 | X43: 105724636 | Y43: 0 | Z43: 105724636 | AA43: 221467333
A44: 220022 | B44: 2.1.2.02.02.008 | C44: IMEB | D44: Servicios prestados a las empresas y servicios de producción | E44: 1.2.1.0.0 | F44: 74316475 | G44: 0 | H44: 0 | I44: 0 | J44: 0 | K44: 26000000 | L44: 0 | M44: 100316475 | N44: 22090712 | O44: 3487719 | P44: 25578431 | Q44: 0 | R44: 74738044 | S44: 22090712 | T44: 3487719 | U44: 25578431 | V44: 74738044 | W44: 20903765 | X44: 17416046 | Y44: 2404187 | Z44: 19820233 | AA44: 5758198
A45: 220023 | B45: 2.1.2.02.02.009 | C45: IMEB | D45: Servicios para la comunidad, sociales y personales | E45: 1.2.1.0.0 | F45: 272400000 | G45: 0 | H45: 0 | I45: 0 | J45: 0 | K45: 0 | L45: 82943000 | M45: 189457000 | N45: 178500000 | O45: 696200 | P45: 179196200 | Q45: 0 | R45: 10260800 | S45: 178500000 | T45: 21200 | U45: 178521200 | V45: 10935800 | W45: 154500000 | X45: 149400000 | Y45: 5100000 | Z45: 154500000 | AA45: 24021200
B46: 2.1.3 | C46: IMEB | D46: Transferencias corrientes | F46: 139809600 | G46: 0 | H46: 0 | I46: 0 | J46: 0 | K46: 0 | L46: 0 | M46: 139809600 | N46: 26396149 | O46: 0 | P46: 26396149 | Q46: 0 | R46: 113413451 | S46: 26396149 | T46: 0 | U46: 26396149 | V46: 113413451 | W46: 26396149 | X46: 26396149 | Y46: 0 | Z46: 26396149 | AA46: 0
B47: 2.1.3.13 | C47: IMEB | D47: Sentencias y Conciliaciones | F47: 139809600 | G47: 0 | H47: 0 | I47: 0 | J47: 0 | K47: 0 | L47: 0 | M47: 139809600 | N47: 26396149 | O47: 0 | P47: 26396149 | Q47: 0 | R47: 113413451 | S47: 26396149 | T47: 0 | U47: 26396149 | V47: 113413451 | W47: 26396149 | X47: 26396149 | Y47: 0 | Z47: 26396149 | AA47: 0
B48: 2.1.3.13.01 | C48: IMEB | D48: Fallos nacionales | F48: 139809600 | G48: 0 | H48: 0 | I48: 0 | J48: 0 | K48: 0 | L48: 0 | M48: 139809600 | N48: 26396149 | O48: 0 | P48: 26396149 | Q48: 0 | R48: 113413451 | S48: 26396149 | T48: 0 | U48: 26396149 | V48: 113413451 | W48: 26396149 | X48: 26396149 | Y48: 0 | Z48: 26396149 | AA48: 0
A49: 220024 | B49: 2.1.3.13.01.001 | C49: IMEB | D49: Sentencias | E49: 1.2.1.0.0 | F49: 119809609 | G49: 0 | H49: 0 | I49: 0 | J49: 0 | K49: 0 | L49: 0 | M49: 119809609 | N49: 26396149 | O49: 0 | P49: 26396149 | Q49: 0 | R49: 93413460 | S49: 26396149 | T49: 0 | U49: 26396149 | V49: 93413460 | W49: 26396149 | X49: 26396149 | Y49: 0 | Z49: 26396149 | AA49: 0
A50: 220025 | B50: 2.1.3.13.01.001 | C50: IMEB | D50: Sentencias | E50: 1.3.2.3.05 | F50: 19999991 | G50: 0 | H50: 0 | I50: 0 | J50: 0 | K50: 0 | L50: 0 | M50: 19999991 | N50: 0 | O50: 0 | P50: 0 | Q50: 0 | R50: 19999991 | S50: 0 | T50: 0 | U50: 0 | V50: 19999991 | W50: 0 | X50: 0 | Y50: 0 | Z50: 0 | AA50: 0
B51: 2.1.8 | C51: IMEB | D51: Gastos por tributos, multas, sanciones e intereses de mora | F51: 16000000 | G51: 0 | H51: 0 | I51: 0 | J51: 0 | K51: 5937000 | L51: 0 | M51: 21937000 | N51: 16000000 | O51: 0 | P51: 16000000 | Q51: 0 | R51: 5937000 | S51: 16000000 | T51: 0 | U51: 16000000 | V51: 5937000 | W51: 14624264 | X51: 12796231 | Y51: 1828033 | Z51: 14624264 | AA51: 1375736
B52: 2.1.8.04 | C52: IMEB | D52: Contribuciones | F52: 16000000 | G52: 0 | H52: 0 | I52: 0 | J52: 0 | K52: 5937000 | L52: 0 | M52: 21937000 | N52: 16000000 | O52: 0 | P52: 16000000 | Q52: 0 | R52: 5937000 | S52: 16000000 | T52: 0 | U52: 16000000 | V52: 5937000 | W52: 14624264 | X52: 12796231 | Y52: 1828033 | Z52: 14624264 | AA52: 1375736
A53: 220026 | B53: 2.1.8.04.01 | C53: IMEB | D53: Cuota de fiscalización y auditaje | E53: 1.2.1.0.0 | F53: 16000000 | G53: 0 | H53: 0 | I53: 0 | J53: 0 | K53: 5937000 | L53: 0 | M53: 21937000 | N53: 16000000 | O53: 0 | P53: 16000000 | Q53: 0 | R53: 5937000 | S53: 16000000 | T53: 0 | U53: 16000000 | V53: 5937000 | W53: 14624264 | X53: 12796231 | Y53: 1828033 | Z53: 14624264 | AA53: 1375736
B54: 2.3 | C54: IMEB | D54: Inversión | F54: 2707137572 | G54: 3.7073266e+09 | H54: 0 | I54: 0 | J54: 0 | K54: 180013147 | L54: 180013147 | M54: 6.4144642e+09 | N54: 3291931237 | O54: 735654788 | P54: 4027586025 | Q54: 0 | R54: 2.3868782e+09 | S54: 3053402904 | T54: 775613889 | U54: 3829016793 | V54: 2.5854474e+09 | W54: 2115206557 | X54: 1712847526 | Y54: 367825697 | Z54: 2080673223 | AA54: 1748343570
B55: 2.3.2.02.01 | C55: IMEB | D55: Materiales y Suministros | F55: 0 | G55: 220300000 | H55: 0 | I55: 0 | J55: 0 | K55: 0 | L55: 0 | M55: 220300000 | N55: 0 | O55: 52009233 | P55: 52009233 | Q55: 0 | R55: 168290767 | S55: 0 | T55: 0 | U55: 0 | V55: 220300000 | W55: 0 | X55: 0 | Y55: 0 | Z55: 0 | AA55: 0
B56: 2.3.2.02 | C56: IMEB | D56: Adquisición diferentes de Activos. | F56: 0 | G56: 220300000 | H56: 0 | I56: 0 | J56: 0 | K56: 0 | L56: 0 | M56: 220300000 | N56: 0 | O56: 52009233 | P56: 52009233 | Q56: 0 | R56: 168290767 | S56: 0 | T56: 0 | U56: 0 | V56: 220300000 | W56: 0 | X56: 0 | Y56: 0 | Z56: 0 | AA56: 0
A57: 220079 | B57: 2.3.2.02.01.002 | C57: IMEB | D57: Productos alimenticios, bebidas y tabaco; textiles, prendas de vestir y productos de cuero - COWORKING | E57: RDB | F57: 0 | G57: 150000000 | H57: 0 | I57: 0 | J57: 0 | K57: 0 | L57: 0 | M57: 150000000 | N57: 0 | O57: 0 | P57: 0 | Q57: 0 | R57: 150000000 | S57: 0 | T57: 0 | U57: 0 | V57: 150000000 | W57: 0 | X57: 0 | Y57: 0 | Z57: 0 | AA57: 0
A58: 220080 | B58: 2.3.2.02.01.003 | C58: IMEB | D58: Otros BieneS transportables (excepto productos metálicos, maquinaria y equipo) - CDE | E58: RDB | F58: 0 | G58: 70300000 | H58: 0 | I58: 0 | J58: 0 | K58: 0 | L58: 0 | M58: 70300000 | N58: 0 | O58: 52009233 | P58: 52009233 | Q58: 0 | R58: 18290767 | S58: 0 | T58: 0 | U58: 0 | V58: 70300000 | W58: 0 | X58: 0 | Y58: 0 | Z58: 0 | AA58: 0
B59: 2.3.2.02.02.009 | C59: IMEB | D59: Servicios para la comunidad, sociales y personales | F59: 2312728657 | G59: 2.2187579e+09 | H59: 0 | I59: 0 | J59: 0 | K59: 96013147 | L59: 84000000 | M59: 4.5434997e+09 | N59: 2873715152 | O59: 566813834 | P59: 3440528986 | Q59: 0 | R59: 1.1029707e+09 | S59: 2635186819 | T59: 758595501 | U59: 3393782320 | V59: 1.1497174e+09 | W59: 1834127040 | X59: 1595549447 | Y59: 236044259 | Z59: 1831593706 | AA59: 1562188614
B60: 2.3.6 | C60: IMEB | D60: Adquisicion de Activos Financieros | F60: 0 | G60: 940000000 | H60: 0 | I60: 0 | J60: 0 | K60: 0 | L60: 0 | M60: 940000000 | N60: 0 | O60: 0 | P60: 0 | Q60: 0 | R60: 940000000 | S60: 0 | T60: 0 | U60: 0 | V60: 940000000 | W60: 0 | X60: 0 | Y60: 0 | Z60: 0 | AA60: 0
B61: 2.3.6.01 | C61: IMEB | D61: Concesión de Prestamos | F61: 0 | G61: 940000000 | H61: 0 | I61: 0 | J61: 0 | K61: 0 | L61: 0 | M61: 940000000 | N61: 0 | O61: 0 | P61: 0 | Q61: 0 | R61: 940000000 | S61: 0 | T61: 0 | U61: 0 | V61: 940000000 | W61: 0 | X61: 0 | Y61: 0 | Z61: 0 | AA61: 0
B62: 2.3.6.01.04 | C62: IMEB | D62: A Personas Naturales | F62: 0 | G62: 940000000 | H62: 0 | I62: 0 | J62: 0 | K62: 0 | L62: 0 | M62: 940000000 | N62: 0 | O62: 0 | P62: 0 | Q62: 0 | R62: 940000000 | S62: 0 | T62: 0 | U62: 0 | V62: 940000000 | W62: 0 | X62: 0 | Y62: 0 | Z62: 0 | AA62: 0
B63: 2.3.2 | C63: IMEB | D63: Adquisicion de bienes y servicios | F63: 2707137572 | G63: 2.7673266e+09 | H63: 0 | I63: 0 | J63: 0 | K63: 180013147 | L63: 180013147 | M63: 5.4744642e+09 | N63: 3291931237 | O63: 735654788 | P63: 4027586025 | Q63: 0 | R63: 1.4468782e+09 | S63: 3053402904 | T63: 775613889 | U63: 3829016793 | V63: 1.6454474e+09 | W63: 2115206557 | X63: 1712847526 | Y63: 367825697 | Z63: 2080673223 | AA63: 1748343570
A64: 220081 | B64: 2.3.6.01.04.003 | C64: IMEB | D64: Fondo de Prestamos Banca | E64: RDB | F64: 0 | G64: 940000000 | H64: 0 | I64: 0 | J64: 0 | K64: 0 | L64: 0 | M64: 940000000 | N64: 0 | O64: 0 | P64: 0 | Q64: 0 | R64: 940000000 | S64: 0 | T64: 0 | U64: 0 | V64: 940000000 | W64: 0 | X64: 0 | Y64: 0 | Z64: 0 | AA64: 0
B65: 2.3.2.02.02 | C65: IMEB | D65: Adquisición de servicios | F65: 2707137572 | G65: 2.5470266e+09 | H65: 0 | I65: 0 | J65: 0 | K65: 180013147 | L65: 180013147 | M65: 5.2541642e+09 | N65: 3291931237 | O65: 683645555 | P65: 3975576792 | Q65: 0 | R65: 1.2785874e+09 | S65: 3053402904 | T65: 775613889 | U65: 3829016793 | V65: 1.4251474e+09 | W65: 2115206557 | X65: 1712847526 | Y65: 367825697 | Z65: 2080673223 | AA65: 1748343570
A66: 220027 | B66: 2.3.2.02.02.006 | C66: IMEB | D66: Servicios de alojamiento; servicios de suministro de comidas y bebidas; servicios de transporte; y servicios de distribución de electricidad, gas y agua-CDE | E66: 1.2.1.0.0 | F66: 62800427 | G66: 150000000 | H66: 0 | I66: 0 | J66: 0 | K66: 0 | L66: 23000000 | M66: 189800427 | N66: 32452194 | O66: 82831721 | P66: 115283915 | Q66: 0 | R66: 74516512 | S66: 32452194 | T66: 1018388 | U66: 33470582 | V66: 156329845 | W66: 33470582 | X66: 4452194 | Y66: 29018388 | Z66: 33470582 | AA66: 0
A67: 220028 | B67: 2.3.2.02.02.007 | C67: IMEB | D67: Servicios financieros y servicios conexos, servicios inmobiliarios y servicios de leasing-COWORKING | E67: 1.2.1.0.0 | F67: 226483488 | G67: 0 | H67: 0 | I67: 0 | J67: 0 | K67: 0 | L67: 73013147 | M67: 153470341 | N67: 153470341 | O67: 0 | P67: 153470341 | Q67: 0 | R67: 0 | S67: 153470341 | T67: 0 | U67: 153470341 | V67: 0 | W67: 38367585 | X67: 38367585 | Y67: 0 | Z67: 38367585 | AA67: 115102756
A68: 220029 | B68: 2.3.2.02.02.007 | C68: IMEB | D68: Servicios financieros y servicios conexos, servicios inmobiliarios y servicios de leasing-CDE | E68: 1.2.1.0.0 | F68: 105125000 | G68: 178268750 | H68: 0 | I68: 0 | J68: 0 | K68: 84000000 | L68: 0 | M68: 367393750 | N68: 232293550 | O68: 34000000 | P68: 266293550 | Q68: 0 | R68: 101100200 | S68: 232293550 | T68: 16000000 | U68: 248293550 | V68: 119100200 | W68: 209241350 | X68: 74478300 | Y68: 102763050 | Z68: 177241350 | AA68: 71052200
A69: 220030 | B69: 2.3.2.02.02.009.01 | C69: IMEB | D69: Servicios para la comunidad, sociales y personales-BANCA | E69: 1.3.2.3.05 | F69: 10000009 | G69: 0 | H69: 0 | I69: 0 | J69: 0 | K69: 0 | L69: 0 | M69: 10000009 | N69: 10000000 | O69: 0 | P69: 10000000 | Q69: 0 | R69: 9 | S69: 10000000 | T69: 0 | U69: 10000000 | V69: 9 | W69: 10000000 | X69: 10000000 | Y69: 0 | Z69: 10000000 | AA69: 0
A70: 220031 | B70: 2.3.2.02.02.009.02 | C70: IMEB | D70: Servicios para la comunidad, sociales y personales-BANCA | E70: 1.2.1.0.0 | F70: 20916668 | G70: 129083323 | H70: 0 | I70: 0 | J70: 0 | K70: 0 | L70: 0 | M70: 149999991 | N70: 20000000 | O70: 109966667 | P70: 129966667 | Q70: 0 | R70: 20033324 | S70: 20000000 | T70: 94216667 | U70: 114216667 | V70: 35783324 | W70: 20000000 | X70: 20000000 | Y70: 0 | Z70: 20000000 | AA70: 94216667
A71: 220032 | B71: 2.3.2.02.02.009.03 | C71: IMEB | D71: Servicios para la comunidad, sociales y personales- CDE | E71: 1.2.1.0.0 | F71: 1382074573 | G71: 709978630 | H71: 0 | I71: 0 | J71: 0 | K71: 0 | L71: 84000000 | M71: 2008053203 | N71: 1252553610 | O71: 303903000 | P71: 1556456610 | Q71: 0 | R71: 451596593 | S71: 1092932777 | T71: 448980500 | U71: 1541913277 | V71: 466139926 | W71: 872830000 | X71: 723957331 | Y71: 148872669 | Z71: 872830000 | AA71: 669083277
A72: 220033 | B72: 2.3.2.02.02.009.04 | C72: IMEB | D72: Servicios para la comunidad, sociales y personales -EMPLEO | E72: 1.2.1.0.0 | F72: 312133332 | G72: 510999995 | H72: 0 | I72: 0 | J72: 0 | K72: 0 | L72: 0 | M72: 823133327 | N72: 406124542 | O72: 55331667 | P72: 461456209 | Q72: 0 | R72: 361677118 | S72: 363467042 | T72: 82469167 | U72: 445936209 | V72: 377197118 | W72: 232133708 | X72: 210188785 | Y72: 21944923 | Z72: 232133708 | AA72: 213802501
A73: 220034 | B73: 2.3.2.02.02.009.05 | C73: IMEB | D73: Servicios para la comunidad, sociales y personales-COWORKING | E73: 1.2.1.0.0 | F73: 203516512 | G73: 493333488 | H73: 0 | I73: 0 | J73: 0 | K73: 73013147 | L73: 0 | M73: 769863147 | N73: 503617000 | O73: 15000000 | P73: 518617000 | Q73: 0 | R73: 251246147 | S73: 467367000 | T73: 50316667 | U73: 517683667 | V73: 252179480 | W73: 265333333 | X73: 244533333 | Y73: 20400000 | Z73: 264933333 | AA73: 252750334
A74: 220035 | B74: 2.3.2.02.02.009.06 | C74: IMEB | D74: Servicios para la comunidad, sociales y personales-FORTALECIMIENTO | E74: 1.2.1.0.0 | F74: 384087563 | G74: 3.7536244e+08 | H74: 0 | I74: 0 | J74: 0 | K74: 23000000 | L74: 0 | M74: 7.8245e+08 | N74: 681420000 | O74: 82612500 | P74: 764032500 | Q74: 0 | R74: 18417500 | S74: 681420000 | T74: 82612500 | U74: 764032500 | V74: 18417500 | W74: 433829999 | X74: 386869998 | Y74: 44826667 | Z74: 431696665 | AA74: 332335835
D76: CDE | M76: =+M58+M66+M68+M71 -> 2635547380 | N76: =+N59+N66+N68+N71 -> 4391014506 | O76: =+O59+O66+O68+O71 -> 987548555 | P76: =+P59+P66+P68+P71 -> 5378563061 | Q76: =+Q59+Q66+Q68+Q71 -> 0 | R76: =+R59+R66+R68+R71 -> 1.730184e+09 | S76: =+S59+S66+S68+S71 -> 3992865340 | T76: =+T59+T66+T68+T71 -> 1224594389 | U76: =+U58+U66+U68+U71 -> 1823677409 | V76: =+V59+V66+V68+V71 -> 1.8912873e+09 | W76: =+W59+W66+W68+W71 -> 2949668972 | X76: =+X59+X66+X68+X71 -> 2398437272 | Y76: =+Y59+Y66+Y68+Y71 -> 516698366 | Z76: =+Z58+Z66+Z68+Z71 -> 1083541932
D77: BANCA | M77: =+M64+M69+M70 -> 1100000000 | N77: =+N64+N69+N70 -> 30000000 | O77: =+O64+O69+O70 -> 109966667 | P77: =+P64+P69+P70 -> 139966667 | Q77: =+Q64+Q69+Q70 -> 0 | R77: =+R64+R69+R70 -> 960033333 | S77: =+S64+S69+S70 -> 30000000 | T77: =+T64+T69+T70 -> 94216667 | ... Z77: =+Z64+Z69+Z70 -> 30000000
D78: COWORKING | M78: =+M57+M67+M73 -> 1073333488 | N78: =+N58+N67+N73 -> 657087341 | O78: =+O58+O67+O73 -> 67009233 | P78: =+P58+P67+P73 -> 724096574 | Q78: =+Q58+Q67+Q73 -> 0 | R78: =+R58+R67+R73 -> 269536914 | S78: =+S58+S67+S73 -> 620837341 | T78: =+T58+T67+T73 -> 50316667 | U78: =U67+U73+U57 -> 671154008 | V78: =+V58+V67+V73 -> 322479480 | W78: =+W58+W67+W73 -> 303700918 | X78: =+X58+X67+X73 -> 282900918 | Y78: =+Y58+Y67+Y73 -> 20400000 | Z78: =+Z57+Z67+Z73 -> 303300918
D79: EMPLEO | M79: =+M72 -> 823133327 | N79: =+N72 -> 406124542 | O79: =+O72 -> 55331667 | P79: =+P72 -> 461456209 | Q79: =+Q72 -> 0 | R79: =+R72 -> 361677118 | S79: =+S72 -> 363467042 | T79: =+T72 -> 82469167 | ... Z79: =+Z72 -> 232133708
D80: FORTALECIMIENTO | M80: =+M74 -> 7.8245e+08 | N80: =+N74 -> 681420000 | O80: =+O74 -> 82612500 | P80: =+P74 -> 764032500 | Q80: =+Q74 -> 0 | R80: =+R74 -> 18417500 | S80: =+S74 -> 681420000 | T80: =+T74 -> 82612500 | ... Z80: =+Z74 -> 431696665
M82: =SUM(M76:M80) -> 6.4144642e+09 | N82: =SUM(N76:N80) -> 6165646389 | O82: =SUM(O76:O80) -> 1302468622 | P82: =SUM(P76:P80) -> 7468115011 | Q82: =SUM(Q76:Q80) -> 0 | R82: =SUM(R76:R80) -> 3.3398489e+09 | S82: =SUM(S76:S80) -> 5688589723 | T82: =SUM(T76:T80) -> 1534209390 | U82: =SUM(U76:U80) -> 3829016793 | Z82: =U82/M82 -> 0.59693478

Sheet Avance a cuatrienio
B4: ALCALDÍA DE BUCARAMANGA
B5: PLAN DE DESARROLLO 2020 - 2023 "BUCARAMANGA, UNA CIUDAD DE OPORTUNIDADES"
B6: PLAN DE ACCIÓN - INSTITUTO MUNICIPAL DE EMPLEO Y FOMENTO EMPRESARIAL DE BUCARAMANGA (IMEBU)
B9: AÑO | C9: FECHA CORTE
B10: 2020 | C10: 44196 | D10: PLAN DE ACCIÓN
B11: LÍNEA ESTRATÉGICA | C11: COMPONENTE | D11: PROGRAMA | E11: TIEMPO PROGRAMADO (en el año) | G11: META | H11: META CUATRIENIO | I11: 2020 | N11: 2021 I TRIM | S11: 2021 II TRIM | W11: 2021 | AB11: AVANCE CUATRIENIO MAR 2021 | AC11: 2022 OCTUBRE | AH11: LOGRO CUATRIENIO OCT 2022 | AJ11: % AVANCE CUATRIENIO OCT 2022
I12: INDICADORES | L12: AVANCE | N12: INDICADORES | Q12: AVANCE | S12: INDICADORES | U12: AVANCE | W12: INDICADORES | Z12: AVANCE | AC12: INDICADORES | AF12: AVANCE
I13: META | J13: LOGRO | L13: Porcentaje de avance en tiempo | M13: Porcentaje de avance en cumplimiento | N13: META | O13: LOGRO | Q13: Porcentaje de avance en tiempo | R13: Porcentaje de avance en cumplimiento | S13: META | T13: LOGRO | U13: Porcentaje de avance en tiempo | V13: Porcentaje de avance en cumplimiento | W13: META | X13: LOGRO | Z13: Porcentaje de avance en tiempo | AA13: Porcentaje de avance en cumplimiento | AC13: META PDM | AD13: LOGRO | AF13: Porcentaje de avance en tiempo | AG13: Porcentaje de avance en cumplimiento
E14: Fecha Inicial | F14: Fecha Terminación
B15: 3. BUCARAMANGA PRODUCTIVA Y COMPETITIVA: EMPRESAS INNOVADORAS, RESPONSABLES Y CONSCIENTES | C15: EMPRENDIMIENTO, INNOVACIÓN, FORMALIZACIÓN Y DINAMIZACIÓN EMPRESARIAL | D15: EMPRENDIMIENTO E INNOVACIÓN | E15: 43831 | F15: 44196 | G15: =+'PA 2022'!E9 -> Fortalecer a 5.000 empresas, emprendimientos y/o unidades productivas, a través de la implementación de un programa de incubación y aceleración de emprendimientos innovadores articulados con el ecosistema de emprendimiento, que caracterice las capacidades tecnológicas instaladas (duras y blandas) con enfoque diferencial. | H15: 5000 | I15: 100 | J15: 100 | K15: =+J15/I15 -> 1 | L15: =DAYS360(E15,$C$10)/DAYS360(E15,F15) -> 1 | M15: =IF(I15=0," -",IF(K15>100%,100%,K15)) -> 1 | N15: 1000 | O15: 79 | P15: =+O15/N15 -> 0.079 | Q15: =+(3*100%)/12 -> 0.25 | R15: =IF(N15=0," -",IF(P15>100%,100%,P15)) -> 0.079 | S15: 1000 | T15: 347 | U15: 0.5 | V15: 0.347 | W15: 1000 | X15: 1178 | Y15: =+X15/W15 -> 1.178 | Z15: 1 | AA15: =IF(W15=0," -",IF(Y15>100%,100%,Y15)) -> 1 | AB15: =(J15+O15)/H15 -> 0.0358 | AC15: 800 | AD15: =+'PA 2022'!M9 -> 1146 | AE15: =+AD15/AC15 -> 1.4325 | AF15: 0.16666667 | AG15: =IF(AC15=0," -",IF(AE15>100%,100%,AE15)) -> 1 | AH15: =+J15+X15+AD15 -> 2424 | AI15: =+AH15/H15 -> 0.4848 | AJ15: =IF(H15=0," -",IF(AI15>100%,100%,AI15)) -> 0.4848 | AK15: *Incubadora CREA - Tiene 304 inscritos, entregará 100 incubados cada trimestre. *Incubados S-IINOVA CEMPRENDE, entregará 200 empresas incubadas (Seed Lab de tecnología, Espacios Colaborativos y otros ) *Consultorio E Marketing tiene inscritas 210 empresas, y entregará 800 empresas asesoradas. *Avanza Bga tiene en proceso de aceleración 80 empresas y culminará con 300 aceleradas y formadas. 1600 EMPRESAS SE ATENDERÁN PARA CUMPLIR CON REZAGO DEL CUATRIENIO (800 ADICIONALES A LA META DEL AÑO)
D16: CENTROS DE DESARROLLO EMPRESARIAL | E16: 43831 | F16: 44196 | G16: =+'PA 2022'!E10 -> Implementar 1 programa de desarrollo empresarial y de empleabilidad para las micro y pequeñas empresas (incluyendo unidades productivas). | H16: 1 | I16: 1 | J16: 1 | K16: =+J16/I16 -> 1 | L16: =DAYS360(E16,$C$10)/DAYS360(E16,F16) -> 1 | M16: =IF(I16=0," -",IF(K16>100%,100%,K16)) -> 1 | N16: 1 | O16: 1 | P16: =+O16/N16 -> 1 | Q16: =+(3*100%)/12 -> 0.25 | R16: =IF(N16=0," -",IF(P16>100%,100%,P16)) -> 1 | S16: 1 | T16: 1 | U16: 0.5 | V16: 1 | W16: 1 | X16: 1 | Y16: =+X16/W16 -> 1 | Z16: 1 | AA16: =IF(W16=0," -",IF(Y16>100%,100%,Y16)) -> 1 | AB16: =(J16+O16)/H16 -> 2 | AC16: 1 | AD16: =+'PA 2022'!M10 -> 1 | AE16: =+AD16/AC16 -> 1 | AF16: 0.16666667 | AG16: =IF(AC16=0," -",IF(AE16>100%,100%,AE16)) -> 1 | AH16: 1 | AI16: =+AH16/H16 -> 1 | AJ16: =IF(H16=0," -",IF(AI16>100%,100%,AI16)) -> 1
E17: 43831 | F17: 44196 | G17: =+'PA 2022'!E11 -> Desarrollar el modelo CDE virtual para que amplíen la cobertura en la ciudad. | H17: 1 | I17: 0.1 | J17: 0.1 | K17: =+J17/I17 -> 1 | L17: =DAYS360(E17,$C$10)/DAYS360(E17,F17) -> 1 | M17: =IF(I17=0," -",IF(K17>100%,100%,K17)) -> 1 | N17: 0.25 | O17: 0 | P17: =+O17/N17 -> 0 | Q17: =+(3*100%)/12 -> 0.25 | R17: =IF(N17=0," -",IF(P17>100%,100%,P17)) -> 0 | S17: 0.25 | T17: 0 | U17: 0.5 | V17: 0 | W17: 0.25 | X17: 0.25 | Y17: =+X17/W17 -> 1 | Z17: 1 | AA17: =IF(W17=0," -",IF(Y17>100%,100%,Y17)) -> 1 | AB17: =(J17+O17)/H17 -> 0.1 | AC17: 0.35 | AD17: =+'PA 2022'!M11 -> 1 | AE17: =+AD17/AC17 -> 2.8571429 | AF17: 0.16666667 | AG17: =IF(AC17=0," -",IF(AE17>100%,100%,AE17)) -> 1 | AH17: =+J17+X17+AD17 -> 1.35 | AI17: =+AH17/H17 -> 1.35 | AJ17: =IF(H17=0," -",IF(AI17>100%,100%,AI17)) -> 1
E18: 43831 | F18: 44196 | G18: =+'PA 2022'!E12 -> Formar a 7.000 emprendedores a través de un programa de formación teórica, empresarial y/o artesanal con enfoque diferencial para emprendimientos artísticos, culturales, creativos, negocios verdes, microempresarios y/o unidades productivas urbanas y rurales. | H18: 7000 | I18: 800 | J18: 2029 | K18: =+J18/I18 -> 2.53625 | L18: =DAYS360(E18,$C$10)/DAYS360(E18,F18) -> 1 | M18: =IF(I18=0," -",IF(K18>100%,100%,K18)) -> 1 | N18: 1200 | O18: 57 | P18: =+O18/N18 -> 0.0475 | Q18: =+(3*100%)/12 -> 0.25 | R18: =IF(N18=0," -",IF(P18>100%,100%,P18)) -> 0.0475 | S18: 1200 | T18: 1082 | U18: 0.5 | V18: 0.90166667 | W18: 1200 | X18: 2673 | Y18: =+X18/W18 -> 2.2275 | Z18: 1 | AA18: =IF(W18=0," -",IF(Y18>100%,100%,Y18)) -> 1 | AB18: =(J18+O18)/H18 -> 0.298 | AC18: 2000 | AD18: =+'PA 2022'!M12 -> 6091 | AE18: =+AD18/AC18 -> 3.0455 | AF18: 0.16666667 | AG18: =IF(AC18=0," -",IF(AE18>100%,100%,AE18)) -> 1 | AH18: =+J18+X18+AD18 -> 10793 | AI18: =+AH18/H18 -> 1.5418571 | AJ18: =IF(H18=0," -",IF(AI18>100%,100%,AI18)) -> 1
E19: 43831 | F19: 44196 | G19: =+'PA 2022'!E13 -> Implementar en 4.000 mipymes planes estratégicos orientados a innovar y/o incorporación tecnológica en áreas empresariales estratégicas con apoyo de Universidades y actores económicos clave. | H19: 4000 | I19: 300 | J19: 536 | K19: =+J19/I19 -> 1.7866667 | L19: =DAYS360(E19,$C$10)/DAYS360(E19,F19) -> 1 | M19: =IF(I19=0," -",IF(K19>100%,100%,K19)) -> 1 | N19: 500 | O19: 0 | P19: =+O19/N19 -> 0 | Q19: =+(3*100%)/12 -> 0.25 | R19: =IF(N19=0," -",IF(P19>100%,100%,P19)) -> 0 | S19: 500 | T19: 191 | U19: 0.5 | V19: 0.382 | W19: 500 | X19: 540 | Y19: =+X19/W19 -> 1.08 | Z19: 1 | AA19: =IF(W19=0," -",IF(Y19>100%,100%,Y19)) -> 1 | AB19: =(J19+O19)/H19 -> 0.134 | AC19: 800 | AD19: =+'PA 2022'!M13 -> 753 | AE19: =+AD19/AC19 -> 0.94125 | AF19: 0.16666667 | AG19: =IF(AC19=0," -",IF(AE19>100%,100%,AE19)) -> 0.94125 | AH19: =+J19+X19+AD19 -> 1829 | AI19: =+AH19/H19 -> 0.45725 | AJ19: =IF(H19=0," -",IF(AI19>100%,100%,AI19)) -> 0.45725 | AK19: Se concertó que todas las empresas que accedan a crédito tendrán que pasar por asesoría financiera y comercial a los CDE. Se tendrá un asesor CDE en la sede de cada operador (8 horas asesoría requisito para desembolso). 1324 EMPRESAS SE ATENDERÁN PARA CUMPLIR CON REZAGO DE CUATRIENIO ( 524 ADICIONALES A LA DEL AÑO)
D20: BANCA CIUDADANA | E20: 43831 | F20: 44196 | G20: =+'PA 2022'!E14 -> Intervenir a 4.000 empresas y/o emprendimientos mediante apalancamiento financiero orientado a realizar inversión en innovación y/o tecnología en la zona rural y urbana con enfoque diferencial. | H20: 4000 | I20: 200 | J20: 0 | K20: =+J20/I20 -> 0 | L20: =DAYS360(E20,$C$10)/DAYS360(E20,F20) -> 1 | M20: =IF(I20=0," -",IF(K20>100%,100%,K20)) -> 0 | N20: 600 | O20: 17 | P20: =+O20/N20 -> 0.028333333 | Q20: =+(3*100%)/12 -> 0.25 | R20: =IF(N20=0," -",IF(P20>100%,100%,P20)) -> 0.028333333 | S20: 600 | T20: 38 | U20: 0.5 | V20: 0.063333333 | W20: 600 | X20: 234 | Y20: =+X20/W20 -> 0.39 | Z20: 1 | AA20: =IF(W20=0," -",IF(Y20>100%,100%,Y20)) -> 0.39 | AB20: =(J20+O20)/H20 -> 0.00425 | AC20: 300 | AD20: =+'PA 2022'!M14 -> 1671 | AE20: =+AD20/AC20 -> 5.57 | AF20: 0.16666667 | AG20: =IF(AC20=0," -",IF(AE20>100%,100%,AE20)) -> 1 | AH20: =+J20+X20+AD20 -> 1905 | AI20: =+AH20/H20 -> 0.47625 | AJ20: =IF(H20=0," -",IF(AI20>100%,100%,AI20)) -> 0.47625 | AK20: Se inyectaron recursos por un valor de $5.133.691.210, de los cuales $3520.856.575 son recursos propios y $1.612.834.635 son recursos de contrapartida de aliados financieros, a la Banca Ciudadana (Línea tasa 0% interés) para impulsar el cumplimiento de esta meta. En el primer trimestre ya se cumplió lo inicialmente planteado para el año. 2166 CRÉDITOS SE DESEMBOLSARÁN PARA CUMPLIR CON EL REZAGO DE CUATRIENIO)
E21: 43831 | F21: 44196 | G21: =+'PA 2022'!E15 -> Otorgar 6.000 créditos a emprendimientos y mipymes de orientados a capital de trabajo o destinos de inversión diferente a innovación y/o tecnología en zonas urbanas y rurales. | H21: 6000 | I21: 1200 | J21: 2293 | K21: =+J21/I21 -> 1.9108333 | L21: =DAYS360(E21,$C$10)/DAYS360(E21,F21) -> 1 | M21: =IF(I21=0," -",IF(K21>100%,100%,K21)) -> 1 | N21: 1600 | O21: 328 | P21: =+O21/N21 -> 0.205 | Q21: =+(3*100%)/12 -> 0.25 | R21: =IF(N21=0," -",IF(P21>100%,100%,P21)) -> 0.205 | S21: 1600 | T21: 662 | U21: 0.5 | V21: 0.41375 | W21: 1600 | X21: 1648 | Y21: =+X21/W21 -> 1.03 | Z21: 1 | AA21: =IF(W21=0," -",IF(Y21>100%,100%,Y21)) -> 1 | AB21: =(J21+O21)/H21 -> 0.43683333 | AC21: 1200 | AD21: =+'PA 2022'!M15 -> 1279 | AE21: =+AD21/AC21 -> 1.0658333 | AF21: 0.16666667 | AG21: =IF(AC21=0," -",IF(AE21>100%,100%,AE21)) -> 1 | AH21: =+J21+X21+AD21 -> 5220 | AI21: =+AH21/H21 -> 0.87 | AJ21: =IF(H21=0," -",IF(AI21>100%,100%,AI21)) -> 0.87
AH22: =+J22+X22+AD22 -> 0 | AI22: =+AH22/H22 -> #DIV/0! | AJ22: =+AH22/H22 -> #DIV/0!
C23: EMPLEABILIDAD, EMPLEO Y TRABAJO DECENTE | D23: EMPLEO Y EMPLEABILIDAD | E23: 43831 | F23: 44196 | G23: =+'PA 2022'!E16 -> Registrar 5.000 hojas de vida para facilitar el proceso de inserción en el mercado laboral identificando habilidades, destrezas y que competencias para el trabajo. | H23: 5000 | I23: 1000 | J23: 1956 | K23: =+J23/I23 -> 1.956 | L23: =DAYS360(E23,$C$10)/DAYS360(E23,F23) -> 1 | M23: =IF(I23=0," -",IF(K23>100%,100%,K23)) -> 1 | N23: 1200 | O23: 573 | P23: =+O23/N23 -> 0.4775 | Q23: =+(3*100%)/12 -> 0.25 | R23: =IF(N23=0," -",IF(P23>100%,100%,P23)) -> 0.4775 | S23: 1200 | T23: 1946 | U23: 0.5 | V23: 1 | W23: 1200 | X23: 3996 | Y23: =+X23/W23 -> 3.33 | Z23: 1 | AA23: =IF(W23=0," -",IF(Y23>100%,100%,Y23)) -> 1 | AB23: =(J23+O23)/H23 -> 0.5058 | AC23: 1300 | AD23: =+'PA 2022'!M16 -> 5600 | AE23: =+AD23/AC23 -> 4.3076923 | AF23: 0.16666667 | AG23: =IF(AC23=0," -",IF(AE23>100%,100%,AE23)) -> 1 | AH23: =+J23+X23+AD23 -> 11552 | AI23: =+AH23/H23 -> 2.3104 | AJ23: =IF(H23=0," -",IF(AI23>100%,100%,AI23)) -> 1
E24: 43831 | F24: 44196 | G24: =+'PA 2022'!E17 -> Formar 3.000 jóvenes y adultos en competencias personales y/o técnicas para el trabajo con el fin de facilitar su inserción en el mercado laboral. | H24: 3000 | I24: 600 | J24: 1335 | K24: =+J24/I24 -> 2.225 | L24: =DAYS360(E24,$C$10)/DAYS360(E24,F24) -> 1 | M24: =IF(I24=0," -",IF(K24>100%,100%,K24)) -> 1 | N24: 700 | O24: 180 | P24: =+O24/N24 -> 0.25714286 | Q24: =+(3*100%)/12 -> 0.25 | R24: =IF(N24=0," -",IF(P24>100%,100%,P24)) -> 0.25714286 | S24: 700 | T24: 1220 | U24: 0.5 | V24: 1 | W24: 700 | X24: 2960 | Y24: =+X24/W24 -> 4.2285714 | Z24: 1 | AA24: =IF(W24=0," -",IF(Y24>100%,100%,Y24)) -> 1 | AB24: =(J24+O24)/H24 -> 0.505 | AC24: 800 | AD24: =+'PA 2022'!M17 -> 3032 | AE24: =+AD24/AC24 -> 3.79 | AF24: 0.16666667 | AG24: =IF(AC24=0," -",IF(AE24>100%,100%,AE24)) -> 1 | AH24: =+J24+X24+AD24 -> 7327 | AI24: =+AH24/H24 -> 2.4423333 | AJ24: =IF(H24=0," -",IF(AI24>100%,100%,AI24)) -> 1
E25: 43831 | F25: 44196 | G25: =+'PA 2022'!E18 -> Acompañar a 1.500 empresas en el fomento de una cultura del empleo y trabajo decente para capturar vacantes que permitan realizar la intermediación laboral. | H25: 1500 | I25: 330 | J25: =368+32 -> 400 | K25: =+J25/I25 -> 1.2121212 | L25: =DAYS360(E25,$C$10)/DAYS360(E25,F25) -> 1 | M25: =IF(I25=0," -",IF(K25>100%,100%,K25)) -> 1 | N25: 370 | O25: 70 | P25: =+O25/N25 -> 0.18918919 | Q25: =+(3*100%)/12 -> 0.25 | R25: =IF(N25=0," -",IF(P25>100%,100%,P25)) -> 0.18918919 | S25: 370 | T25: 332 | U25: 0.5 | V25: 0.8972973 | W25: 370 | X25: 1056 | Y25: =+X25/W25 -> 2.8540541 | Z25: 1 | AA25: =IF(W25=0," -",IF(Y25>100%,100%,Y25)) -> 1 | AB25: =(J25+O25)/H25 -> 0.31333333 | AC25: 390 | AD25: =+'PA 2022'!M18 -> 805 | AE25: =+AD25/AC25 -> 2.0641026 | AF25: 0.16666667 | AG25: =IF(AC25=0," -",IF(AE25>100%,100%,AE25)) -> 1 | AH25: =+J25+X25+AD25 -> 2261 | AI25: =+AH25/H25 -> 1.5073333 | AJ25: =IF(H25=0," -",IF(AI25>100%,100%,AI25)) -> 1
AH26: =+J26+X26+AD26 -> 0 | AI26: =+AH26/H26 -> #DIV/0!
B27: 5. BUCARAMANGA TERRITORIO LIBRE DE CORRUPCIÓN: INSTITUCIONES SÓLIDAS Y CONFIABLES | C27: ADMINISTRACIÓN PÚBLICA MODERNA E INNOVADORA | D27: GOBIERNO FORTALECIDO PARA SER Y HACER | E27: 43831 | F27: 44196 | G27: =+'PA 2022'!E19 -> Mantener en funcionamiento el 100% de los programas del Instituto Municipal del Empleo. | H27: 1 | I27: 1 | J27: 1 | K27: =+J27/I27 -> 1 | L27: =DAYS360(E27,$C$10)/DAYS360(E27,F27) -> 1 | M27: =IF(I27=0," -",IF(K27>100%,100%,K27)) -> 1 | N27: 1 | O27: 1 | P27: =+O27/N27 -> 1 | Q27: 0.25 | R27: =IF(N27=0," -",IF(P27>100%,100%,P27)) -> 1 | S27: 1 | T27: 1 | U27: 0.5 | V27: 1 | W27: 1 | X27: 1 | Y27: =+X27/W27 -> 1 | Z27: 1 | AA27: =IF(W27=0," -",IF(Y27>100%,100%,Y27)) -> 1 | AB27: 1 | AC27: 1 | AD27: 1 | AE27: =+AD27/AC27 -> 1 | AF27: 0.16666667 | AG27: =IF(AC27=0," -",IF(AE27>100%,100%,AE27)) -> 1 | AH27: 1 | AI27: =+AH27/H27 -> 1 | AJ27: =IF(H27=0," -",IF(AI27>100%,100%,AI27)) -> 1
L28: =+AVERAGE(L15:L21,L23:L25,L27) -> 1 | M28: =+AVERAGE(M15:M21,M23:M25,M27) -> 0.90909091 | AA28: =+AVERAGE(AA15:AA21,AA23:AA25,AA27) -> 0.94454545 | AG28: =+AVERAGE(AG15:AG27) -> 0.99465909 | AJ28: =+AVERAGE(AJ15,AJ16,AJ17,AJ18,AJ19,AJ20,AJ21,AJ23,AJ24,AJ25,AJ27) -> 0.84439091
D29: Metas de resultado pendiente medir
AG30: =+AVERAGE(AG15,AG16,AG17,AG18,AG19,AG20,AG21,AG23,AG24,AG25,AG27) -> 0.99465909

Sheet Gastos_Feb
A1: INSTITUTO MUNICIPAL DE EMPLEO Y FOMENTO EMPRESARIAL - IMEBU
A2: NIT: 00804014968 - 1
A3: EJECUCION PRESUPUESTAL DE GASTOS
A4: Periodo comprendido entre 01-01-2022 y 28-02-2022
A5: Fecha de Impresión: 01.03.2022 Hora: 03:32:pm
A6: Impreso por: JENNIFER - JENNIFER MONTES GARCIA | N6: PRESUPUESTO DEFINITIVO | Q6: CDP | V6: RP
A7: Codigo de Control | B7: Rubro Presupuestal | C7: Unidad Ejecutora | D7: Descripción | E7: Proyecto | F7: Fuente | G7: Presupuesto Inicial | H7: Adiciones | I7: Aplazamientos | J7: Desaplazamiento | K7: Reducciones | L7: Créditos | M7: Contracréditos | N7: Presupuesto Definitivo | O7: Cdps Mes Anterior | P7: Cdps Mes Actual | Q7: Total Ejecutado Segun Cdps | R7: Cdps Vigencia Futura | S7: Saldo por Ejecutar | T7: Compromisos Mes Anterior | U7: Total Compromisos mes Actual | V7: Total Compromisos | W7: Saldo por Comprometer | X7: Total Obligaciones | Y7: Pagos Mes Anterior | Z7: Total Pagos Periodo | AA7: Total Pagos | AB7: Saldo por Pagar
B8: 2 | C8: IMEB | D8: Gastos | G8: 5040000000 | H8: 0 | I8: 0 | J8: 0 | K8: 0 | L8: 0 | M8: 0 | N8: 5040000000 | O8: 0 | P8: 2886935798 | Q8: 2886935798 | R8: 0 | S8: 2153064202 | T8: 0 | U8: 2860274793 | V8: 2860274793 | W8: 2179725207 | X8: 417051050 | Y8: 0 | Z8: 280962787 | AA8: 280962787 | AB8: 2579312006
B9: 2.1 | C9: IMEB | D9: Funcionamiento | G9: 2332862428 | H9: 0 | I9: 0 | J9: 0 | K9: 0 | L9: 0 | M9: 0 | N9: 2332862428 | O9: 0 | P9: 684195319 | Q9: 684195319 | R9: 0 | S9: 1648667109 | T9: 0 | U9: 664367848 | V9: 664367848 | W9: 1668494580 | X9: 267759354 | Y9: 0 | Z9: 175308509 | AA9: 175308509 | AB9: 489059339
B10: 2.1.1 | C10: IMEB | D10: Gastos de personal | G10: 1388561517 | H10: 0 | I10: 0 | J10: 0 | K10: 0 | L10: 0 | M10: 0 | N10: 1388561517 | O10: 0 | P10: 163004205 | Q10: 163004205 | R10: 0 | S10: 1225557312 | T10: 0 | U10: 163004205 | V10: 163004205 | W10: 1225557312 | X10: 162890645 | Y10: 0 | Z10: 144262245 | AA10: 144262245 | AB10: 18741960
B11: 2.1.1.01 | C11: IMEB | D11: Planta de personal permanente | G11: 1388561517 | H11: 0 | I11: 0 | J11: 0 | K11: 0 | L11: 0 | M11: 0 | N11: 1388561517 | O11: 0 | P11: 163004205 | Q11: 163004205 | R11: 0 | S11: 1225557312 | T11: 0 | U11: 163004205 | V11: 163004205 | W11: 1225557312 | X11: 162890645 | Y11: 0 | Z11: 144262245 | AA11: 144262245 | AB11: 18741960
B12: 2.1.1.01.01 | C12: IMEB | D12: Factores constitutivos de salario | G12: 986057546 | H12: 0 | I12: 0 | J12: 0 | K12: 0 | L12: 0 | M12: 0 | N12: 986057546 | O12: 0 | P12: 122673477 | Q12: 122673477 | R12: 0 | S12: 863384069 | T12: 0 | U12: 122673477 | V12: 122673477 | W12: 863384069 | X12: 122673477 | Y12: 0 | Z12: 122673477 | AA12: 122673477 | AB12: 0
B13: 2.1.1.01.01.001 | C13: IMEB | D13: Factores salariales comunes | G13: 976294600 | H13: 0 | I13: 0 | J13: 0 | K13: 0 | L13: 0 | M13: 0 | N13: 976294600 | O13: 0 | P13: 122657589 | Q13: 122657589 | R13: 0 | S13: 853637011 | T13: 0 | U13: 122657589 | V13: 122657589 | W13: 853637011 | X13: 122657589 | Y13: 0 | Z13: 122657589 | AA13: 122657589 | AB13: 0
A14: 220001 | B14: 2.1.1.01.01.001.01 | C14: IMEB | D14: Sueldo básico | F14: 1.2.1.0.0 | G14: 775965124 | H14: 0 | I14: 0 | J14: 0 | K14: 0 | L14: 0 | M14: 0 | N14: 775965124 | O14: 0 | P14: 119745248 | Q14: 119745248 | R14: 0 | S14: 656219876 | T14: 0 | U14: 119745248 | V14: 119745248 | W14: 656219876 | X14: 119745248 | Y14: 0 | Z14: 119745248 | AA14: 119745248 | AB14: 0
A15: 220002 | B15: 2.1.1.01.01.001.06 | C15: IMEB | D15: Prima de servicios | F15: 1.2.1.0.0 | G15: 66549782 | H15: 0 | I15: 0 | J15: 0 | K15: 0 | L15: 0 | M15: 0 | N15: 66549782 | O15: 0 | P15: 119756 | Q15: 119756 | R15: 0 | S15: 66430026 | T15: 0 | U15: 119756 | V15: 119756 | W15: 66430026 | X15: 119756 | Y15: 0 | Z15: 119756 | AA15: 119756 | AB15: 0
A16: 220003 | B16: 2.1.1.01.01.001.07 | C16: IMEB | D16: Bonificación por servicios prestados | F16: 1.2.1.0.0 | G16: 22632315 | H16: 0 | I16: 0 | J16: 0 | K16: 0 | L16: 0 | M16: 0 | N16: 22632315 | O16: 0 | P16: 1062316 | Q16: 1062316 | R16: 0 | S16: 21569999 | T16: 0 | U16: 1062316 | V16: 1062316 | W16: 21569999 | X16: 1062316 | Y16: 0 | Z16: 1062316 | AA16: 1062316 | AB16: 0
B17: 2.1.1.01.01.001.08 | C17: IMEB | D17: Prestaciones sociales | G17: 111147379 | H17: 0 | I17: 0 | J17: 0 | K17: 0 | L17: 0 | M17: 0 | N17: 111147379 | O17: 0 | P17: 1730269 | Q17: 1730269 | R17: 0 | S17: 109417110 | T17: 0 | U17: 1730269 | V17: 1730269 | W17: 109417110 | X17: 1730269 | Y17: 0 | Z17: 1730269 | AA17: 1730269 | AB17: 0
A18: 220004 | B18: 2.1.1.01.01.001.08.01 | C18: IMEB | D18: Prima de navidad | F18: 1.2.1.0.0 | G18: 75099581 | H18: 0 | I18: 0 | J18: 0 | K18: 0 | L18: 0 | M18: 0 | N18: 75099581 | O18: 0 | P18: 127275 | Q18: 127275 | R18: 0 | S18: 74972306 | T18: 0 | U18: 127275 | V18: 127275 | W18: 74972306 | X18: 127275 | Y18: 0 | Z18: 127275 | AA18: 127275 | AB18: 0
A19: 220005 | B19: 2.1.1.01.01.001.08.02 | C19: IMEB | D19: Prima de vacaciones | F19: 1.2.1.0.0 | G19: 36047798 | H19: 0 | I19: 0 | J19: 0 | K19: 0 | L19: 0 | M19: 0 | N19: 36047798 | O19: 0 | P19: 1602994 | Q19: 1602994 | R19: 0 | S19: 34444804 | T19: 0 | U19: 1602994 | V19: 1602994 | W19: 34444804 | X19: 1602994 | Y19: 0 | Z19: 1602994 | AA19: 1602994 | AB19: 0
A20: 220006 | B20: 2.1.1.01.01.002 | C20: IMEB | D20: Factores salariales especiales | F20: 1.2.1.0.0 | G20: 9762946 | H20: 0 | I20: 0 | J20: 0 | K20: 0 | L20: 0 | M20: 0 | N20: 9762946 | O20: 0 | P20: 15888 | Q20: 15888 | R20: 0 | S20: 9747058 | T20: 0 | U20: 15888 | V20: 15888 | W20: 9747058 | X20: 15888 | Y20: 0 | Z20: 15888 | AA20: 15888 | AB20: 0
B21: 2.1.1.01.02 | C21: IMEB | D21: Contribuciones inherentes a la nómina | G21: 335322951 | H21: 0 | I21: 0 | J21: 0 | K21: 0 | L21: 0 | M21: 0 | N21: 335322951 | O21: 0 | P21: 37991057 | Q21: 37991057 | R21: 0 | S21: 297331894 | T21: 0 | U21: 37991057 | V21: 37991057 | W21: 297331894 | X21: 37877497 | Y21: 0 | Z21: 19249097 | AA21: 19249097 | AB21: 18741960
A22: 220007 | B22: 2.1.1.01.02.001 | C22: IMEB | D22: Aportes a la seguridad social en pensiones | F22: 1.2.1.0.0 | G22: 95788061 | H22: 0 | I22: 0 | J22: 0 | K22: 0 | L22: 0 | M22: 0 | N22: 95788061 | O22: 0 | P22: 14977800 | Q22: 14977800 | R22: 0 | S22: 80810261 | T22: 0 | U22: 14977800 | V22: 14977800 | W22: 80810261 | X22: 14977800 | Y22: 0 | Z22: 7516200 | AA22: 7516200 | AB22: 7461600
A23: 220008 | B23: 2.1.1.01.02.002 | C23: IMEB | D23: Aportes a la seguridad social en salud | F23: 1.2.1.0.0 | G23: 67849877 | H23: 0 | I23: 0 | J23: 0 | K23: 0 | L23: 0 | M23: 0 | N23: 67849877 | O23: 0 | P23: 10608800 | Q23: 10608800 | R23: 0 | S23: 57241077 | T23: 0 | U23: 10608800 | V23: 10608800 | W23: 57241077 | X23: 10608800 | Y23: 0 | Z23: 5323700 | AA23: 5323700 | AB23: 5285100
A24: 220009 | B24: 2.1.1.01.02.003 | C24: IMEB | D24: Aportes de cesantías | F24: 1.2.1.0.0 | G24: 81357880 | H24: 0 | I24: 0 | J24: 0 | K24: 0 | L24: 0 | M24: 0 | N24: 81357880 | O24: 0 | P24: 132397 | Q24: 132397 | R24: 0 | S24: 81225483 | T24: 0 | U24: 132397 | V24: 132397 | W24: 81225483 | X24: 132397 | Y24: 0 | Z24: 132397 | AA24: 132397 | AB24: 0
A25: 220010 | B25: 2.1.1.01.02.004 | C25: IMEB | D25: Aportes a cajas de compensación familiar | F25: 1.2.1.0.0 | G25: 38048157 | H25: 0 | I25: 0 | J25: 0 | K25: 0 | L25: 0 | M25: 0 | N25: 38048157 | O25: 0 | P25: 5147800 | Q25: 5147800 | R25: 0 | S25: 32900357 | T25: 0 | U25: 5147800 | V25: 5147800 | W25: 32900357 | X25: 5147800 | Y25: 0 | Z25: 2660200 | AA25: 2660200 | AB25: 2487600
A26: 220011 | B26: 2.1.1.01.02.005 | C26: IMEB | D26: Aportes generales al sistema de riesgos laborales | F26: 1.2.1.0.0 | G26: 4718781 | H26: 0 | I26: 0 | J26: 0 | K26: 0 | L26: 0 | M26: 0 | N26: 4718781 | O26: 0 | P26: 687860 | Q26: 687860 | R26: 0 | S26: 4030921 | T26: 0 | U26: 687860 | V26: 687860 | W26: 4030921 | X26: 574300 | Y26: 0 | Z26: 290500 | AA26: 290500 | AB26: 397360
A27: 220012 | B27: 2.1.1.01.02.006 | C27: IMEB | D27: Aportes al ICBF | F27: 1.2.1.0.0 | G27: 28536117 | H27: 0 | I27: 0 | J27: 0 | K27: 0 | L27: 0 | M27: 0 | N27: 28536117 | O27: 0 | P27: 3861700 | Q27: 3861700 | R27: 0 | S27: 24674417 | T27: 0 | U27: 3861700 | V27: 3861700 | W27: 24674417 | X27: 3861700 | Y27: 0 | Z27: 1995600 | AA27: 1995600 | AB27: 1866100
A28: 220013 | B28: 2.1.1.01.02.007 | C28: IMEB | D28: Aportes al SENA | F28: 1.2.1.0.0 | G28: 19024078 | H28: 0 | I28: 0 | J28: 0 | K28: 0 | L28: 0 | M28: 0 | N28: 19024078 | O28: 0 | P28: 2574700 | Q28: 2574700 | R28: 0 | S28: 16449378 | T28: 0 | U28: 2574700 | V28: 2574700 | W28: 16449378 | X28: 2574700 | Y28: 0 | Z28: 1330500 | AA28: 1330500 | AB28: 1244200
B29: 2.1.1.01.03 | C29: IMEB | D29: Remuneraciones no constitutivas de factor salarial | G29: 67181020 | H29: 0 | I29: 0 | J29: 0 | K29: 0 | L29: 0 | M29: 0 | N29: 67181020 | O29: 0 | P29: 2339671 | Q29: 2339671 | R29: 0 | S29: 64841349 | T29: 0 | U29: 2339671 | V29: 2339671 | W29: 64841349 | X29: 2339671 | Y29: 0 | Z29: 2339671 | AA29: 2339671 | AB29: 0
B30: 2.1.1.01.03.001 | C30: IMEB | D30: Prestaciones sociales | G30: 67181020 | H30: 0 | I30: 0 | J30: 0 | K30: 0 | L30: 0 | M30: 0 | N30: 67181020 | O30: 0 | P30: 2339671 | Q30: 2339671 | R30: 0 | S30: 64841349 | T30: 0 | U30: 2339671 | V30: 2339671 | W30: 64841349 | X30: 2339671 | Y30: 0 | Z30: 2339671 | AA30: 2339671 | AB30: 0
A31: 220014 | B31: 2.1.1.01.03.001.01 | C31: IMEB | D31: Vacaciones | F31: 1.2.1.0.0 | G31: 52870104 | H31: 0 | I31: 0 | J31: 0 | K31: 0 | L31: 0 | M31: 0 | N31: 52870104 | O31: 0 | P31: 2137325 | Q31: 2137325 | R31: 0 | S31: 50732779 | T31: 0 | U31: 2137325 | V31: 2137325 | W31: 50732779 | X31: 2137325 | Y31: 0 | Z31: 2137325 | AA31: 2137325 | AB31: 0
A32: 220015 | B32: 2.1.1.01.03.001.02 | C32: IMEB | D32: Indemnización por vacaciones | F32: 1.3.2.3.05 | G32: 10000000 | H32: 0 | I32: 0 | J32: 0 | K32: 0 | L32: 0 | M32: 0 | N32: 10000000 | O32: 0 | P32: 0 | Q32: 0 | R32: 0 | S32: 10000000 | T32: 0 | U32: 0 | V32: 0 | W32: 10000000 | X32: 0 | Y32: 0 | Z32: 0 | AA32: 0 | AB32: 0
A33: 220016 | B33: 2.1.1.01.03.001.03 | C33: IMEB | D33: Bonificacion especial de recreación | F33: 1.2.1.0.0 | G33: 4310916 | H33: 0 | I33: 0 | J33: 0 | K33: 0 | L33: 0 | M33: 0 | N33: 4310916 | O33: 0 | P33: 202346 | Q33: 202346 | R33: 0 | S33: 4108570 | T33: 0 | U33: 202346 | V33: 202346 | W33: 4108570 | X33: 202346 | Y33: 0 | Z33: 202346 | AA33: 202346 | AB33: 0
B34: 2.1.2 | C34: IMEB | D34: Adquisición de bienes y servicios | G34: 788491311 | H34: 0 | I34: 0 | J34: 0 | K34: 0 | L34: 0 | M34: 0 | N34: 788491311 | O34: 0 | P34: 505191114 | Q34: 505191114 | R34: 0 | S34: 283300197 | T34: 0 | U34: 485363643 | V34: 485363643 | W34: 303127668 | X34: 101212643 | Y34: 0 | Z34: 27390198 | AA34: 27390198 | AB34: 457973445
B35: 2.1.2.02 | C35: IMEB | D35: Adquisiciones diferentes de activos | G35: 788491311 | H35: 0 | I35: 0 | J35: 0 | K35: 0 | L35: 0 | M35: 0 | N35: 788491311 | O35: 0 | P35: 505191114 | Q35: 505191114 | R35: 0 | S35: 283300197 | T35: 0 | U35: 485363643 | V35: 485363643 | W35: 303127668 | X35: 101212643 | Y35: 0 | Z35: 27390198 | AA35: 27390198 | AB35: 457973445
B36: 2.1.2.02.01 | C36: IMEB | D36: Materiales y suministros | G36: 82118061 | H36: 0 | I36: 0 | J36: 0 | K36: 0 | L36: 0 | M36: 0 | N36: 82118061 | O36: 0 | P36: 23127471 | Q36: 23127471 | R36: 0 | S36: 58990590 | T36: 0 | U36: 3300000 | V36: 3300000 | W36: 78818061 | X36: 275000 | Y36: 0 | Z36: 275000 | AA36: 275000 | AB36: 3025000
A37: 220017 | B37: 2.1.2.02.01.002 | C37: IMEB | D37: Productos alimenticios, bebidas y tabaco; textiles, prendas de vestir y productos de cuero | F37: 1.2.1.0.0 | G37: 13118061 | H37: 0 | I37: 0 | J37: 0 | K37: 0 | L37: 0 | M37: 0 | N37: 13118061 | O37: 0 | P37: 3300000 | Q37: 3300000 | R37: 0 | S37: 9818061 | T37: 0 | U37: 3300000 | V37: 3300000 | W37: 9818061 | X37: 275000 | Y37: 0 | Z37: 275000 | AA37: 275000 | AB37: 3025000
A38: 220018 | B38: 2.1.2.02.01.003 | C38: IMEB | D38: Otros bienes transportables (excepto productos metálicos, maquinaria y equipo) | F38: 1.2.1.0.0 | G38: 39000000 | H38: 0 | I38: 0 | J38: 0 | K38: 0 | L38: 0 | M38: 0 | N38: 39000000 | O38: 0 | P38: 19827471 | Q38: 19827471 | R38: 0 | S38: 19172529 | T38: 0 | U38: 0 | V38: 0 | W38: 39000000 | X38: 0 | Y38: 0 | Z38: 0 | AA38: 0 | AB38: 0
A39: 220019 | B39: 2.1.2.02.01.004 | C39: IMEB | D39: Productos metalicos y paquetes de software | F39: 1.2.1.0.0 | G39: 30000000 | H39: 0 | I39: 0 | J39: 0 | K39: 0 | L39: 0 | M39: 0 | N39: 30000000 | O39: 0 | P39: 0 | Q39: 0 | R39: 0 | S39: 30000000 | T39: 0 | U39: 0 | V39: 0 | W39: 30000000 | X39: 0 | Y39: 0 | Z39: 0 | AA39: 0 | AB39: 0
B40: 2.1.2.02.02 | C40: IMEB | D40: Adquisición de servicios | G40: 706373250 | H40: 0 | I40: 0 | J40: 0 | K40: 0 | L40: 0 | M40: 0 | N40: 706373250 | O40: 0 | P40: 482063643 | Q40: 482063643 | R40: 0 | S40: 224309607 | T40: 0 | U40: 482063643 | V40: 482063643 | W40: 224309607 | X40: 100937643 | Y40: 0 | Z40: 27115198 | AA40: 27115198 | AB40: 454948445
A41: 220020 | B41: 2.1.2.02.02.006 | C41: IMEB | D41: Servicios de alojamiento; servicios de suministro de comidas y bebidas; servicios de transporte; y servicios de distribución de electricidad, gas y agua | F41: 1.2.1.0.0 | G41: 2476902 | H41: 0 | I41: 0 | J41: 0 | K41: 0 | L41: 0 | M41: 0 | N41: 2476902 | O41: 0 | P41: 2200000 | Q41: 2200000 | R41: 0 | S41: 276902 | T41: 0 | U41: 2200000 | V41: 2200000 | W41: 276902 | X41: 183333 | Y41: 0 | Z41: 183333 | AA41: 183333 | AB41: 2016667
A42: 220021 | B42: 2.1.2.02.02.007 | C42: IMEB | D42: Servicios financieros y servicios conexos, servicios inmobiliarios y servicios de leasing | F42: 1.2.1.0.0 | G42: 357179873 | H42: 0 | I42: 0 | J42: 0 | K42: 0 | L42: 0 | M42: 0 | N42: 357179873 | O42: 0 | P42: 297631769 | Q42: 297631769 | R42: 0 | S42: 59548104 | T42: 0 | U42: 297631769 | V42: 297631769 | W42: 59548104 | X42: 76164436 | Y42: 0 | Z42: 2341991 | AA42: 2341991 | AB42: 295289778
A43: 220022 | B43: 2.1.2.02.02.008 | C43: IMEB | D43: Servicios prestados a las empresas y servicios de producción | F43: 1.2.1.0.0 | G43: 74316475 | H43: 0 | I43: 0 | J43: 0 | K43: 0 | L43: 0 | M43: 0 | N43: 74316475 | O43: 0 | P43: 8231874 | Q43: 8231874 | R43: 0 | S43: 66084601 | T43: 0 | U43: 8231874 | V43: 8231874 | W43: 66084601 | X43: 3190208 | Y43: 0 | Z43: 3190208 | AA43: 3190208 | AB43: 5041666
A44: 220023 | B44: 2.1.2.02.02.009 | C44: IMEB | D44: Servicios para la comunidad, sociales y personales | F44: 1.2.1.0.0 | G44: 272400000 | H44: 0 | I44: 0 | J44: 0 | K44: 0 | L44: 0 | M44: 0 | N44: 272400000 | O44: 0 | P44: 174000000 | Q44: 174000000 | R44: 0 | S44: 98400000 | T44: 0 | U44: 174000000 | V44: 174000000 | W44: 98400000 | X44: 21399666 | Y44: 0 | Z44: 21399666 | AA44: 21399666 | AB44: 152600334
B45: 2.1.3 | C45: IMEB | D45: Transferencias corrientes | G45: 139809600 | H45: 0 | I45: 0 | J45: 0 | K45: 0 | L45: 0 | M45: 0 | N45: 139809600 | O45: 0 | P45: 0 | Q45: 0 | R45: 0 | S45: 139809600 | T45: 0 | U45: 0 | V45: 0 | W45: 139809600 | X45: 0 | Y45: 0 | Z45: 0 | AA45: 0 | AB45: 0
B46: 2.1.3.13 | C46: IMEB | D46: Sentencias y Conciliaciones | G46: 139809600 | H46: 0 | I46: 0 | J46: 0 | K46: 0 | L46: 0 | M46: 0 | N46: 139809600 | O46: 0 | P46: 0 | Q46: 0 | R46: 0 | S46: 139809600 | T46: 0 | U46: 0 | V46: 0 | W46: 139809600 | X46: 0 | Y46: 0 | Z46: 0 | AA46: 0 | AB46: 0
B47: 2.1.3.13.01 | C47: IMEB | D47: Fallos nacionales | G47: 139809600 | H47: 0 | I47: 0 | J47: 0 | K47: 0 | L47: 0 | M47: 0 | N47: 139809600 | O47: 0 | P47: 0 | Q47: 0 | R47: 0 | S47: 139809600 | T47: 0 | U47: 0 | V47: 0 | W47: 139809600 | X47: 0 | Y47: 0 | Z47: 0 | AA47: 0 | AB47: 0
A48: 220024 | B48: 2.1.3.13.01.001 | C48: IMEB | D48: Sentencias | F48: 1.2.1.0.0 | G48: 119809609 | H48: 0 | I48: 0 | J48: 0 | K48: 0 | L48: 0 | M48: 0 | N48: 119809609 | O48: 0 | P48: 0 | Q48: 0 | R48: 0 | S48: 119809609 | T48: 0 | U48: 0 | V48: 0 | W48: 119809609 | X48: 0 | Y48: 0 | Z48: 0 | AA48: 0 | AB48: 0
A49: 220025 | B49: 2.1.3.13.01.001 | C49: IMEB | D49: Sentencias | F49: 1.3.2.3.05 | G49: 19999991 | H49: 0 | I49: 0 | J49: 0 | K49: 0 | L49: 0 | M49: 0 | N49: 19999991 | O49: 0 | P49: 0 | Q49: 0 | R49: 0 | S49: 19999991 | T49: 0 | U49: 0 | V49: 0 | W49: 19999991 | X49: 0 | Y49: 0 | Z49: 0 | AA49: 0 | AB49: 0
B50: 2.1.8 | C50: IMEB | D50: Gastos por tributos, multas, sanciones e intereses de mora | G50: 16000000 | H50: 0 | I50: 0 | J50: 0 | K50: 0 | L50: 0 | M50: 0 | N50: 16000000 | O50: 0 | P50: 16000000 | Q50: 16000000 | R50: 0 | S50: 0 | T50: 0 | U50: 16000000 | V50: 16000000 | W50: 0 | X50: 3656066 | Y50: 0 | Z50: 3656066 | AA50: 3656066 | AB50: 12343934
B51: 2.1.8.04 | C51: IMEB | D51: Contribuciones | G51: 16000000 | H51: 0 | I51: 0 | J51: 0 | K51: 0 | L51: 0 | M51: 0 | N51: 16000000 | O51: 0 | P51: 16000000 | Q51: 16000000 | R51: 0 | S51: 0 | T51: 0 | U51: 16000000 | V51: 16000000 | W51: 0 | X51: 3656066 | Y51: 0 | Z51: 3656066 | AA51: 3656066 | AB51: 12343934
A52: 220026 | B52: 2.1.8.04.01 | C52: IMEB | D52: Cuota de fiscalización y auditaje | F52: 1.2.1.0.0 | G52: 16000000 | H52: 0 | I52: 0 | J52: 0 | K52: 0 | L52: 0 | M52: 0 | N52: 16000000 | O52: 0 | P52: 16000000 | Q52: 16000000 | R52: 0 | S52: 0 | T52: 0 | U52: 16000000 | V52: 16000000 | W52: 0 | X52: 3656066 | Y52: 0 | Z52: 3656066 | AA52: 3656066 | AB52: 12343934
B53: 2.3 | C53: IMEB | D53: Inversión | G53: 2707137572 | H53: 0 | I53: 0 | J53: 0 | K53: 0 | L53: 0 | M53: 0 | N53: 2707137572 | O53: 0 | P53: 2202740479 | Q53: 2202740479 | R53: 0 | S53: 504397093 | T53: 0 | U53: 2195906945 | V53: 2195906945 | W53: 511230627 | X53: 149291696 | Y53: 0 | Z53: 105654278 | AA53: 105654278 | AB53: 2090252667
B54: 2.3.2 | C54: IMEB | D54: Adquisicion de bienes y servicios | G54: 2707137572 | H54: 0 | I54: 0 | J54: 0 | K54: 0 | L54: 0 | M54: 0 | N54: 2707137572 | O54: 0 | P54: 2202740479 | Q54: 2202740479 | R54: 0 | S54: 504397093 | T54: 0 | U54: 2195906945 | V54: 2195906945 | W54: 511230627 | X54: 149291696 | Y54: 0 | Z54: 105654278 | AA54: 105654278 | AB54: 2090252667
B55: 2.3.2.02.02 | C55: IMEB | D55: Adquisición de servicios | G55: 2707137572 | H55: 0 | I55: 0 | J55: 0 | K55: 0 | L55: 0 | M55: 0 | N55: 2707137572 | O55: 0 | P55: 2202740479 | Q55: 2202740479 | R55: 0 | S55: 504397093 | T55: 0 | U55: 2195906945 | V55: 2195906945 | W55: 511230627 | X55: 149291696 | Y55: 0 | Z55: 105654278 | AA55: 105654278 | AB55: 2090252667
A56: 220027 | B56: 2.3.2.02.02.006 | C56: IMEB | D56: Servicios de alojamiento; servicios de suministro de comidas y bebidas; servicios de transporte; y servicios de distribución de electricidad, gas y agua-CDE | E56: CDE | F56: 1.2.1.0.0 | G56: 62800427 | H56: 0 | I56: 0 | J56: 0 | K56: 0 | L56: 0 | M56: 0 | N56: 62800427 | O56: 0 | P56: 27806569 | Q56: 27806569 | R56: 0 | S56: 34993858 | T56: 0 | U56: 26973235 | V56: 26973235 | W56: 35827192 | X56: 36569 | Y56: 0 | Z56: 36569 | AA56: 36569 | AB56: 26936666
A57: 220028 | B57: 2.3.2.02.02.007 | C57: IMEB | D57: Servicios financieros y servicios conexos, servicios inmobiliarios y servicios de leasing-COWORKING | E57: COWORKING | F57: 1.2.1.0.0 | G57: 226483488 | H57: 0 | I57: 0 | J57: 0 | K57: 0 | L57: 0 | M57: 0 | N57: 226483488 | O57: 0 | P57: 153470341 | Q57: 153470341 | R57: 0 | S57: 73013147 | T57: 0 | U57: 153470341 | V57: 153470341 | W57: 73013147 | X57: 38367585 | Y57: 0 | Z57: 0 | AA57: 0 | AB57: 153470341
A58: 220029 | B58: 2.3.2.02.02.007 | C58: IMEB | D58: Servicios financieros y servicios conexos, servicios inmobiliarios y servicios de leasing-CDE | E58: CDE | F58: 1.2.1.0.0 | G58: 105125000 | H58: 0 | I58: 0 | J58: 0 | K58: 0 | L58: 0 | M58: 0 | N58: 105125000 | O58: 0 | P58: 97393750 | Q58: 97393750 | R58: 0 | S58: 7731250 | T58: 0 | U58: 91393550 | V58: 91393550 | W58: 13731450 | X58: 5763050 | Y58: 0 | Z58: 5763050 | AA58: 5763050 | AB58: 85630500
B59: 2.3.2.02.02.009 | C59: IMEB | D59: Servicios para la comunidad, sociales y personales | G59: 2312728657 | H59: 0 | I59: 0 | J59: 0 | K59: 0 | L59: 0 | M59: 0 | N59: 2312728657 | O59: 0 | P59: 1924069819 | Q59: 1924069819 | R59: 0 | S59: 388658838 | T59: 0 | U59: 1924069819 | V59: 1924069819 | W59: 388658838 | X59: 105124492 | Y59: 0 | Z59: 99854659 | AA59: 99854659 | AB59: 1824215160
A60: 220030 | B60: 2.3.2.02.02.009.01 | C60: IMEB | D60: Servicios para la comunidad, sociales y personales-BANCA | E60: BANCA | F60: 1.3.2.3.05 | G60: 10000009 | H60: 0 | I60: 0 | J60: 0 | K60: 0 | L60: 0 | M60: 0 | N60: 10000009 | O60: 0 | P60: 0 | Q60: 0 | R60: 0 | S60: 10000009 | T60: 0 | U60: 0 | V60: 0 | W60: 10000009 | X60: 0 | Y60: 0 | Z60: 0 | AA60: 0 | AB60: 0
A61: 220031 | B61: 2.3.2.02.02.009.02 | C61: IMEB | D61: Servicios para la comunidad, sociales y personales-BANCA | E61: BANCA | F61: 1.2.1.0.0 | G61: 20916668 | H61: 0 | I61: 0 | J61: 0 | K61: 0 | L61: 0 | M61: 0 | N61: 20916668 | O61: 0 | P61: 20000000 | Q61: 20000000 | R61: 0 | S61: 916668 | T61: 0 | U61: 20000000 | V61: 20000000 | W61: 916668 | X61: 3166666 | Y61: 0 | Z61: 3166666 | AA61: 3166666 | AB61: 16833334
A62: 220032 | B62: 2.3.2.02.02.009.03 | C62: IMEB | D62: Servicios para la comunidad, sociales y personales- CDE | E62: CDE | F62: 1.2.1.0.0 | G62: 1382074573 | H62: 0 | I62: 0 | J62: 0 | K62: 0 | L62: 0 | M62: 0 | N62: 1382074573 | O62: 0 | P62: 1091095277 | Q62: 1091095277 | R62: 0 | S62: 290979296 | T62: 0 | U62: 1091095277 | V62: 1091095277 | W62: 290979296 | X62: 43332330 | Y62: 0 | Z62: 38062497 | AA62: 38062497 | AB62: 1053032780
A63: 220033 | B63: 2.3.2.02.02.009.04 | C63: IMEB | D63: Servicios para la comunidad, sociales y personales -EMPLEO | E63: EMPLEO | F63: 1.2.1.0.0 | G63: 312133332 | H63: 0 | I63: 0 | J63: 0 | K63: 0 | L63: 0 | M63: 0 | N63: 312133332 | O63: 0 | P63: 230854542 | Q63: 230854542 | R63: 0 | S63: 81278790 | T63: 0 | U63: 230854542 | V63: 230854542 | W63: 81278790 | X63: 13064666 | Y63: 0 | Z63: 13064666 | AA63: 13064666 | AB63: 217789876
A64: 220034 | B64: 2.3.2.02.02.009.05 | C64: IMEB | D64: Servicios para la comunidad, sociales y personales-COWORKING | E64: COWORKING | F64: 1.2.1.0.0 | G64: 203516512 | H64: 0 | I64: 0 | J64: 0 | K64: 0 | L64: 0 | M64: 0 | N64: 203516512 | O64: 0 | P64: 198700000 | Q64: 198700000 | R64: 0 | S64: 4816512 | T64: 0 | U64: 198700000 | V64: 198700000 | W64: 4816512 | X64: 18179999 | Y64: 0 | Z64: 18179999 | AA64: 18179999 | AB64: 180520001
A65: 220035 | B65: 2.3.2.02.02.009.06 | C65: IMEB | D65: Servicios para la comunidad, sociales y personales-FORTALECIMIENTO | E65: FORTALECIMIENTO | F65: 1.2.1.0.0 | G65: 384087563 | H65: 0 | I65: 0 | J65: 0 | K65: 0 | L65: 0 | M65: 0 | N65: 384087563 | O65: 0 | P65: 383420000 | Q65: 383420000 | R65: 0 | S65: 667563 | T65: 0 | U65: 383420000 | V65: 383420000 | W65: 667563 | X65: 27380831 | Y65: 0 | Z65: 27380831 | AA65: 27380831 | AB65: 356039169
C68: PROYECTO | D68: CDE | N68: =+N56+N58+N62 -> 1550000000 | V68: =+V56+V58+V62 -> 1209462062
D69: COWORKING | N69: =+N57+N64 -> 430000000 | V69: =+V57+V64 -> 352170341
D70: BANCA | N70: =+N60+N61 -> 30916677 | V70: =+V60+V61 -> 20000000
D71: EMPLEO | N71: =+N63 -> 312133332 | V71: =+V63 -> 230854542
D72: FORTALECIMIENTO | N72: =+N65 -> 384087563 | V72: =+V65 -> 383420000

Sheet Gastos_Mar
A1: INSTITUTO MUNICIPAL DE EMPLEO Y FOMENTO EMPRESARIAL - IMEBU
A2: NIT: 00804014968 - 1
A3: EJECUCION PRESUPUESTAL DE GASTOS
A4: Periodo comprendido entre 01-01-2022 y 31-03-2022
A5: Fecha de Impresión: 04.04.2022 Hora: 09:13:am
A6: Impreso por: GUSTAVO - GUSTAVO RAMIREZ BONELLS | M6: PRESUPUESTO | P6: CDP | U6: RP | Z6: PAGOS
A7: Codigo de Control | B7: Rubro Presupuestal | C7: Unidad Ejecutora | D7: Descripción | E7: Fuente | F7: Presupuesto Inicial | G7: Adiciones | H7: Aplazamientos | I7: Desaplazamiento | J7: Reducciones | K7: Créditos | L7: Contracréditos | M7: Presupuesto Definitivo | N7: Cdps Mes Anterior | O7: Cdps Mes Actual | P7: Total Ejecutado Segun Cdps | Q7: Cdps Vigencia Futura | R7: Saldo por Ejecutar | S7: Compromisos Mes Anterior | T7: Total Compromisos mes Actual | U7: Total Compromisos | V7: Saldo por Comprometer | W7: Total Obligaciones | X7: Pagos Mes Anterior | Y7: Total Pagos Periodo | Z7: Total Pagos | AA7: Saldo por Pagar
B8: 2 | C8: IMEB | D8: Gastos | F8: 5040000000 | G8: 0 | H8: 0 | I8: 0 | J8: 0 | K8: 0 | L8: 0 | M8: 5040000000 | N8: 0 | O8: 3012299636 | P8: 3012299636 | Q8: 0 | R8: 2027700364 | S8: 0 | T8: 2985053546 | U8: 2985053546 | V8: 2054946454 | W8: 840989887 | X8: 0 | Y8: 757904263 | Z8: 757904263 | AA8: 2227149283
B9: 2.1 | C9: IMEB | D9: Funcionamiento | F9: 2332862428 | G9: 0 | H9: 0 | I9: 0 | J9: 0 | K9: 0 | L9: 0 | M9: 2332862428 | N9: 0 | O9: 803856436 | P9: 803856436 | Q9: 0 | R9: 1529005992 | S9: 0 | T9: 776610346 | U9: 776610346 | V9: 1556252082 | W9: 382138129 | X9: 0 | Y9: 299052505 | Z9: 299052505 | AA9: 477557841
B10: 2.1.1 | C10: IMEB | D10: Gastos de personal | F10: 1388561517 | G10: 0 | H10: 0 | I10: 0 | J10: 0 | K10: 0 | L10: 0 | M10: 1388561517 | N10: 0 | O10: 249978258 | P10: 249978258 | Q10: 0 | R10: 1138583259 | S10: 0 | T10: 249978258 | U10: 249978258 | V10: 1138583259 | W10: 249865178 | X10: 0 | Y10: 166779554 | Z10: 166779554 | AA10: 83198704
